Workbook
Name ENG_BI_CORE_LOCATION: "C:\Program Files (x86)\Sage Evolution\BIC\"
Name ENG_BI_EXE_FULL_PATH: "C:\Program Files (x86)\Sage Evolution\BIC\BICORE.EXE"
Name expenses: [1]Sheet2!$B$2:$B$18
Name Location: #REF!
Name overheads: [2]Sheet1!$B$1:$B$18
Name sortfield: [3]Sheet2!$D$3
Name StartDate: #REF!
Name SV_DBTYPE: "5"
Name SV_REPORT_CODE: "FX-Rates"
Name SV_REPORT_ID: "158"
Name SV_REPORT_NAME: "FX Rates"
Name SV_REPOSCODE: ""
Name SV_SOLUTION_ID: "33"
Name SV_TENANT_CODE: "SILVERLANDS RANCHING LIMITED"

Sheet Budget by Code
A1: ACCOUNTING CODES
C2: January | D2: February | E2: March | F2: April | G2: May | H2: June | I2: July | J2: August | K2: September | L2: October | M2: November | N2: December | O2: Total Average Monthly Cost | P2: % of Costs
C3: Budget | D3: Budget | E3: Budget | F3: Budget | G3: Budget | H3: Budget | I3: Budget | J3: Budget | K3: Budget | L3: Budget | M3: Budget | N3: Budget | U3: Consulting Fees | V3: 3
B5: Monthly LSU | C5: ='Stock Numbers'!J19 -> 98.7525 | D5: ='Stock Numbers'!J36 -> 98.505619 | E5: ='Stock Numbers'!J53 -> 98.259355 | F5: ='Stock Numbers'!J70 -> 98.013706 | G5: ='Stock Numbers'!J87 -> 88.168672 | H5: ='Stock Numbers'!J104 -> 87.94825 | I5: ='Stock Numbers'!J121 -> 109.83757 | J5: ='Stock Numbers'!J138 -> 98.562977 | K5: ='Stock Numbers'!J155 -> 89.816569 | L5: ='Stock Numbers'!J172 -> 94.508214 | M5: ='Stock Numbers'!J189 -> 99.18813 | N5: ='Stock Numbers'!J206 -> 96.856347
B6: Cost per LSU - Operating Costs | C6: =IFERROR(SUM(C28/$C$5),0) -> 0 | D6: =IFERROR(SUM(D28/$D$5),0) -> 0 | E6: =IFERROR(SUM(E28/$E$5),0) -> 0 | F6: =IFERROR(SUM(F28/$F$5),0) -> 0 | G6: =SUM(G28/$G$5) -> 7.0365129 | H6: =SUM(H28/$H$5) -> 0 | I6: =SUM(I28/$I$5) -> 0 | J6: =SUM(J28/$J$5) -> 4.4641509 | K6: =SUM(K28/$K$5) -> 6.3128664 | L6: =SUM(L28/$L$5) -> 0 | M6: =SUM(M28/$M$5) -> 0 | N6: =SUM(N28/$N$5) -> 6.0527784 | O6: =SUM(C6:N6)/12 -> 1.988859 | P6: =SUM(O6/$O$13) -> 0.05528509 | Q6: 1 | S6: =R6*12 -> 0
B7: Cost per LSU - Farm Costs | C7: =IFERROR(SUM(C34/$C$5),0) -> 16.646174 | D7: =IFERROR(SUM(D34/$D$5),0) -> 14.007587 | E7: =IFERROR(SUM(E34/$E$5),0) -> 12.144746 | F7: =IFERROR(SUM(F34/$F$5),0) -> 13.335453 | G7: =SUM(G34/$G$5) -> 13.141876 | H7: =SUM(H34/$H$5) -> 32.326903 | I7: =SUM(I34/$I$5) -> 16.939618 | J7: =SUM(J34/$J$5) -> 16.212817 | K7: =SUM(K34/$K$5) -> 27.606106 | L7: =SUM(L34/$L$5) -> 32.677379 | M7: =SUM(M34/$M$5) -> 31.358912 | N7: =SUM(N34/$N$5) -> 24.691465 | O7: =SUM(C7:N7)/COUNT(C7:N7) -> 20.924086 | P7: =SUM(O7/$O$13) -> 0.58163498 | R7: =SUM(O6:O8) -> 23.952458 | S7: =R7*12 -> 287.4295
B8: Cost per LSU - R & M | C8: =IFERROR(SUM(C69/$C$5),0) -> 1.0126326 | D8: =IFERROR(SUM(D69/$D$5),0) -> 1.0151705 | E8: =IFERROR(SUM(E69/$E$5),0) -> 1.0177148 | F8: =IFERROR(SUM(F69/$F$5),0) -> 1.0202655 | G8: =SUM(G69/$G$5) -> 1.1341897 | H8: =SUM(H69/$H$5) -> 1.1370323 | I8: =SUM(I69/$I$5) -> 0.91043529 | J8: =SUM(J69/$J$5) -> 1.0145797 | K8: =SUM(K69/$K$5) -> 1.1133803 | L8: =SUM(L69/$L$5) -> 1.0581091 | M8: =SUM(M69/$M$5) -> 1.0081851 | N8: =SUM(N69/$N$5) -> 1.0324569 | O8: =SUM(C8:N8)/COUNT(C8:N8) -> 1.0395127 | P8: =SUM(O8/$O$13) -> 0.028895738 | S8: =R8*12 -> 0
B9: Cost per LSU - Infrastructure Development | C9: =IFERROR(SUM(C78/$C$5),0) -> 0 | D9: =IFERROR(SUM(D78/$D$5),0) -> 0 | E9: =IFERROR(SUM(E78/$E$5),0) -> 0 | F9: =IFERROR(SUM(F78/$F$5),0) -> 0 | G9: =SUM(G78/$G$5) -> 0 | H9: =SUM(H78/$H$5) -> 0 | I9: =SUM(I78/$I$5) -> 0 | J9: =SUM(J78/$J$5) -> 0 | K9: =SUM(K78/$K$5) -> 0 | L9: =SUM(L78/$L$5) -> 0 | M9: =SUM(M78/$M$5) -> 0 | N9: =SUM(N78/$N$5) -> 0 | O9: =SUM(C9:N9)/COUNT(C9:N9) -> 0 | P9: =SUM(O9/$O$13) -> 0 | S9: =R9*12 -> 0
B10: Cost per LSU - Overheads | C10: =IFERROR(SUM(C104/$C$5),0) -> 10.770789 | D10: =IFERROR(SUM(D104/$C$5),0) -> 10.49544 | E10: =IFERROR(SUM(E104/$C$5),0) -> 10.442409 | F10: =IFERROR(SUM(F104/$C$5),0) -> 10.450217 | G10: =SUM(G104/$G$5) -> 11.128378 | H10: =SUM(H104/H$5) -> 11.382889 | I10: =SUM(I104/I$5) -> 10.145162 | J10: =SUM(J104/J$5) -> 10.652733 | K10: =SUM(K104/K$5) -> 11.318704 | L10: =SUM(L104/L$5) -> 11.06947 | M10: =SUM(M104/M$5) -> 10.84041 | N10: =SUM(N104/N$5) -> 25.569114 | O10: =SUM(C10:N10)/COUNT(C10:N10) -> 12.022143 | P10: =SUM(O10/$O$13) -> 0.33418419 | Q10: 2 | S10: =R10*12 -> 0
B11: Cost per LSU - Vehicle Costs | C11: =IFERROR((C185+C188)/C5,0) -> 0 | D11: =IFERROR((D185+D188)/D5,0) -> 0 | E11: =IFERROR((E185+E188)/E5,0) -> 0 | F11: =IFERROR((F185+F188)/F5,0) -> 0 | G11: =(G185+G188)/G5 -> 0 | H11: =(H185+H188)/H5 -> 0 | I11: =(I185+I188)/I5 -> 0 | J11: =(J185+J188)/J5 -> 0 | K11: =(K185+K188)/K5 -> 0 | L11: =(L185+L188)/L5 -> 0 | M11: =(M185+M188)/M5 -> 0 | N11: =(N185+N188)/N5 -> 0 | O11: =SUM(C11:N11)/COUNT(C11:N11) -> 0 | P11: =SUM(O11/$O$13) -> 0 | S11: =R11*12 -> 0
B12: Cost per LSU - Fixed Assets Depr. | C12: =IFERROR(C203/C5,0) -> 0 | D12: =IFERROR(D203/D5,0) -> 0 | E12: =IFERROR(E203/E5,0) -> 0 | F12: =IFERROR(F203/F5,0) -> 0 | G12: =G203/G5 -> 0 | H12: =H203/H5 -> 0 | I12: =I203/I5 -> 0 | J12: =J203/J5 -> 0 | K12: =K203/K5 -> 0 | L12: =L203/L5 -> 0 | M12: =M203/M5 -> 0 | N12: =N203/N5 -> 0 | O12: =SUM(C12:N12)/COUNT(C12:N12) -> 0 | P12: =SUM(O12/$O$13) -> 0 | R12: =SUM(O10:O11) -> 12.022143 | S12: =R12*12 -> 144.26571
B13: Total | C13: =SUM(C6:C11) -> 28.429595 | D13: =SUM(D6:D11) -> 25.518197 | E13: =SUM(E6:E11) -> 23.60487 | F13: =SUM(F6:F11) -> 24.805935 | G13: =SUM(G6:G11) -> 32.440957 | H13: =SUM(H6:H11) -> 44.846824 | I13: =SUM(I6:I11) -> 27.995215 | J13: =SUM(J6:J11) -> 32.344281 | ... N13: =SUM(N6:N11) -> 57.345814 | O13: =SUM(O6:O12) -> 35.974601 | P13: =SUM(P6:P12) -> 1 | Q13: 3 | R13: =SUM(O13) -> 35.974601 | S13: =R13*12 -> 431.69521 | U13: Break Even Calf Price
C14: =C13/$O$13 -> 0.79026853 | D14: =D13/$O$13 -> 0.70933926 | E14: =E13/$O$13 -> 0.65615376 | F14: =F13/$O$13 -> 0.68954026 | G14: =G13/$O$13 -> 0.90177393 | H14: =H13/$O$13 -> 1.2466246 | I14: =I13/$O$13 -> 0.77819391 | J14: =J13/$O$13 -> 0.89908658 | ... N14: =N13/$O$13 -> 1.5940639 | U14: =(S13/0.8)/0.75 -> 719.49202
O15: Total | P15: %
A16: Account | B16: Description | O16: Budget | P16: Budget
B17: Income | C17: =SUM(C18:C23) -> 0 | D17: =SUM(D18:D23) -> 0 | E17: =SUM(E18:E23) -> 0 | F17: =SUM(F18:F23) -> 0 | G17: =SUM(G18:G23) -> 12408 | H17: =SUM(H18:H23) -> 0 | I17: =SUM(I18:I23) -> 0 | J17: =SUM(J18:J23) -> 8800 | ... O17: =SUM(O18:O23) -> 44273 | P17: =IFERROR(SUM(P18:P23),0) -> 1
A18: 0500/000 | B18: Sales - Other | O18: =SUM(C18:N18) -> 0 | P18: =IFERROR(SUM(O18/$O$17),0) -> 0
A19: 1500/010 | B19: Sales - Cattle | C19: ='REVENUE ASSUMPTIONS'!G8 -> 0 | D19: ='REVENUE ASSUMPTIONS'!H8 -> 0 | E19: ='REVENUE ASSUMPTIONS'!I8 -> 0 | F19: ='REVENUE ASSUMPTIONS'!J8 -> 0 | G19: ='REVENUE ASSUMPTIONS'!K8 -> 12408 | H19: ='REVENUE ASSUMPTIONS'!L8 -> 0 | I19: ='REVENUE ASSUMPTIONS'!M8 -> 0 | J19: ='REVENUE ASSUMPTIONS'!N8 -> 8800 | ... N19: ='REVENUE ASSUMPTIONS'!R8 -> 11725 | O19: =SUM(C19:N19) -> 44273 | P19: =IFERROR(SUM(O19/$O$17),0) -> 1
A20: 2750/000 | B20: Interest Received | O20: =SUM(C20:N20) -> 0 | P20: =IFERROR(SUM(O20/$O$17),0) -> 0
A21: 2850/000 | B21: Bad Debts Recovered | O21: =SUM(C21:N21) -> 0 | P21: =IFERROR(SUM(O21/$O$17),0) -> 0
A23: 2900/000 | B23: Sundry Income | O23: =SUM(C23:N23) -> 0 | P23: =IFERROR(SUM(O23/$O$17),0) -> 0
B24: Cash Carried forward | C24: 10000
B25: Cash Flow | C25: =C24+C17-(C28+C34+C69+C78+C104+C152) -> 7192.5064 | D25: =C25+D17-(D28+D34+D69+D78+D104+D152) -> 4676.2295 | E25: =D25+E17-(E28+E34+E69+E78+E104+E152) -> 2351.6807 | F25: =E25+F17-(F28+F34+F69+F78+F104+F152) -> -87.361563 | G25: =F25+G17-(G28+G34+G69+G78+G104+G152) -> 9460.3623 | H25: =G25+H17-(H28+H34+H69+H78+H104+H152) -> 5516.1626 | I25: =H25+I17-(I28+I34+I69+I78+I104+I152) -> 2441.2362 | J25: =I25+J17-(J28+J34+J69+J78+J104+J152) -> 8053.2876 | K25: =J25+K17-(K28+K34+K69+K78+K104+K152) -> 15230.195 | ... N25: =M25+N17-(N28+N34+N69+N78+N104+N152) -> 12880.78
A27: Account | B27: Description | C27: =C28+C34+C69+C78+C104+C152 -> 2807.4936 | D27: =D28+D34+D69+D78+D104+D152 -> 2516.2769 | E27: =E28+E34+E69+E78+E104+E152 -> 2324.5489 | F27: =F28+F34+F69+F78+F104+F152 -> 2439.0422 | G27: =G28+G34+G69+G78+G104+G152 -> 2860.2761 | H27: =H28+H34+H69+H78+H104+H152 -> 3944.1997 | I27: =I28+I34+I69+I78+I104+I152 -> 3074.9264 | J27: =J28+J34+J69+J78+J104+J152 -> 3187.9486 | ... N27: =N28+N34+N69+N78+N104+N152 -> 5554.306 | O27: =SUM(O28+O34+O69+O78+O104+O152) -> 41392.22 | P27: =SUM(P28+P34+P69+P78+P104+P152) -> 1
A28: 1500/000 | B28: Operating Costs - Cattle | C28: =SUM(C29:C33) -> 0 | D28: =SUM(D29:D33) -> 0 | E28: =SUM(E29:E33) -> 0 | F28: =SUM(F29:F33) -> 0 | G28: =SUM(G29:G33) -> 620.4 | H28: =SUM(H29:H33) -> 0 | I28: =SUM(I29:I33) -> 0 | J28: =SUM(J29:J33) -> 440 | ... N28: =SUM(N29:N33) -> 586.25 | O28: =SUM(C28:N28) -> 2213.65 | P28: =SUM(O28/O27) -> 0.053479857 | R28: =IFERROR(AVERAGE(C28:N28)/AVERAGE($C$5:$N$5),"") -> 1.9109252
A29: 1500/010 | B29: Cattle - Purchases | O29: =SUM(C29:N29) -> 0 | P29: =SUM(O29/$O$27) -> 0 | R29: =IFERROR(AVERAGE(C29:N29)/AVERAGE($C$5:$N$5),"")
A30: 1500/060 | B30: Cattle - Permits | O30: =SUM(C30:N30) -> 0 | P30: =SUM(O30/$O$27) -> 0 | R30: =IFERROR(AVERAGE(C30:N30)/AVERAGE($C$5:$N$5),"")
A31: 1500/070 | B31: Cattle - Partnership Fee | C31: =2%*C19 -> 0 | D31: =2%*D19 -> 0 | E31: =2%*E19 -> 0 | F31: =2%*F19 -> 0 | G31: =2%*G19 -> 248.16 | H31: =2%*H19 -> 0 | I31: =2%*I19 -> 0 | J31: =2%*J19 -> 176 | ... N31: =2%*N19 -> 234.5 | O31: =SUM(C31:N31) -> 885.46 | P31: =SUM(O31/$O$27) -> 0.021391943 | R31: =IFERROR(AVERAGE(C31:N31)/AVERAGE($C$5:$N$5),"") -> 0.76437009
A32: 1500/099 | B32: Cattle - Other Costs | O32: =SUM(C32:N32) -> 0 | P32: =SUM(O32/$O$27) -> 0 | R32: =IFERROR(AVERAGE(C32:N32)/AVERAGE($C$5:$N$5),"")
A33: 1500/500 | B33: Cattle - Commission on Sales | C33: =3%*C19 -> 0 | D33: =3%*D19 -> 0 | E33: =3%*E19 -> 0 | F33: =3%*F19 -> 0 | G33: =3%*G19 -> 372.24 | H33: =3%*H19 -> 0 | I33: =3%*I19 -> 0 | J33: =3%*J19 -> 264 | ... N33: =3%*N19 -> 351.75 | O33: =SUM(C33:N33) -> 1328.19 | P33: =SUM(O33/$O$27) -> 0.032087914 | R33: =IFERROR(AVERAGE(C33:N33)/AVERAGE($C$5:$N$5),"") -> 1.1465551
A34: 2300/000 | B34: Farm Costs | C34: =SUM(C35+C44+C48+C54+C58) -> 1643.8512 | D34: =SUM(D35+D44+D48+D54+D58) -> 1379.826 | E34: =SUM(E35+E44+E48+E54+E58) -> 1193.3349 | F34: =SUM(F35+F44+F48+F54+F58) -> 1307.0572 | G34: =SUM(G35+G44+G48+G54+G58) -> 1158.7018 | H34: =SUM(H35+H44+H48+H54+H58) -> 2843.0945 | I34: =SUM(I35+I44+I48+I54+I58) -> 1860.6065 | J34: =SUM(J35+J44+J48+J54+J58) -> 1597.9835 | ... N34: =SUM(N35+N44+N48+N54+N58) -> 2391.5251 | O34: =SUM(C34:N34) -> 24054.179 | P34: =SUM(O34/O27) -> 0.58112803 | R34: =IFERROR(AVERAGE(C34:N34)/AVERAGE($C$5:$N$5),"") -> 20.764682
A35: 2300/000 | B35: Farm Costs - General | C35: =SUM(C36:C43) -> 0 | D35: =SUM(D36:D43) -> 0 | E35: =SUM(E36:E43) -> 0 | F35: =SUM(F36:F43) -> 0 | G35: =SUM(G36:G43) -> 0 | H35: =SUM(H36:H43) -> 0 | I35: =SUM(I36:I43) -> 0 | J35: =SUM(J36:J43) -> 0 | ... N35: =SUM(N36:N43) -> 0 | O35: =SUM(C35:N35) -> 0 | R35: =IFERROR(AVERAGE(C35:N35)/AVERAGE($C$5:$N$5),"") -> 0
A36: 2300/004 | B36: Farm Costs - Transport Cattle | O36: =SUM(C36:N36) -> 0 | P36: =SUM(O36/$O$27) -> 0 | R36: =IFERROR(AVERAGE(C36:N36)/AVERAGE($C$5:$N$5),"")
A37: 2300/005 | B37: Farm Costs - Transport Stock Feed | O37: =SUM(C37:N37) -> 0 | P37: =SUM(O37/$O$27) -> 0 | R37: =IFERROR(AVERAGE(C37:N37)/AVERAGE($C$5:$N$5),"")
A38: 2300/006 | B38: Farm Costs - Transport Other | O38: =SUM(C38:N38) -> 0 | P38: =SUM(O38/$O$27) -> 0 | R38: =IFERROR(AVERAGE(C38:N38)/AVERAGE($C$5:$N$5),"")
A39: 2300/010 | B39: Farm Costs - Electricity | O39: =SUM(C39:N39) -> 0 | P39: =SUM(O39/$O$27) -> 0 | R39: =IFERROR(AVERAGE(C39:N39)/AVERAGE($C$5:$N$5),"")
A40: 2300/040 | B40: Farm Costs - Chemicals | O40: =SUM(C40:N40) -> 0 | P40: =SUM(O40/$O$27) -> 0 | R40: =IFERROR(AVERAGE(C40:N40)/AVERAGE($C$5:$N$5),"")
A41: 2300/100 | B41: Farm Costs - Hire of Equipment | O41: =SUM(C41:N41) -> 0 | P41: =SUM(O41/$O$27) -> 0 | R41: =IFERROR(AVERAGE(C41:N41)/AVERAGE($C$5:$N$5),"")
A42: 2300/220 | B42: Farm Costs - Fertilisers | O42: =SUM(C42:N42) -> 0 | P42: =SUM(O42/$O$27) -> 0 | R42: =IFERROR(AVERAGE(C42:N42)/AVERAGE($C$5:$N$5),"")
A43: 2300/300 | B43: Farm Costs - Small Tools | O43: =SUM(C43:N43) -> 0 | P43: =SUM(O43/$O$27) -> 0 | R43: =IFERROR(AVERAGE(C43:N43)/AVERAGE($C$5:$N$5),"")
A44: 2301/000 | B44: Farm Costs - Fuel & Lubes | C44: =SUM(C45:C47) -> 20 | D44: =SUM(D45:D47) -> 20 | E44: =SUM(E45:E47) -> 20 | F44: =SUM(F45:F47) -> 20 | G44: =SUM(G45:G47) -> 20 | H44: =SUM(H45:H47) -> 20 | I44: =SUM(I45:I47) -> 20 | J44: =SUM(J45:J47) -> 20 | ... N44: =SUM(N45:N47) -> 20 | O44: =SUM(C44:N44) -> 240 | P44: =O44/O27 -> 0.0057981911 | R44: =IFERROR(AVERAGE(C44:N44)/AVERAGE($C$5:$N$5),"") -> 0.20717912
A45: 2301/001 | B45: Farm Costs - Fuel - Diesel | O45: =SUM(C45:N45) -> 0 | P45: =SUM(O45/$O$27) -> 0 | R45: =IFERROR(AVERAGE(C45:N45)/AVERAGE($C$5:$N$5),"")
A46: 2301/002 | B46: Farm Costs - Fuel - Petrol | C46: 20 | D46: 20 | E46: 20 | F46: 20 | G46: 20 | H46: 20 | I46: 20 | J46: 20 | K46: 20 | L46: 20 | M46: 20 | N46: 20 | O46: =SUM(C46:N46) -> 240 | P46: =SUM(O46/$O$27) -> 0.0057981911 | R46: =IFERROR(AVERAGE(C46:N46)/AVERAGE($C$5:$N$5),"") -> 0.20717912
A47: 2301/003 | B47: Farm Costs - Fuel - Oil & Lubriction | O47: =SUM(C47:N47) -> 0 | P47: =SUM(O47/$O$27) -> 0 | R47: =IFERROR(AVERAGE(C47:N47)/AVERAGE($C$5:$N$5),"")
A48: 2302/000 | B48: Farm Costs - Vetrinary Costs | C48: =SUM(C49:C53) -> 552.43545 | D48: =SUM(D49:D53) -> 375.80391 | E48: =SUM(E49:E53) -> 103.0433 | F48: =SUM(F49:F53) -> 249.87555 | G48: =SUM(G49:G53) -> 95.568723 | H48: =SUM(H49:H53) -> 95.329801 | I48: =SUM(I49:I53) -> 262.75284 | J48: =SUM(J49:J53) -> 82.093748 | ... N48: =SUM(N49:N53) -> 106.6093 | O48: =SUM(C48:N48) -> 2386.0962 | P48: =SUM(O48/$O$27) -> 0.057646006 | R48: =IFERROR(AVERAGE(C48:N48)/AVERAGE($C$5:$N$5),"") -> 2.0597887
A49: 2302/001 | B49: Farm Costs - Veterinary Vaccinations | C49: ='VET & MED Costs'!$E$41+'VET & MED Costs'!$F$41+'VET & MED Costs'!$G$41+'VET & MED Costs'!$H$41 -> 0 | D49: ='VET & MED Costs'!$E$42+'VET & MED Costs'!$F$42+'VET & MED Costs'!$G$42+'VET & MED Costs'!$H$42 -> 272.50236 | E49: ='VET & MED Costs'!$E$43+'VET & MED Costs'!$F$43+'VET & MED Costs'!$G$43+'VET & MED Costs'!$H$43 -> 0 | F49: ='VET & MED Costs'!$E$44+'VET & MED Costs'!$F$44+'VET & MED Costs'!$G$44+'VET & MED Costs'!$H$44 -> 147.08986 | G49: ='VET & MED Costs'!$E$45+'VET & MED Costs'!$F$45+'VET & MED Costs'!$G$45+'VET & MED Costs'!$H$45 -> 0 | H49: ='VET & MED Costs'!$E$46+'VET & MED Costs'!$F$46+'VET & MED Costs'!$G$46+'VET & MED Costs'!$H$46 -> 0 | I49: ='VET & MED Costs'!$E$47+'VET & MED Costs'!$F$47+'VET & MED Costs'!$G$47+'VET & MED Costs'!$H$47 -> 167.66136 | J49: ='VET & MED Costs'!$E$48+'VET & MED Costs'!$F$48+'VET & MED Costs'!$G$48+'VET & MED Costs'!$H$48 -> 0 | K49: ='VET & MED Costs'!$E$49+'VET & MED Costs'!$F$49+'VET & MED Costs'!$G$49+'VET & MED Costs'!$H$49 -> 0 | L49: ='VET & MED Costs'!$E$50+'VET & MED Costs'!$F$50+'VET & MED Costs'!$G$50+'VET & MED Costs'!$H$50 -> 202.56694 | M49: ='VET & MED Costs'!$E$51+'VET & MED Costs'!$F$51+'VET & MED Costs'!$G$51+'VET & MED Costs'!$H$51 -> 0 | N49: ='VET & MED Costs'!$E$52+'VET & MED Costs'!$F$52+'VET & MED Costs'!$G$52+'VET & MED Costs'!$H$52 -> 0 | O49: =SUM(C49:N49) -> 789.82052 | P49: =SUM(O49/$O$27) -> 0.019081376 | R49: =IFERROR(AVERAGE(C49:N49)/AVERAGE($C$5:$N$5),"") -> 0.68180966
A50: 2302/002 | B50: Farm Costs - Veterinary Dip | C50: ='VET & MED Costs'!$C$41 -> 85.7052 | D50: ='VET & MED Costs'!$C$42 -> 85.490937 | E50: ='VET & MED Costs'!$C$43 -> 85.27721 | F50: ='VET & MED Costs'!$C$44 -> 85.064017 | G50: ='VET & MED Costs'!$C$45 -> 79.091357 | H50: ='VET & MED Costs'!$C$46 -> 78.893628 | I50: ='VET & MED Costs'!$C$47 -> 78.696394 | J50: ='VET & MED Costs'!$C$48 -> 67.939653 | K50: ='VET & MED Costs'!$C$49 -> 60.089804 | L50: ='VET & MED Costs'!$C$50 -> 71.738427 | M50: ='VET & MED Costs'!$C$51 -> 83.357929 | N50: ='VET & MED Costs'!$C$52 -> 88.228382 | O50: =SUM(C50:N50) -> 949.57294 | P50: =SUM(O50/$O$27) -> 0.022940856 | R50: =IFERROR(AVERAGE(C50:N50)/AVERAGE($C$5:$N$5),"") -> 0.81971535
A51: 2302/003 | B51: Farm Costs - Veterinary General Treatments | C51: ='VET & MED Costs'!$D$41 -> 17.85525 | D51: ='VET & MED Costs'!$D$42 -> 17.810612 | E51: ='VET & MED Costs'!$D$43 -> 17.766085 | F51: ='VET & MED Costs'!$D$44 -> 17.72167 | G51: ='VET & MED Costs'!$D$45 -> 16.477366 | H51: ='VET & MED Costs'!$D$46 -> 16.436173 | I51: ='VET & MED Costs'!$D$47 -> 16.395082 | J51: ='VET & MED Costs'!$D$48 -> 14.154094 | K51: ='VET & MED Costs'!$D$49 -> 12.518709 | L51: ='VET & MED Costs'!$D$50 -> 14.945506 | M51: ='VET & MED Costs'!$D$51 -> 17.366235 | N51: ='VET & MED Costs'!$D$52 -> 18.380913 | O51: =SUM(C51:N51) -> 197.8277 | P51: =SUM(O51/$O$27) -> 0.0047793449 | R51: =IFERROR(AVERAGE(C51:N51)/AVERAGE($C$5:$N$5),"") -> 0.17077403
B52: Farm Costs - Tagging | C52: ='VET & MED Costs'!$L$41 -> 448.875 | D52: ='VET & MED Costs'!$L$42 -> 0 | E52: ='VET & MED Costs'!$L$43 -> 0 | F52: ='VET & MED Costs'!$L$44 -> 0 | G52: ='VET & MED Costs'!$L$45 -> 0 | H52: ='VET & MED Costs'!$L$46 -> 0 | I52: ='VET & MED Costs'!$L$47 -> 0 | J52: ='VET & MED Costs'!$L$48 -> 0 | K52: ='VET & MED Costs'!$L$49 -> 0 | L52: ='VET & MED Costs'!$L$50 -> 0 | M52: ='VET & MED Costs'!$L$51 -> 0 | N52: ='VET & MED Costs'!$L$52 -> 0 | O52: =SUM(C52:N52) -> 448.875 | P52: =SUM(O52/$O$27) -> 0.010844429 | R52: =IFERROR(AVERAGE(C52:N52)/AVERAGE($C$5:$N$5),"") -> 0.38748969
A53: 2302/004 | B53: Farm Costs - Veterinary Vet Fees | O53: =SUM(C53:N53) -> 0 | P53: =SUM(O53/$O$27) -> 0 | R53: =IFERROR(AVERAGE(C53:N53)/AVERAGE($C$5:$N$5),"")
A54: 2303/000 | B54: Farm Costs - Stock Feeds & Licks | C54: =SUM(C55:C57) -> 225.1158 | D54: =SUM(D55:D57) -> 202.82207 | E54: =SUM(E55:E57) -> 223.99163 | F54: =SUM(F55:F57) -> 223.43165 | G54: =SUM(G55:G57) -> 196.83307 | H54: =SUM(H55:H57) -> 1914.0147 | I54: =SUM(I55:I57) -> 731.55363 | J54: =SUM(J55:J57) -> 649.58974 | ... N54: =SUM(N55:N57) -> 398.86581 | O54: =SUM(C54:N54) -> 10448.033 | P54: =SUM(O54/$O$27) -> 0.25241538 | R54: =IFERROR(AVERAGE(C54:N54)/AVERAGE($C$5:$N$5),"") -> 9.019226
A55: 2303/003 | B55: Farm Costs - Feeds Summer Maintenance | C55: ='HERD FEED COSTS'!C22 -> 225.1158 | D55: ='HERD FEED COSTS'!D22 -> 202.82207 | E55: ='HERD FEED COSTS'!E22 -> 223.99163 | F55: ='HERD FEED COSTS'!F22 -> 223.43165 | G55: ='HERD FEED COSTS'!G22 -> 196.83307 | H55: ='HERD FEED COSTS'!H22 -> 0 | I55: ='HERD FEED COSTS'!I22 -> 0 | J55: ='HERD FEED COSTS'!J22 -> 0 | ... N55: ='HERD FEED COSTS'!N22 -> 398.86581 | O55: =SUM(C55:N55) -> 1847.9073 | P55: =SUM(O55/$O$27) -> 0.044643833 | R55: =IFERROR(AVERAGE(C55:N55)/AVERAGE($C$5:$N$5),"") -> 1.5951992
A56: 2303/002 | B56: Farm Costs - Feeds Winter Maintenance | C56: ='HERD FEED COSTS'!C23 -> 0 | D56: ='HERD FEED COSTS'!D23 -> 0 | E56: ='HERD FEED COSTS'!E23 -> 0 | F56: ='HERD FEED COSTS'!F23 -> 0 | G56: ='HERD FEED COSTS'!G23 -> 0 | H56: ='HERD FEED COSTS'!H23 -> 768.8436 | I56: ='HERD FEED COSTS'!I23 -> 731.55363 | J56: ='HERD FEED COSTS'!J23 -> 649.58974 | ... N56: ='HERD FEED COSTS'!N23 -> 0 | O56: =SUM(C56:N56) -> 3687.3861 | P56: =SUM(O56/$O$27) -> 0.089084037 | R56: =IFERROR(AVERAGE(C56:N56)/AVERAGE($C$5:$N$5),"") -> 3.1831224
A57: 2303/001 | B57: Farm Costs - Feeds Special Nutrition | C57: ='HERD FEED COSTS'!C24 -> 0 | D57: ='HERD FEED COSTS'!D24 -> 0 | E57: ='HERD FEED COSTS'!E24 -> 0 | F57: ='HERD FEED COSTS'!F24 -> 0 | G57: ='HERD FEED COSTS'!G24 -> 0 | H57: ='HERD FEED COSTS'!H24 -> 1145.1711 | I57: ='HERD FEED COSTS'!I24 -> 0 | J57: ='HERD FEED COSTS'!J24 -> 0 | ... N57: ='HERD FEED COSTS'!N24 -> 0 | O57: =SUM(C57:N57) -> 4912.7395 | P57: =SUM(O57/$O$27) -> 0.11868751 | R57: =IFERROR(AVERAGE(C57:N57)/AVERAGE($C$5:$N$5),"") -> 4.2409043
A58: 2450/000 | B58: Farm Costs - Staff Costs | C58: =SUM(C59:C68) -> 846.3 | D58: =SUM(D59:D68) -> 781.2 | E58: =SUM(E59:E68) -> 846.3 | F58: =SUM(F59:F68) -> 813.75 | G58: =SUM(G59:G68) -> 846.3 | H58: =SUM(H59:H68) -> 813.75 | I58: =SUM(I59:I68) -> 846.3 | J58: =SUM(J59:J68) -> 846.3 | ... N58: =SUM(N59:N68) -> 1866.05 | O58: =SUM(C58:N58) -> 10980.05 | P58: =SUM(O58/$O$27) -> 0.26526845 | R58: =IFERROR(AVERAGE(C58:N58)/AVERAGE($C$5:$N$5),"") -> 9.4784878
A59: 2450/010 | B59: Farm Staff Costs - Staff Welfare | N59: 500 | O59: =SUM(C59:N59) -> 500 | P59: =SUM(O59/$O$27) -> 0.012079565 | R59: =IFERROR(AVERAGE(C59:N59)/AVERAGE($C$5:$N$5),"") -> 5.1794779
A60: 2450/020 | B60: Farm Staff Costs - Housing | O60: =SUM(C60:N60) -> 0 | P60: =SUM(O60/$O$27) -> 0 | R60: =IFERROR(AVERAGE(C60:N60)/AVERAGE($C$5:$N$5),"")
A61: 2450/030 | B61: Farm Staff Costs - Transport | O61: =SUM(C61:N61) -> 0 | P61: =SUM(O61/$O$27) -> 0 | R61: =IFERROR(AVERAGE(C61:N61)/AVERAGE($C$5:$N$5),"")
A62: 2450/040 | B62: Farm Staff Costs - Protective Clothing | O62: =SUM(C62:N62) -> 0 | P62: =SUM(O62/$O$27) -> 0 | R62: =IFERROR(AVERAGE(C62:N62)/AVERAGE($C$5:$N$5),"")
A63: 2450/050 | B63: Farm Staff Costs - Medical | O63: =SUM(C63:N63) -> 0 | P63: =SUM(O63/$O$27) -> 0 | R63: =IFERROR(AVERAGE(C63:N63)/AVERAGE($C$5:$N$5),"")
A64: 2450/060 | B64: Farm Staff Costs - Training | O64: =SUM(C64:N64) -> 0 | P64: =SUM(O64/$O$27) -> 0 | R64: =IFERROR(AVERAGE(C64:N64)/AVERAGE($C$5:$N$5),"")
A65: 2450/099 | B65: Farm Staff Costs - General | O65: =SUM(C65:N65) -> 0 | P65: =SUM(O65/$O$27) -> 0 | R65: =IFERROR(AVERAGE(C65:N65)/AVERAGE($C$5:$N$5),"")
A66: 2450/100 | B66: Farm Staff Costs - Salaries & Wages | C66: =LABOUR!C21 -> 806 | D66: =LABOUR!E21 -> 744 | E66: =LABOUR!G21 -> 806 | F66: =LABOUR!I21 -> 775 | G66: =LABOUR!K21 -> 806 | H66: =LABOUR!M21 -> 775 | I66: =LABOUR!O21 -> 806 | J66: =LABOUR!Q21 -> 806 | K66: =LABOUR!S21 -> 775 | L66: =LABOUR!U21 -> 806 | M66: =LABOUR!W21 -> 775 | N66: =LABOUR!Y21 -> 1301 | O66: =SUM(C66:N66) -> 9981 | P66: =SUM(O66/$O$27) -> 0.24113227 | R66: =IFERROR(AVERAGE(C66:N66)/AVERAGE($C$5:$N$5),"") -> 8.6160615
A67: 2450/150 | B67: Farm Staff Costs - NSSA | C67: =SUM(C66*5%) -> 40.3 | D67: =SUM(D66*5%) -> 37.2 | E67: =SUM(E66*5%) -> 40.3 | F67: =SUM(F66*5%) -> 38.75 | G67: =SUM(G66*5%) -> 40.3 | H67: =SUM(H66*5%) -> 38.75 | I67: =SUM(I66*5%) -> 40.3 | J67: =SUM(J66*5%) -> 40.3 | ... N67: =SUM(N66*5%) -> 65.05 | O67: =SUM(C67:N67) -> 499.05 | P67: =SUM(O67/$O$27) -> 0.012056614 | R67: =IFERROR(AVERAGE(C67:N67)/AVERAGE($C$5:$N$5),"") -> 0.43080308
A68: 2450/200 | B68: Farm Staff Costs - Casual Wages | O68: =SUM(C68:N68) -> 0 | P68: =SUM(O68/$O$27) -> 0 | R68: =IFERROR(AVERAGE(C68:N68)/AVERAGE($C$5:$N$5),"")
A69: 2500/000 | B69: Repairs & Maintanace - Workshop Costs | C69: =SUM(C70:C77) -> 100 | D69: =SUM(D70:D77) -> 100 | E69: =SUM(E70:E77) -> 100 | F69: =SUM(F70:F77) -> 100 | G69: =SUM(G70:G77) -> 100 | H69: =SUM(H70:H77) -> 100 | I69: =SUM(I70:I77) -> 100 | J69: =SUM(J70:J77) -> 100 | ... N69: =SUM(N70:N77) -> 100 | O69: =SUM(C69:N69) -> 1200 | P69: =SUM(O69/$O$27) -> 0.028990955 | R69: =IFERROR(AVERAGE(C69:N69)/AVERAGE($C$5:$N$5),"") -> 1.0358956
A70: 2300/060 | B70: Workshop - Building Repairs & Maintanace | O70: =SUM(C70:N70) -> 0 | P70: =SUM(O70/$O$27) -> 0 | R70: =IFERROR(AVERAGE(C70:N70)/AVERAGE($C$5:$N$5),"")
A71: 2300/501 | B71: Workshop - Fencing & Facility - R&M | C71: 60 | D71: 60 | E71: 60 | F71: 60 | G71: 60 | H71: 60 | I71: 60 | J71: 60 | K71: 60 | L71: 60 | M71: 60 | N71: 60 | O71: =SUM(C71:N71) -> 720 | P71: =SUM(O71/$O$27) -> 0.017394573 | R71: =IFERROR(AVERAGE(C71:N71)/AVERAGE($C$5:$N$5),"") -> 0.62153735
A72: 2300/070 | B72: Workshop - Machinery Maintenance | O72: =SUM(C72:N72) -> 0 | P72: =SUM(O72/$O$27) -> 0 | R72: =IFERROR(AVERAGE(C72:N72)/AVERAGE($C$5:$N$5),"")
A73: 2500/030 | B73: Workshop - Tractor Maintanance | O73: =SUM(C73:N73) -> 0 | P73: =SUM(O73/$O$27) -> 0 | R73: =IFERROR(AVERAGE(C73:N73)/AVERAGE($C$5:$N$5),"")
A74: 2300/080 | B74: Workshop - Vehicle Maintanance | O74: =SUM(C74:N74) -> 0 | P74: =SUM(O74/$O$27) -> 0 | R74: =IFERROR(AVERAGE(C74:N74)/AVERAGE($C$5:$N$5),"")
A75: 2500/600 | B75: Workshop - Water & Pumping - R&M | C75: 20 | D75: 20 | E75: 20 | F75: 20 | G75: 20 | H75: 20 | I75: 20 | J75: 20 | K75: 20 | L75: 20 | M75: 20 | N75: 20 | O75: =SUM(C75:N75) -> 240 | P75: =SUM(O75/$O$27) -> 0.0057981911 | R75: =IFERROR(AVERAGE(C75:N75)/AVERAGE($C$5:$N$5),"") -> 0.20717912
A76: 2500/040 | B76: Workshop - Consumables | C76: 20 | D76: 20 | E76: 20 | F76: 20 | G76: 20 | H76: 20 | I76: 20 | J76: 20 | K76: 20 | L76: 20 | M76: 20 | N76: 20 | O76: =SUM(C76:N76) -> 240 | P76: =SUM(O76/$O$27) -> 0.0057981911 | R76: =IFERROR(AVERAGE(C76:N76)/AVERAGE($C$5:$N$5),"") -> 0.20717912
A77: 2500/045 | B77: Workshop - Tyres | O77: =SUM(C77:N77) -> 0 | P77: =SUM(O77/$O$27) -> 0 | R77: =IFERROR(AVERAGE(C77:N77)/AVERAGE($C$5:$N$5),"")
A78: 3325/000 | B78: Infrastructure Development | C78: =SUM(C79+C93) -> 0 | D78: =SUM(D79+D93) -> 0 | E78: =SUM(E79+E93) -> 0 | F78: =SUM(F79+F93) -> 0 | G78: =SUM(G79+G93) -> 0 | H78: =SUM(H79+H93) -> 0 | I78: =SUM(I79+I93) -> 0 | J78: =SUM(J79+J93) -> 0 | ... N78: =SUM(N79+N93) -> 0 | O78: =SUM(C78:N78) -> 0 | P78: =SUM(O78/O27) -> 0 | R78: =IFERROR(AVERAGE(C78:N78)/AVERAGE($C$5:$N$5),"") -> 0
A79: 3325/000 | B79: Infrastructure Development Costs | C79: =SUM(C80:C92) -> 0 | D79: =SUM(D80:D92) -> 0 | E79: =SUM(E80:E92) -> 0 | F79: =SUM(F80:F92) -> 0 | G79: =SUM(G80:G92) -> 0 | H79: =SUM(H80:H92) -> 0 | I79: =SUM(I80:I92) -> 0 | J79: =SUM(J80:J92) -> 0 | ... N79: =SUM(N80:N92) -> 0 | O79: =SUM(C79:N79) -> 0 | R79: =IFERROR(AVERAGE(C79:N79)/AVERAGE($C$5:$N$5),"") -> 0
A80: 3325/001 | B80: ID - Hire of Equipment | O80: =SUM(C80:N80) -> 0 | P80: =SUM(O80/$O$27) -> 0 | R80: =IFERROR(AVERAGE(C80:N80)/AVERAGE($C$5:$N$5),"")
A81: 3325/002 | B81: ID - Transport | O81: =SUM(C81:N81) -> 0 | P81: =SUM(O81/$O$27) -> 0 | R81: =IFERROR(AVERAGE(C81:N81)/AVERAGE($C$5:$N$5),"")
A82: 3325/004 | B82: ID - Workshop Consumables | O82: =SUM(C82:N82) -> 0 | P82: =SUM(O82/$O$27) -> 0 | R82: =IFERROR(AVERAGE(C82:N82)/AVERAGE($C$5:$N$5),"")
A83: 3325/005 | B83: ID - Small Tools | O83: =SUM(C83:N83) -> 0 | P83: =SUM(O83/$O$27) -> 0 | R83: =IFERROR(AVERAGE(C83:N83)/AVERAGE($C$5:$N$5),"")
A84: 3325/006 | B84: ID - Buildings Maintenance | O84: =SUM(C84:N84) -> 0 | P84: =SUM(O84/$O$27) -> 0 | R84: =IFERROR(AVERAGE(C84:N84)/AVERAGE($C$5:$N$5),"")
B85: ID - Fencing Maintenance | O85: =SUM(C85:N85) -> 0 | P85: =SUM(O85/$O$27) -> 0 | R85: =IFERROR(AVERAGE(C85:N85)/AVERAGE($C$5:$N$5),"")
B86: ID - Handling Facility Maintenance | O86: =SUM(C86:N86) -> 0 | P86: =SUM(O86/$O$27) -> 0 | R86: =IFERROR(AVERAGE(C86:N86)/AVERAGE($C$5:$N$5),"")
A87: 3325/007 | B87: ID - Machinery Maintenance | O87: =SUM(C87:N87) -> 0 | P87: =SUM(O87/$O$27) -> 0 | R87: =IFERROR(AVERAGE(C87:N87)/AVERAGE($C$5:$N$5),"")
A88: 3325/008 | B88: ID - Motor Vehicle Maintenance | O88: =SUM(C88:N88) -> 0 | P88: =SUM(O88/$O$27) -> 0 | R88: =IFERROR(AVERAGE(C88:N88)/AVERAGE($C$5:$N$5),"")
A89: 3325/009 | B89: ID - Tyres | O89: =SUM(C89:N89) -> 0 | P89: =SUM(O89/$O$27) -> 0 | R89: =IFERROR(AVERAGE(C89:N89)/AVERAGE($C$5:$N$5),"")
A90: 3325/003 | B90: ID - Fuel - Diesel | O90: =SUM(C90:N90) -> 0 | P90: =SUM(O90/$O$27) -> 0 | R90: =IFERROR(AVERAGE(C90:N90)/AVERAGE($C$5:$N$5),"")
A91: 3325/031 | B91: ID - Fuel - Petrol | O91: =SUM(C91:N91) -> 0 | P91: =SUM(O91/$O$27) -> 0 | R91: =IFERROR(AVERAGE(C91:N91)/AVERAGE($C$5:$N$5),"")
A92: 3325/032 | B92: ID - Fuel - Oil & Lubrication | O92: =SUM(C92:N92) -> 0 | P92: =SUM(O92/$O$27) -> 0 | R92: =IFERROR(AVERAGE(C92:N92)/AVERAGE($C$5:$N$5),"")
B93: ID - Staff Costs | C93: =SUM(C94:C103) -> 0 | D93: =SUM(D94:D103) -> 0 | E93: =SUM(E94:E103) -> 0 | F93: =SUM(F94:F103) -> 0 | G93: =SUM(G94:G103) -> 0 | H93: =SUM(H94:H103) -> 0 | I93: =SUM(I94:I103) -> 0 | J93: =SUM(J94:J103) -> 0 | ... N93: =SUM(N94:N103) -> 0 | O93: =SUM(C93:N93) -> 0 | R93: =IFERROR(AVERAGE(C93:N93)/AVERAGE($C$5:$N$5),"") -> 0
A94: 3325/010 | B94: ID Staff Costs - Staff Welfare | O94: =SUM(C94:N94) -> 0 | P94: =SUM(O94/$O$27) -> 0 | R94: =IFERROR(AVERAGE(C94:N94)/AVERAGE($C$5:$N$5),"")
A95: 3325/020 | B95: ID Staff Costs - Housing | O95: =SUM(C95:N95) -> 0 | P95: =SUM(O95/$O$27) -> 0 | R95: =IFERROR(AVERAGE(C95:N95)/AVERAGE($C$5:$N$5),"")
A96: 3325/030 | B96: ID Staff Costs - Transport | O96: =SUM(C96:N96) -> 0 | P96: =SUM(O96/$O$27) -> 0 | R96: =IFERROR(AVERAGE(C96:N96)/AVERAGE($C$5:$N$5),"")
A97: 3325/040 | B97: ID Staff Costs - Protective Clothing | O97: =SUM(C97:N97) -> 0 | P97: =SUM(O97/$O$27) -> 0 | R97: =IFERROR(AVERAGE(C97:N97)/AVERAGE($C$5:$N$5),"")
A98: 3325/050 | B98: ID Staff Costs - Medical | O98: =SUM(C98:N98) -> 0 | P98: =SUM(O98/$O$27) -> 0 | R98: =IFERROR(AVERAGE(C98:N98)/AVERAGE($C$5:$N$5),"")
A99: 3325/060 | B99: ID Staff Costs - Training | O99: =SUM(C99:N99) -> 0 | P99: =SUM(O99/$O$27) -> 0 | R99: =IFERROR(AVERAGE(C99:N99)/AVERAGE($C$5:$N$5),"")
A100: 3325/099 | B100: ID Staff Costs - General | O100: =SUM(C100:N100) -> 0 | P100: =SUM(O100/$O$27) -> 0 | R100: =IFERROR(AVERAGE(C100:N100)/AVERAGE($C$5:$N$5),"")
A101: 3325/070 | B101: ID Staff Costs - Salaries & Wages | O101: =SUM(C101:N101) -> 0 | P101: =SUM(O101/$O$27) -> 0 | R101: =IFERROR(AVERAGE(C101:N101)/AVERAGE($C$5:$N$5),"")
B102: ID Staff Costs - NSSA Employee Contribution | O102: =SUM(C102:N102) -> 0 | P102: =SUM(O102/$O$27) -> 0 | R102: =IFERROR(AVERAGE(C102:N102)/AVERAGE($C$5:$N$5),"")
A103: 3325/080 | B103: ID Staff Costs - Casual Wages | O103: =SUM(C103:N103) -> 0 | P103: =SUM(O103/$O$27) -> 0 | R103: =IFERROR(AVERAGE(C103:N103)/AVERAGE($C$5:$N$5),"")
...

Sheet Cost Codes INUNWA
B1: Operational Cost Codes | F1: Jan | I1: Feb | L1: Mar | O1: Apr | R1: May | U1: Jun | X1: Jul | AA1: Aug | AD1: Sep | AG1: Oct | AJ1: Nov | AM1: Dec | AP1: TOTAL
F2: Budgeted | G2: Actual | H2: Variance | I2: Budgeted | J2: Actual | K2: Variance | L2: Budgeted | M2: Actual | N2: Variance | O2: Budgeted | P2: Actual | Q2: Variance | R2: Budgeted | S2: Actual | T2: Variance | U2: Budgeted | V2: Actual | W2: Variance | X2: Budgeted | Y2: Actual | Z2: Variance | AA2: Budgeted | AB2: Actual | AC2: Variance | AD2: Budgeted | AE2: Actual | AF2: Variance | AG2: Budgeted | AH2: Actual | AI2: Variance | AJ2: Budgeted | AK2: Actual | AL2: Variance | AM2: Budgeted | AN2: Actual | AO2: Variance | AP2: Budgeted | AQ2: Actual YTD | AR2: Variance YTD | AU2: overheads
AU3: people
E4: Total Running Costs | F4: =F13+F20+F36+F41+F47+F53+F65+F72+F82+F92 -> 5390.9312 | G4: =G13+G20+G36+G41+G47+G53+G65+G72+G82+G92 -> 466.73025 | H4: =H13+H20+H36+H41+H47+H53+H65+H72+H82+H92 -> 466.73025 | I4: =I13+I20+I36+I41+I47+I53+I65+I72+I82+I92 -> 4413.8769 | J4: =J13+J20+J36+J41+J47+J53+J65+J72+J82+J92 -> 466.73025 | K4: =K13+K20+K36+K41+K47+K53+K65+K72+K82+K92 -> 466.73025 | L4: =L13+L20+L36+L41+L47+L53+L65+L72+L82+L92 -> 3885.7349 | M4: =M13+M20+M36+M41+M47+M53+M65+M72+M82+M92 -> 552.00746 | ... AM4: =AM13+AM20+AM36+AM41+AM47+AM53+AM65+AM72+AM82+AM92 -> 5346.8151 | AN4: =AN13+AN20+AN36+AN41+AN47+AN53+AN65+AN72+AN82 -> 0 | AO4: =AO13+AO20+AO36+AO41+AO47+AO53+AO65+AO72+AO82 -> 0 | AP4: =AP13+AP20+AP36+AP41+AP47+AP53+AP65+AP72+AP82+AP92 -> 65680.629 | AS4: =AP4/$AP$4 -> 1 | AU4: maintainance
AU5: property
E6: Income | F6: =SUM(F8:F12) -> 0 | G6: =SUM(G7:G12) -> 0 | H6: =SUM(H7:H12) -> 0 | I6: =SUM(I7:I12) -> 0 | J6: =SUM(J7:J12) -> 0 | K6: =SUM(K7:K12) -> 0 | L6: =SUM(L7:L12) -> 0 | M6: =SUM(M7:M12) -> 0 | N6: =SUM(N7:N12) -> 0 | ... AO6: =SUM(AO7:AO12) -> 0 | AP6: =SUM(F6,I6,L6,O6,R6,U6,X6,AA6,AD6,AG6,AJ6,AM6) -> 44273 | AS6: =(AP6/$AP$6) -> 1 | AU6: indirect
B7: 0500/000 | D7: Income | E7: Sales - Other | AP7: =SUM(F7,I7,L7,O7,R7,U7,X7,AA7,AD7,AG7,AJ7,AM7) -> 0 | AS7: =(AP7/$AP$6) -> 0 | AU7: admin
B8: 1000/000 | D8: Income | E8: Sales - Cattle | F8: ='REVENUE ASSUMPTIONS'!G8 -> 0 | I8: ='REVENUE ASSUMPTIONS'!H8 -> 0 | L8: ='REVENUE ASSUMPTIONS'!I8 -> 0 | O8: ='REVENUE ASSUMPTIONS'!J8 -> 0 | R8: ='REVENUE ASSUMPTIONS'!K8 -> 12408 | U8: ='REVENUE ASSUMPTIONS'!L8 -> 0 | X8: ='REVENUE ASSUMPTIONS'!M8 -> 0 | AA8: ='REVENUE ASSUMPTIONS'!N8 -> 8800 | AD8: ='REVENUE ASSUMPTIONS'!O8 -> 11340 | AG8: ='REVENUE ASSUMPTIONS'!P8 -> 0 | AJ8: ='REVENUE ASSUMPTIONS'!Q8 -> 0 | AM8: ='REVENUE ASSUMPTIONS'!R8 -> 11725 | AP8: =SUM(F8,I8,L8,O8,R8,U8,X8,AA8,AD8,AG8,AJ8,AM8) -> 44273 | AS8: =(AP8/$AP$6) -> 1
B9: 2750/000 | D9: Income | E9: Interest Received | AP9: =SUM(F9,I9,L9,O9,R9,U9,X9,AA9,AD9,AG9,AJ9,AM9) -> 0 | AS9: =(AP9/$AP$6) -> 0 | AU9: direct
B10: 2850/000 | D10: Income | E10: Bad Debts Recovered | AP10: =SUM(F10,I10,L10,O10,R10,U10,X10,AA10,AD10,AG10,AJ10,AM10) -> 0 | AS10: =(AP10/$AP$6) -> 0 | AU10: vets and meds
B11: 2900/000 | D11: Income | E11: Sundry Income | AP11: =SUM(F11,I11,L11,O11,R11,U11,X11,AA11,AD11,AG11,AJ11,AM11) -> 0 | AS11: =(AP11/$AP$6) -> 0 | AU11: feed
AU12: salaries and wages
B13: 1500/000 | E13: Operating Costs - Cattle | F13: =SUM(F14:F18) -> 0 | G13: =SUM(G14:G18) -> 0 | H13: =SUM(H14:H18) -> 0 | I13: =SUM(I14:I18) -> 0 | J13: =SUM(J14:J18) -> 0 | K13: =SUM(K14:K18) -> 0 | L13: =SUM(L14:L18) -> 0 | M13: =SUM(M14:M18) -> 0 | ... AM13: =SUM(AM14:AM18) -> 703.5 | AP13: =SUM(F13,I13,L13,O13,R13,U13,X13,AA13,AD13,AG13,AJ13,AM13) -> 2671.38 | AS13: =AP13/$AP$4 -> 0.040672266
B14: 1500/010 | D14: Cattle | E14: Cattle - Purchases | AP14: =SUM(F14,I14,L14,O14,R14,U14,X14,AA14,AD14,AG14,AJ14,AM14) -> 0 | AS14: =AP14/$AP$4 -> 0
B15: 1500/060 | D15: Admin | E15: Cattle - Permits | R15: 5 | X15: 5 | AA15: 5 | AP15: =SUM(F15,I15,L15,O15,R15,U15,X15,AA15,AD15,AG15,AJ15,AM15) -> 15 | AS15: =AP15/$AP$4 -> 0.00022837784
B16: 1500/070 | D16: Cost of Sales | E16: Cattle - Partnership Fee | F16: =F8*0.035 -> 0 | G16: =G8*0.035 -> 0 | H16: =H8*0.035 -> 0 | I16: =I8*0.035 -> 0 | J16: =J8*0.035 -> 0 | K16: =K8*0.035 -> 0 | L16: =L8*0.035 -> 0 | M16: =M8*0.035 -> 0 | ... AM16: =AM8*0.035 -> 410.375 | AP16: =SUM(F16,I16,L16,O16,R16,U16,X16,AA16,AD16,AG16,AJ16,AM16) -> 1549.555 | AS16: =AP16/$AP$4 -> 0.023592268
B17: 1500/099 | D17: Cattle | E17: Cattle - Other Costs | AP17: =SUM(F17,I17,L17,O17,R17,U17,X17,AA17,AD17,AG17,AJ17,AM17) -> 0 | AS17: =AP17/$AP$4 -> 0
B18: 1500/500 | D18: Cost of Sales | E18: Cattle - Commission on Sales | F18: =0.025*F8 -> 0 | G18: =0.025*G8 -> 0 | H18: =0.025*H8 -> 0 | I18: =0.025*I8 -> 0 | J18: =0.025*J8 -> 0 | K18: =0.025*K8 -> 0 | L18: =0.025*L8 -> 0 | M18: =0.025*M8 -> 0 | ... AM18: =0.025*AM8 -> 293.125 | AN18: =0.072*AN8 -> 0 | AO18: =0.072*AO8 -> 0 | AP18: =SUM(F18,I18,L18,O18,R18,U18,X18,AA18,AD18,AG18,AJ18,AM18) -> 1106.825 | AS18: =AP18/$AP$4 -> 0.01685162
B20: 2300/000 | E20: Farm Costs - General | F20: =SUM(F21:F34) -> 435 | G20: =SUM(G21:G34) -> 0 | H20: =SUM(H21:H34) -> 0 | I20: =SUM(I21:I34) -> 753 | J20: =SUM(J21:J34) -> 0 | K20: =SUM(K21:K34) -> 0 | L20: =SUM(L21:L34) -> 435 | M20: =SUM(M21:M34) -> 0 | ... AM20: =SUM(AM21:AM34) -> 435 | AP20: =SUM(F20,I20,L20,O20,R20,U20,X20,AA20,AD20,AG20,AJ20,AM20) -> 8290 | AS20: =AP20/$AP$4 -> 0.12621682
B21: 2300/004 | D21: Transport | E21: Farm Costs - Transport Cattle | I21: =1.5*212 -> 318 | U21: =1.5*212*2 -> 636 | AA21: =212*1.5*2 -> 636 | AP21: =SUM(F21,I21,L21,O21,R21,#REF!,U21,AA21,AD21,AG21,AJ21,AM21) -> #REF! | AS21: =AP21/$AP$4 -> #REF!
B22: 2300/006 | D22: Transport | E22: Farm Costs - Transport Other | AP22: =SUM(F22,I22,L22,O22,R22,U22,X22,AA22,AD22,AG22,AJ22,AM22) -> 0 | AS22: =AP22/$AP$4 -> 0
B23: 2300/010 | E23: Farm Costs - Electricity | AP23: =SUM(F23,I23,L23,O23,R23,U23,X23,AA23,AD23,AG23,AJ23,AM23) -> 0 | AS23: =AP23/$AP$4 -> 0
B24: 2300/040 | E24: Farm Costs - Chemicals | AP24: =SUM(F24,I24,L24,O24,R24,U24,X24,AA24,AD24,AG24,AJ24,AM24) -> 0 | AS24: =AP24/$AP$4 -> 0
B25: 2300/220 | E25: Farm Costs - Fertilisers | AP25: =SUM(F25,I25,L25,O25,R25,U25,X25,AA25,AD25,AG25,AJ25,AM25) -> 0 | AS25: =AP25/$AP$4 -> 0
B26: 2300/300 | D26: R&M | E26: Farm Costs - Small Tools | F26: 5 | I26: 5 | L26: 5 | O26: 5 | R26: 5 | U26: 5 | X26: 5 | AA26: 5 | AD26: 5 | AG26: 5 | AJ26: 5 | AM26: 5 | AP26: =SUM(F26,I26,L26,O26,R26,U26,X26,AA26,AD26,AG26,AJ26,AM26) -> 60 | AS26: =AP26/$AP$4 -> 0.00091351135
B27: 2300/060 | D27: R&M | E27: Farm Costs - Buildings Maintenance | F27: 10 | I27: 10 | L27: 10 | O27: 10 | R27: 10 | U27: 10 | X27: 10 | AA27: 10 | AD27: 10 | AG27: 10 | AJ27: 10 | AM27: 10 | AP27: =SUM(F27,I27,L27,O27,R27,U27,X27,AA27,AD27,AG27,AJ27,AM27) -> 120 | AS27: =AP27/$AP$4 -> 0.0018270227
B28: 2300/070 | D28: R&M | E28: Farm Costs - Farm Machinery Maintenance | F28: 250 | I28: 250 | L28: 250 | O28: 250 | R28: 250 | U28: 250 | X28: 250 | AA28: 250 | AD28: 250 | AG28: 250 | AJ28: 250 | AM28: 250 | AP28: =SUM(F28,I28,L28,O28,R28,U28,X28,AA28,AD28,AG28,AJ28,AM28) -> 3000 | AS28: =AP28/$AP$4 -> 0.045675567
B29: 2300/080 | D29: R&M | E29: Farm Costs - Motor Vehicle Maintenance | F29: 150 | I29: 150 | L29: 150 | O29: 150 | R29: 150 | U29: 150 | X29: 150 | AA29: 150 | AD29: 150 | AG29: 150 | AJ29: 150 | AM29: 150 | AP29: =SUM(F29,I29,L29,O29,R29,U29,X29,AA29,AD29,AG29,AJ29,AM29) -> 1800 | AS29: =AP29/$AP$4 -> 0.02740534
B30: 2300/100 | D30: R&M | E30: Farm Costs - Hire of Equipment | AP30: =SUM(F30,I30,L30,O30,R30,U30,X30,AA30,AD30,AG30,AJ30,AM30) -> 0 | AS30: =AP30/$AP$4 -> 0
B31: 2500/600 | D31: R&M | E31: Farm Costs - Water & Pumping - R&M | F31: 10 | I31: 10 | L31: 10 | O31: 10 | R31: 150 | U31: 10 | X31: 10 | AA31: 10 | AD31: 10 | AG31: 10 | AJ31: 150 | AM31: 10 | AP31: =SUM(F31,I31,L31,O31,R31,U31,X31,AA31,AD31,AG31,AJ31,AM31) -> 400 | AS31: =AP31/$AP$4 -> 0.0060900756
B32: 2300/501 | D32: R&M | E32: Farm Costs - Fencing & Handling Facility - R&M | AP32: =SUM(F32,I32,L32,O32,R32,U32,X32,AA32,AD32,AG32,AJ32,AM32) -> 0 | AS32: =AP32/$AP$4 -> 0
B33: 2500/040 | D33: R&M | E33: Farm Costs - Workshop Consumables | F33: 10 | I33: 10 | L33: 10 | O33: 10 | R33: 10 | U33: 10 | X33: 10 | AA33: 10 | AD33: 10 | AG33: 10 | AJ33: 10 | AM33: 10 | AP33: =SUM(F33,I33,L33,O33,R33,U33,X33,AA33,AD33,AG33,AJ33,AM33) -> 120 | AS33: =AP33/$AP$4 -> 0.0018270227
B34: 2300/085 | D34: R&M | E34: Farm Costs - Tyres | F34: 0 | I34: 0 | L34: 0 | O34: 0 | R34: 1200 | U34: 0 | X34: 0 | AA34: 0 | AD34: 0 | AG34: 0 | AJ34: 0 | AM34: 0 | AP34: =SUM(F34,I34,L34,O34,R34,U34,X34,AA34,AD34,AG34,AJ34,AM34) -> 1200 | AS34: =AP34/$AP$4 -> 0.018270227
B36: 2300/600 | E36: Farm Costs - Fuel & Lubes | F36: =SUM(F37:F39) -> 550 | G36: =SUM(G37:G39) -> 0 | H36: =SUM(H37:H39) -> 0 | I36: =SUM(I37:I39) -> 550 | J36: =SUM(J37:J39) -> 0 | K36: =SUM(K37:K39) -> 0 | L36: =SUM(L37:L39) -> 550 | M36: =SUM(M37:M39) -> 0 | ... AM36: =SUM(AM37:AM39) -> 550 | AP36: =SUM(F36,I36,L36,O36,R36,U36,X36,AA36,AD36,AG36,AJ36,AM36) -> 7000 | AS36: =AP36/$AP$4 -> 0.10657632
B37: 2300/601 | D37: Fuel | E37: Farm Costs - Fuel - Diesel | F37: 300 | I37: 300 | L37: 300 | O37: 300 | R37: 500 | U37: 500 | X37: 300 | AA37: 300 | AD37: 300 | AG37: 300 | AJ37: 300 | AM37: 300 | AP37: =SUM(F37,I37,L37,O37,R37,U37,X37,AA37,AD37,AG37,AJ37,AM37) -> 4000 | AS37: =AP37/$AP$4 -> 0.060900756
B38: 2300/602 | D38: Fuel | E38: Farm Costs - Fuel - Petrol | F38: 200 | I38: 200 | L38: 200 | O38: 200 | R38: 200 | U38: 200 | X38: 200 | AA38: 200 | AD38: 200 | AG38: 200 | AJ38: 200 | AM38: 200 | AP38: =SUM(F38,I38,L38,O38,R38,U38,X38,AA38,AD38,AG38,AJ38,AM38) -> 2400 | AS38: =AP38/$AP$4 -> 0.036540454
B39: 2300/603 | D39: Fuel | E39: Farm Costs - Fuel - Oil & Lubrication | F39: 50 | I39: 50 | L39: 50 | O39: 50 | R39: 50 | U39: 50 | X39: 50 | AA39: 50 | AD39: 50 | AG39: 50 | AJ39: 50 | AM39: 50 | AP39: =SUM(F39,I39,L39,O39,R39,U39,X39,AA39,AD39,AG39,AJ39,AM39) -> 600 | AS39: =AP39/$AP$4 -> 0.0091351135
B41: 2300/700 | E41: Farm Costs - Veterinary Costs | F41: =SUM(F42:F45) -> 552.43545 | G41: =SUM(G42:G45) -> 466.73025 | H41: =SUM(H42:H45) -> 466.73025 | I41: =SUM(I42:I45) -> 375.80391 | J41: =SUM(J42:J45) -> 466.73025 | K41: =SUM(K42:K45) -> 466.73025 | L41: =SUM(L42:L45) -> 103.0433 | M41: =SUM(M42:M45) -> 552.00746 | ... AM41: =SUM(AM42:AM45) -> 106.6093 | AP41: =SUM(F41,I41,L41,O41,R41,U41,X41,AA41,AD41,AG41,AJ41,AM41) -> 2670.4853 | AS41: =AP41/$AP$4 -> 0.040658644
B42: 2300/701 | D42: Vets and Meds | E42: Farm Costs - Veterinary Vaccination | F42: =SUM('VET & MED Costs'!$E$41:$H$41) -> 0 | G42: =SUM('VET & MED Costs'!$E$41:$H$41) -> 0 | H42: =SUM('VET & MED Costs'!$E$41:$H$41) -> 0 | I42: =SUM('VET & MED Costs'!$E$42:$H$42) -> 272.50236 | J42: =SUM('VET & MED Costs'!$E$41:$H$41) -> 0 | K42: =SUM('VET & MED Costs'!$E$41:$H$41) -> 0 | L42: =SUM('VET & MED Costs'!$E$43:$H$43) -> 0 | M42: =SUM('VET & MED Costs'!$E$41:$H$41) -> 0 | N42: =SUM('VET & MED Costs'!$E$41:$H$41) -> 0 | O42: =SUM('VET & MED Costs'!$E$44:$H$44) -> 147.08986 | P42: =SUM('VET & MED Costs'!$E$41:$H$41) -> 0 | Q42: =SUM('VET & MED Costs'!$E$41:$H$41) -> 0 | R42: =SUM('VET & MED Costs'!$E$45:$H$45) -> 0 | S42: =SUM('VET & MED Costs'!$E$41:$H$41) -> 0 | T42: =SUM('VET & MED Costs'!$E$41:$H$41) -> 0 | U42: =SUM('VET & MED Costs'!$E$46:$H$46) -> 0 | V42: =SUM('VET & MED Costs'!$E$41:$H$41) -> 0 | W42: =SUM('VET & MED Costs'!$E$41:$H$41) -> 0 | X42: =SUM('VET & MED Costs'!$E$47:$H$47) -> 167.66136 | Y42: =SUM('VET & MED Costs'!$E$41:$H$41) -> 0 | Z42: =SUM('VET & MED Costs'!$E$41:$H$41) -> 0 | AA42: =SUM('VET & MED Costs'!$E$48:$H$48) -> 0 | AB42: =SUM('VET & MED Costs'!$E$41:$H$41) -> 0 | AC42: =SUM('VET & MED Costs'!$E$41:$H$41) -> 0 | AD42: =SUM('VET & MED Costs'!$E$49:$H$49) -> 0 | AE42: =SUM('VET & MED Costs'!$E$41:$H$41) -> 0 | AF42: =SUM('VET & MED Costs'!$E$41:$H$41) -> 0 | AG42: =SUM('VET & MED Costs'!$E$50:$H$50) -> 202.56694 | AH42: =SUM('VET & MED Costs'!$E$41:$H$41) -> 0 | AI42: =SUM('VET & MED Costs'!$E$41:$H$41) -> 0 | AJ42: =SUM('VET & MED Costs'!$E$51:$H$51) -> 0 | AK42: =SUM('VET & MED Costs'!$E$41:$H$41) -> 0 | AL42: =SUM('VET & MED Costs'!$E$41:$H$41) -> 0 | AM42: =SUM('VET & MED Costs'!$E$52:$H$52) -> 0 | AP42: =SUM(F42,I42,L42,O42,R42,U42,X42,AA42,AD42,AG42,AJ42,AM42) -> 789.82052 | AS42: =AP42/$AP$4 -> 0.012025167
B43: 2300/702 | D43: Vets and Meds | E43: Farm Costs - Veterinary Dip | F43: ='VET & MED Costs'!C41 -> 85.7052 | I43: ='VET & MED Costs'!C42 -> 85.490937 | L43: ='VET & MED Costs'!$C$43 -> 85.27721 | M43: ='VET & MED Costs'!$C$43 -> 85.27721 | N43: ='VET & MED Costs'!$C$43 -> 85.27721 | O43: ='VET & MED Costs'!$C$44 -> 85.064017 | P43: ='VET & MED Costs'!$C$43 -> 85.27721 | Q43: ='VET & MED Costs'!$C$43 -> 85.27721 | R43: ='VET & MED Costs'!$C$45 -> 79.091357 | S43: ='VET & MED Costs'!$C$43 -> 85.27721 | T43: ='VET & MED Costs'!$C$43 -> 85.27721 | U43: ='VET & MED Costs'!$C$46 -> 78.893628 | V43: ='VET & MED Costs'!$C$43 -> 85.27721 | W43: ='VET & MED Costs'!$C$43 -> 85.27721 | X43: ='VET & MED Costs'!$C$47 -> 78.696394 | Y43: ='VET & MED Costs'!$C$43 -> 85.27721 | Z43: ='VET & MED Costs'!$C$43 -> 85.27721 | AA43: ='VET & MED Costs'!$C$48 -> 67.939653 | AB43: ='VET & MED Costs'!$C$43 -> 85.27721 | AC43: ='VET & MED Costs'!$C$43 -> 85.27721 | AD43: ='VET & MED Costs'!$C$49 -> 60.089804 | AE43: ='VET & MED Costs'!$C$43 -> 85.27721 | AF43: ='VET & MED Costs'!$C$43 -> 85.27721 | AG43: ='VET & MED Costs'!$C$50 -> 71.738427 | AH43: ='VET & MED Costs'!$C$43 -> 85.27721 | AI43: ='VET & MED Costs'!$C$43 -> 85.27721 | AJ43: ='VET & MED Costs'!$C$51 -> 83.357929 | AK43: ='VET & MED Costs'!$C$43 -> 85.27721 | AL43: ='VET & MED Costs'!$C$43 -> 85.27721 | AM43: ='VET & MED Costs'!$C$52 -> 88.228382 | AP43: =SUM(F43,I43,L43,O43,R43,U43,X43,AA43,AD43,AG43,AJ43,AM43) -> 949.57294 | AS43: =AP43/$AP$4 -> 0.014457428
B44: 2300/703 | D44: Vets and Meds | E44: Farm Costs - Veterinary General Treatments | F44: =SUM('VET & MED Costs'!$D$41,'VET & MED Costs'!$I$41,'VET & MED Costs'!$J$41,'VET & MED Costs'!$L$41) -> 466.73025 | G44: =SUM('VET & MED Costs'!$D$41,'VET & MED Costs'!$I$41,'VET & MED Costs'!$J$41,'VET & MED Costs'!$L$41) -> 466.73025 | H44: =SUM('VET & MED Costs'!$D$41,'VET & MED Costs'!$I$41,'VET & MED Costs'!$J$41,'VET & MED Costs'!$L$41) -> 466.73025 | I44: =SUM('VET & MED Costs'!$D$42,'VET & MED Costs'!$I$42,'VET & MED Costs'!$J$42,'VET & MED Costs'!$L$42) -> 17.810612 | J44: =SUM('VET & MED Costs'!$D$41,'VET & MED Costs'!$I$41,'VET & MED Costs'!$J$41,'VET & MED Costs'!$L$41) -> 466.73025 | K44: =SUM('VET & MED Costs'!$D$41,'VET & MED Costs'!$I$41,'VET & MED Costs'!$J$41,'VET & MED Costs'!$L$41) -> 466.73025 | L44: =SUM('VET & MED Costs'!$D$43,'VET & MED Costs'!$I$43,'VET & MED Costs'!$J$43,'VET & MED Costs'!$L$43) -> 17.766085 | M44: =SUM('VET & MED Costs'!$D$41,'VET & MED Costs'!$I$41,'VET & MED Costs'!$J$41,'VET & MED Costs'!$L$41) -> 466.73025 | N44: =SUM('VET & MED Costs'!$D$41,'VET & MED Costs'!$I$41,'VET & MED Costs'!$J$41,'VET & MED Costs'!$L$41) -> 466.73025 | O44: =SUM('VET & MED Costs'!$D$44,'VET & MED Costs'!$I$44,'VET & MED Costs'!$J$44,'VET & MED Costs'!$L$44) -> 17.72167 | P44: =SUM('VET & MED Costs'!$D$41,'VET & MED Costs'!$I$41,'VET & MED Costs'!$J$41,'VET & MED Costs'!$L$41) -> 466.73025 | Q44: =SUM('VET & MED Costs'!$D$41,'VET & MED Costs'!$I$41,'VET & MED Costs'!$J$41,'VET & MED Costs'!$L$41) -> 466.73025 | R44: =SUM('VET & MED Costs'!$D$45,'VET & MED Costs'!$I$45,'VET & MED Costs'!$J$45,'VET & MED Costs'!$L$45) -> 16.477366 | S44: =SUM('VET & MED Costs'!$D$41,'VET & MED Costs'!$I$41,'VET & MED Costs'!$J$41,'VET & MED Costs'!$L$41) -> 466.73025 | T44: =SUM('VET & MED Costs'!$D$41,'VET & MED Costs'!$I$41,'VET & MED Costs'!$J$41,'VET & MED Costs'!$L$41) -> 466.73025 | U44: =SUM('VET & MED Costs'!$D$46,'VET & MED Costs'!$I$46,'VET & MED Costs'!$J$46,'VET & MED Costs'!$L$46) -> 16.436173 | V44: =SUM('VET & MED Costs'!$D$41,'VET & MED Costs'!$I$41,'VET & MED Costs'!$J$41,'VET & MED Costs'!$L$41) -> 466.73025 | W44: =SUM('VET & MED Costs'!$D$41,'VET & MED Costs'!$I$41,'VET & MED Costs'!$J$41,'VET & MED Costs'!$L$41) -> 466.73025 | X44: =SUM('VET & MED Costs'!$D$47,'VET & MED Costs'!$I$47,'VET & MED Costs'!$J$47,'VET & MED Costs'!$L$47) -> 16.395082 | Y44: =SUM('VET & MED Costs'!$D$41,'VET & MED Costs'!$I$41,'VET & MED Costs'!$J$41,'VET & MED Costs'!$L$41) -> 466.73025 | Z44: =SUM('VET & MED Costs'!$D$41,'VET & MED Costs'!$I$41,'VET & MED Costs'!$J$41,'VET & MED Costs'!$L$41) -> 466.73025 | AA44: =SUM('VET & MED Costs'!$D$48,'VET & MED Costs'!$I$48,'VET & MED Costs'!$J$48,'VET & MED Costs'!$L$48) -> 14.154094 | AB44: =SUM('VET & MED Costs'!$D$41,'VET & MED Costs'!$I$41,'VET & MED Costs'!$J$41,'VET & MED Costs'!$L$41) -> 466.73025 | AC44: =SUM('VET & MED Costs'!$D$41,'VET & MED Costs'!$I$41,'VET & MED Costs'!$J$41,'VET & MED Costs'!$L$41) -> 466.73025 | AD44: =SUM('VET & MED Costs'!$D$49,'VET & MED Costs'!$I$49,'VET & MED Costs'!$J$49,'VET & MED Costs'!$L$49) -> 12.518709 | AE44: =SUM('VET & MED Costs'!$D$41,'VET & MED Costs'!$I$41,'VET & MED Costs'!$J$41,'VET & MED Costs'!$L$41) -> 466.73025 | AF44: =SUM('VET & MED Costs'!$D$41,'VET & MED Costs'!$I$41,'VET & MED Costs'!$J$41,'VET & MED Costs'!$L$41) -> 466.73025 | AG44: =SUM('VET & MED Costs'!$D$50,'VET & MED Costs'!$I$50,'VET & MED Costs'!$J$50,'VET & MED Costs'!$L$50) -> 103.29985 | AH44: =SUM('VET & MED Costs'!$D$41,'VET & MED Costs'!$I$41,'VET & MED Costs'!$J$41,'VET & MED Costs'!$L$41) -> 466.73025 | AI44: =SUM('VET & MED Costs'!$D$41,'VET & MED Costs'!$I$41,'VET & MED Costs'!$J$41,'VET & MED Costs'!$L$41) -> 466.73025 | AJ44: =SUM('VET & MED Costs'!$D$51,'VET & MED Costs'!$I$51,'VET & MED Costs'!$J$51,'VET & MED Costs'!$L$51) -> 17.366235 | AK44: =SUM('VET & MED Costs'!$D$41,'VET & MED Costs'!$I$41,'VET & MED Costs'!$J$41,'VET & MED Costs'!$L$41) -> 466.73025 | AL44: =SUM('VET & MED Costs'!$D$41,'VET & MED Costs'!$I$41,'VET & MED Costs'!$J$41,'VET & MED Costs'!$L$41) -> 466.73025 | AM44: =SUM('VET & MED Costs'!$D$52,'VET & MED Costs'!$I$52,'VET & MED Costs'!$J$52,'VET & MED Costs'!$L$52) -> 18.380913 | AP44: =SUM(F44,L43,L44,O44,R44,U44,X44,AA44,AD44,AG44,AJ44,AM44) -> 802.52364 | AS44: =AP44/$AP$4 -> 0.012218574
B45: 2300/704 | D45: Vets and Meds | E45: Farm Costs - Veterinary Vet Fees | F45: ='VET & MED Costs'!$K$41 -> 0 | G45: ='VET & MED Costs'!$K$41 -> 0 | H45: ='VET & MED Costs'!$K$41 -> 0 | I45: ='VET & MED Costs'!$K$42 -> 0 | J45: ='VET & MED Costs'!$K$41 -> 0 | K45: ='VET & MED Costs'!$K$41 -> 0 | L45: ='VET & MED Costs'!$K$43 -> 0 | M45: ='VET & MED Costs'!$K$41 -> 0 | N45: ='VET & MED Costs'!$K$41 -> 0 | O45: ='VET & MED Costs'!$K$44 -> 0 | P45: ='VET & MED Costs'!$K$41 -> 0 | Q45: ='VET & MED Costs'!$K$41 -> 0 | R45: ='VET & MED Costs'!$K$45 -> 0 | S45: ='VET & MED Costs'!$K$41 -> 0 | T45: ='VET & MED Costs'!$K$41 -> 0 | U45: ='VET & MED Costs'!$K$46 -> 0 | V45: ='VET & MED Costs'!$K$41 -> 0 | W45: ='VET & MED Costs'!$K$41 -> 0 | X45: ='VET & MED Costs'!$K$47 -> 0 | Y45: ='VET & MED Costs'!$K$41 -> 0 | Z45: ='VET & MED Costs'!$K$41 -> 0 | AA45: ='VET & MED Costs'!$K$48 -> 196.03483 | AB45: ='VET & MED Costs'!$K$41 -> 0 | AC45: ='VET & MED Costs'!$K$41 -> 0 | AD45: ='VET & MED Costs'!$K$49 -> 0 | AE45: ='VET & MED Costs'!$K$41 -> 0 | AF45: ='VET & MED Costs'!$K$41 -> 0 | AG45: ='VET & MED Costs'!$K$50 -> 0 | AH45: ='VET & MED Costs'!$K$41 -> 0 | AI45: ='VET & MED Costs'!$K$41 -> 0 | AJ45: ='VET & MED Costs'!$K$51 -> 0 | AK45: ='VET & MED Costs'!$K$41 -> 0 | AL45: ='VET & MED Costs'!$K$41 -> 0 | AM45: ='VET & MED Costs'!$K$52 -> 0 | AP45: =SUM(F45,I45,L45,O45,R45,U45,X45,AA45,AD45,AG45,AJ45,AM45) -> 196.03483 | AS45: =AP45/$AP$4 -> 0.0029846673
B47: 2300/800 | E47: Farm Costs - Stock Feeds & Licks | F47: =SUM(F48:F50) -> 225.1158 | G47: =SUM(G48:G50) -> 0 | H47: =SUM(H48:H50) -> 0 | I47: =SUM(I48:I50) -> 224.55301 | J47: =SUM(J48:J50) -> 0 | K47: =SUM(K48:K50) -> 0 | L47: =SUM(L48:L50) -> 223.99163 | M47: =SUM(M48:M50) -> 0 | ... AM47: =SUM(AM48:AM50) -> 398.86581 | AP47: =SUM(F47,I47,L47,O47,R47,U47,X47,AA47,AD47,AG47,AJ47,AM47) -> 10469.764 | AS47: =AP47/$AP$4 -> 0.15940413
B48: 2300/801 | D48: Feed | E48: Farm Costs - Feeds Special Nutrition | AP48: =SUM(F48,I48,L48,O48,R48,U48,X48,AA48,AD48,AG48,AJ48,AM48) -> 0 | AS48: =AP48/$AP$4 -> 0
B49: 2300/802 | D49: Feed | E49: Farm Costs - Feeds Winter Maintenance | X49: ='HERD FEED COSTS'!J36 -> 731.55363 | AA49: ='HERD FEED COSTS'!J37 -> 649.58974 | AD49: ='HERD FEED COSTS'!J38 -> 1573.1273 | AG49: ='HERD FEED COSTS'!J39 -> 1932.7298 | AJ49: ='HERD FEED COSTS'!J40 -> 2175.9577 | AP49: =SUM(F49,I49,L49,O49,R49,U49,X49,AA49,AD49,AG49,AJ49,AM49) -> 7062.9582 | AS49: =AP49/$AP$4 -> 0.10753487
B50: 2300/803 | D50: Feed | E50: Farm Costs - Feeds Summer Maintenance | F50: ='HERD FEED COSTS'!J30 -> 225.1158 | I50: ='HERD FEED COSTS'!J31 -> 224.55301 | L50: ='HERD FEED COSTS'!J32 -> 223.99163 | O50: ='HERD FEED COSTS'!J33 -> 223.43165 | R50: ='HERD FEED COSTS'!J34 -> 196.83307 | U50: ='HERD FEED COSTS'!J35 -> 1914.0147 | AM50: ='HERD FEED COSTS'!J41 -> 398.86581 | AP50: =SUM(F50,I50,L50,O50,R50,U50,X50,AA50,AD50,AG50,AJ50,AM50) -> 3406.8057 | AS50: =AP50/$AP$4 -> 0.051869261
B51: 2300/005 | D51: Transport | E51: Farm Costs - Transport Stock Feed | F51: 0 | I51: 0 | L51: 0 | O51: =1.5*106 -> 159 | R51: =1.5*106 -> 159 | U51: =1.5*106 -> 159 | X51: =1.5*106 -> 159 | AA51: =1.5*106 -> 159 | AD51: =1.5*106 -> 159 | AG51: =1.5*106 -> 159 | AJ51: =1.5*106 -> 159 | AM51: =1.5*106 -> 159 | AP51: =SUM(F51,I51,L51,O51,R51,U51,X51,AA51,AD51,AG51,AJ51,AM51) -> 1431 | AS51: =AP51/$AP$4 -> 0.021787246
B53: 2450/000 | E53: Farm Costs - Staff Costs | F53: =SUM(F54:F63) -> 1727.12 | G53: =SUM(G54:G63) -> 0 | H53: =SUM(H54:H63) -> 0 | I53: =SUM(I54:I63) -> 863.88 | J53: =SUM(J54:J63) -> 0 | K53: =SUM(K54:K63) -> 0 | L53: =SUM(L54:L63) -> 927.12 | M53: =SUM(M54:M63) -> 0 | ... AM53: =SUM(AM54:AM63) -> 1432.02 | AP53: =SUM(F53,I53,L53,O53,R53,U53,X53,AA53,AD53,AG53,AJ53,AM53) -> 13040.62 | AS53: =AP53/$AP$4 -> 0.19854591
B54: 2450/010 | D54: People | E54: Staff Costs - Staff Welfare | F54: 100 | I54: 100 | L54: 100 | O54: 100 | R54: 100 | U54: 100 | X54: 100 | AA54: 100 | AD54: 100 | AG54: 100 | AJ54: 100 | AM54: 100 | AP54: =SUM(F54,I54,L54,O54,R54,U54,X54,AA54,AD54,AG54,AJ54,AM54) -> 1200 | AS54: =AP54/$AP$4 -> 0.018270227
B55: 2450/020 | D55: People | E55: Staff Costs - Housing | AP55: =SUM(F55,I55,L55,O55,R55,U55,X55,AA55,AD55,AG55,AJ55,AM55) -> 0 | AS55: =AP55/$AP$4 -> 0
B56: 2450/030 | D56: People | E56: Staff Costs - Transport | F56: 5 | I56: 5 | L56: 5 | O56: 5 | R56: 5 | U56: 5 | X56: 5 | AA56: 5 | AD56: 5 | AG56: 5 | AJ56: 5 | AM56: 5 | AP56: =SUM(F56,I56,L56,O56,R56,U56,X56,AA56,AD56,AG56,AJ56,AM56) -> 60 | AS56: =AP56/$AP$4 -> 0.00091351135
B57: 2450/040 | D57: People | E57: Staff Costs - Protective Clothing | F57: 800 | I57: 0 | L57: 0 | O57: 0 | R57: 0 | U57: 0 | X57: 0 | AA57: 0 | AD57: 800 | AG57: 0 | AJ57: 0 | AM57: 0 | AP57: =SUM(F57,I57,L57,O57,R57,U57,X57,AA57,AD57,AG57,AJ57,AM57) -> 1600 | AS57: =AP57/$AP$4 -> 0.024360303
B58: 2450/050 | D58: People | E58: Staff Costs - Medical | AP58: =SUM(F58,I58,L58,O58,R58,U58,X58,AA58,AD58,AG58,AJ58,AM58) -> 0 | AS58: =AP58/$AP$4 -> 0
B59: 2450/060 | D59: People | E59: Staff Costs - Training | AP59: =SUM(F59,I59,L59,O59,R59,U59,X59,AA59,AD59,AG59,AJ59,AM59) -> 0 | AS59: =AP59/$AP$4 -> 0
B60: 2450/099 | D60: People | E60: Staff Costs - General | AP60: =SUM(F60,I60,L60,O60,R60,U60,X60,AA60,AD60,AG60,AJ60,AM60) -> 0 | AS60: =AP60/$AP$4 -> 0
B61: 2450/100 | D61: People | E61: Staff Costs - Salaries & Wages | F61: =LABOUR!C21 -> 806 | I61: =LABOUR!E21 -> 744 | L61: =LABOUR!G21 -> 806 | O61: =LABOUR!I21 -> 775 | R61: =LABOUR!K21 -> 806 | U61: =LABOUR!M21 -> 775 | X61: =LABOUR!O21 -> 806 | AA61: =LABOUR!Q21 -> 806 | AD61: =LABOUR!S21 -> 775 | AG61: =LABOUR!U21 -> 806 | AJ61: =LABOUR!W21 -> 775 | AM61: =LABOUR!Y21 -> 1301 | AP61: =SUM(F61,I61,L61,O61,R61,U61,X61,AA61,AD61,AG61,AJ61,AM61) -> 9981 | AS61: =AP61/$AP$4 -> 0.15196261
B62: 2450/200 | D62: People | E62: Staff Costs - Casual Wages | AP62: =SUM(F62,I62,L62,O62,R62,U62,X62,AA62,AD62,AG62,AJ62,AM62) -> 0 | AS62: =AP62/$AP$4 -> 0
B63: 2450/110 | D63: People | E63: Staff Costs - NSSA & NEC Etc. | F63: =0.02*F61 -> 16.12 | I63: =0.02*I61 -> 14.88 | L63: =0.02*L61 -> 16.12 | O63: =0.02*O61 -> 15.5 | R63: =0.02*R61 -> 16.12 | U63: =0.02*U61 -> 15.5 | X63: =0.02*X61 -> 16.12 | AA63: =0.02*AA61 -> 16.12 | AD63: =0.02*AD61 -> 15.5 | AG63: =0.02*AG61 -> 16.12 | AJ63: =0.02*AJ61 -> 15.5 | AM63: =0.02*AM61 -> 26.02 | AP63: =SUM(F63,I63,L63,O63,R63,U63,X63,AA63,AD63,AG63,AJ63,AM63) -> 199.62 | AS63: =AP63/$AP$4 -> 0.0030392522
E65: Farm - Admin Costs | F65: =SUM(F66:F70) -> 386.26 | G65: =SUM(G66:G70) -> 0 | H65: =SUM(H66:H70) -> 0 | I65: =SUM(I66:I70) -> 131.64 | J65: =SUM(J66:J70) -> 0 | K65: =SUM(K66:K70) -> 0 | L65: =SUM(L66:L70) -> 131.58 | M65: =SUM(M66:M70) -> 0 | ... AM65: =SUM(AM66:AM70) -> 205.82 | AP65: =SUM(F65,I65,L65,O65,R65,U65,X65,AA65,AD65,AG65,AJ65,AM65) -> 3358.38 | AS65: =AP65/$AP$4 -> 0.051131971
B66: 3200/001 | D66: Admin | E66: Overheads - Bank Charges Cabs | F66: 78.13 | I66: 50.82 | L66: 50.79 | O66: 85.61 | R66: 108.29 | U66: 93.16 | X66: 120.98 | AA66: 148.74 | AD66: 121.76 | AG66: 129.37 | AJ66: 123.63 | AM66: 87.91 | AP66: =SUM(F66,I66,L66,O66,R66,U66,X66,AA66,AD66,AG66,AJ66,AM66) -> 1199.19 | AS66: =AP66/$AP$4 -> 0.018257895
B67: 3200/005 | D67: Admin | E67: Overheads - Bank Charges Ecocash | F67: 78.13 | I67: 50.82 | L67: 50.79 | O67: 85.61 | R67: 108.29 | U67: 93.16 | X67: 120.98 | AA67: 148.74 | AD67: 121.76 | AG67: 129.37 | AJ67: 123.63 | AM67: 87.91 | AP67: =SUM(F67,I67,L67,O67,R67,U67,X67,AA67,AD67,AG67,AJ67,AM67) -> 1199.19 | AS67: =AP67/$AP$4 -> 0.018257895
B68: 4200/000 | D68: Admin | E68: Printing & Stationary | F68: 200 | U68: 200 | AG68: 200 | AP68: =SUM(F68,I68,L68,O68,R68,U68,X68,AA68,AD68,AG68,AJ68,AM68) -> 600 | AS68: =AP68/$AP$4 -> 0.0091351135
B69: 4600/001 | D69: Admin | E69: Telephone | F69: 10 | I69: 10 | L69: 10 | O69: 10 | R69: 10 | U69: 10 | X69: 10 | AA69: 10 | AD69: 10 | AG69: 10 | AJ69: 10 | AM69: 10 | AP69: =SUM(F69,I69,L69,O69,R69,U69,X69,AA69,AD69,AG69,AJ69,AM69) -> 120 | AS69: =AP69/$AP$4 -> 0.0018270227
B70: 4600/002 | D70: Admin | E70: Internet | F70: 20 | I70: 20 | L70: 20 | O70: 20 | R70: 20 | U70: 20 | X70: 20 | AA70: 20 | AD70: 20 | AG70: 20 | AJ70: 20 | AM70: 20 | AP70: =SUM(F70,I70,L70,O70,R70,U70,X70,AA70,AD70,AG70,AJ70,AM70) -> 240 | AS70: =AP70/$AP$4 -> 0.0036540454
E72: Farm - Overhead Costs | F72: =SUM(F73:F80) -> 5 | G72: =SUM(G73:G80) -> 0 | H72: =SUM(H73:H80) -> 0 | I72: =SUM(I73:I80) -> 5 | J72: =SUM(J73:J80) -> 0 | K72: =SUM(K73:K80) -> 0 | L72: =SUM(L73:L80) -> 5 | M72: =SUM(M73:M80) -> 0 | ... AM72: =SUM(AM73:AM80) -> 5 | AP72: =SUM(F72,I72,L72,O72,R72,U72,X72,AA72,AD72,AG72,AJ72,AM72) -> 60 | AS72: =AP72/$AP$4 -> 0.00091351135
B73: 3350/000 | D73: Admin | E73: Overheads - Consulting Fees | AP73: =SUM(F73,I73,L73,O73,R73,U73,X73,AA73,AD73,AG73,AJ73,AM73) -> 0 | AS73: =AP73/$AP$4 -> 0
B74: 3400/000 | D74: Admin | E74: Overheads - Courier & Postage | F74: 5 | I74: 5 | L74: 5 | O74: 5 | R74: 5 | U74: 5 | X74: 5 | AA74: 5 | AD74: 5 | AG74: 5 | AJ74: 5 | AM74: 5 | AP74: =SUM(F74,I74,L74,O74,R74,U74,X74,AA74,AD74,AG74,AJ74,AM74) -> 60 | AS74: =AP74/$AP$4 -> 0.00091351135
B75: 3600/000 | D75: Admin | E75: Overheads - Donations | AP75: =SUM(F75,I75,L75,O75,R75,U75,X75,AA75,AD75,AG75,AJ75,AM75) -> 0 | AS75: =AP75/$AP$4 -> 0
B76: 3650/000 | D76: Admin | E76: Overheads - Electricity & Water | AP76: =SUM(F76,I76,L76,O76,R76,U76,X76,AA76,AD76,AG76,AJ76,AM76) -> 0 | AS76: =AP76/$AP$4 -> 0
B77: 3700/000 | D77: Admin | E77: Overheads - Entertainment Expenses | AP77: =SUM(F77,I77,L77,O77,R77,U77,X77,AA77,AD77,AG77,AJ77,AM77) -> 0 | AS77: =AP77/$AP$4 -> 0
B78: 3910/000 | D78: Admin | E78: Overheads - Grazing Fees | AP78: =SUM(F78,I78,L78,O78,R78,U78,X78,AA78,AD78,AG78,AJ78,AM78) -> 0 | AS78: =AP78/$AP$4 -> 0
B79: 3950/000 | D79: Admin | E79: Overheads - Leasing Charges | AP79: =SUM(F79,I79,L79,O79,R79,U79,X79,AA79,AD79,AG79,AJ79,AM79) -> 0 | AS79: =AP79/$AP$4 -> 0
B80: 3990/000 | D80: Admin | E80: Overheads - Meeting Costs | AP80: =SUM(F80,I80,L80,O80,R80,U80,X80,AA80,AD80,AG80,AJ80,AM80) -> 0 | AS80: =AP80/$AP$4 -> 0
B82: 4650/000 | E82: Overheads - Travel & Accommodation | F82: =SUM(F83:F86) -> 10 | G82: =SUM(G83:G86) -> 0 | H82: =SUM(H83:H86) -> 0 | I82: =SUM(I83:I86) -> 10 | J82: =SUM(J83:J86) -> 0 | K82: =SUM(K83:K86) -> 0 | L82: =SUM(L83:L86) -> 10 | M82: =SUM(M83:M86) -> 0 | ... AM82: =SUM(AM83:AM86) -> 10 | AP82: =SUM(F82,I82,L82,O82,R82,U82,X82,AA82,AD82,AG82,AJ82,AM82) -> 120 | AS82: =AP82/$AP$4 -> 0.0018270227
B83: 4650/010 | D83: People | E83: Overheads - Travel - Local | AP83: =SUM(F83,I83,L83,O83,R83,U83,X83,AA83,AD83,AG83,AJ83,AM83) -> 0 | AS83: =AP83/$AP$4 -> 0
B84: 4650/030 | D84: People | E84: Overheads - Accommodation | AP84: =SUM(F84,I84,L84,O84,R84,U84,X84,AA84,AD84,AG84,AJ84,AM84) -> 0 | AS84: =AP84/$AP$4 -> 0
B85: 4750/000 | D85: People | E85: Overheads - Transport | F85: 5 | I85: 5 | L85: 5 | O85: 5 | R85: 5 | U85: 5 | X85: 5 | AA85: 5 | AD85: 5 | AG85: 5 | AJ85: 5 | AM85: 5 | AP85: =SUM(F85,I85,L85,O85,R85,U85,X85,AA85,AD85,AG85,AJ85,AM85) -> 60 | AS85: =AP85/$AP$4 -> 0.00091351135
B86: 5120/000 | D86: People | E86: Overheads - Toll fees | F86: 5 | I86: 5 | L86: 5 | O86: 5 | R86: 5 | U86: 5 | X86: 5 | AA86: 5 | AD86: 5 | AG86: 5 | AJ86: 5 | AM86: 5 | AP86: =SUM(F86,I86,L86,O86,R86,U86,X86,AA86,AD86,AG86,AJ86,AM86) -> 60 | AS86: =AP86/$AP$4 -> 0.00091351135
B89: LSU | F89: ='Stock Numbers'!J19 -> 98.7525 | I89: ='Stock Numbers'!J36 -> 98.505619 | L89: ='Stock Numbers'!J53 -> 98.259355 | O89: ='Stock Numbers'!J70 -> 98.013706 | R89: ='Stock Numbers'!J87 -> 88.168672 | U89: ='Stock Numbers'!J104 -> 87.94825 | X89: ='Stock Numbers'!J121 -> 109.83757 | AA89: ='Stock Numbers'!J138 -> 98.562977 | AD89: ='Stock Numbers'!J155 -> 89.816569 | AG89: ='Stock Numbers'!J172 -> 94.508214 | AJ89: ='Stock Numbers'!J189 -> 99.18813 | AM89: ='Stock Numbers'!J206 -> 96.856347 | AP89: Average Running Cost/LSU
B90: Cost per LSU | F90: =F4/F89 -> 54.590327 | I90: =I4/I89 -> 44.808377 | L90: =L4/L89 -> 39.5457 | O90: =O4/O89 -> 41.525082 | R90: =R4/R89 -> 70.950165 | U90: =U4/U89 -> 75.69411 | X90: =X4/X89 -> 42.775768 | AA90: =AA4/AA89 -> 59.366291 | AD90: =AD4/AD89 -> 75.655927 | AG90: =AG4/AG89 -> 65.879935 | AJ90: =AJ4/AJ89 -> 61.392848 | AM90: =AM4/AM89 -> 55.20356 | AP90: =AVERAGE(F90,I90,L90,O90,R90,U90,X90,AA90,AD90,AG90,AJ90,AM90) -> 57.282341
B92: 4300/001 | E92: Farm Rent | F92: 1500 | I92: 1500 | L92: 1500 | O92: 1500 | R92: 1500 | U92: 1500 | X92: 1500 | AA92: 1500 | AD92: 1500 | AG92: 1500 | AJ92: 1500 | AM92: 1500 | AP92: =SUM(F92:AM92) -> 18000 | AS92: =AP92/$AP$4 -> 0.2740534
E94: Total Infrastructure Development Costs | F94: =SUM(F96,F108,F118,F123,F129,F138,F144) -> 0 | G94: =SUM(G96,G108,G118,G123,G129,G138,G144) -> 0 | H94: =SUM(H96,H108,H118,H123,H129,H138,H144) -> 0 | I94: =SUM(I96,I108,I118,I123,I129,I138,I144) -> 0 | J94: =SUM(J96,J108,J118,J123,J129,J138,J144) -> 0 | K94: =SUM(K96,K108,K118,K123,K129,K138,K144) -> 0 | L94: =SUM(L96,L108,L118,L123,L129,L138,L144) -> 0 | M94: =SUM(M96,M108,M118,M123,M129,M138,M144) -> 0 | ... AM94: =SUM(AM96,AM108,AM118,AM123,AM129,AM138,AM144) -> 0 | AP94: =SUM(F94,I94,L94,O94,R94,U94,X94,AA94,AD94,AG94,AJ94,AM94) -> 0 | AS94: =AP94/$AP$94 -> #DIV/0!
E96: Infrastructure Development - Staff Costs | F96: =SUM(F97:F106) -> 0 | G96: =SUM(G97:G106) -> 0 | H96: =SUM(H97:H106) -> 0 | I96: =SUM(I97:I106) -> 0 | J96: =SUM(J97:J106) -> 0 | K96: =SUM(K97:K106) -> 0 | L96: =SUM(L97:L106) -> 0 | M96: =SUM(M97:M106) -> 0 | ... AO96: =SUM(AO97:AO106) -> 0 | AP96: =SUM(F96,I96,L96,O96,R96,U96,X96,AA96,AD96,AG96,AJ96,AM96) -> 0 | AS96: =AP96/$AP$94 -> #DIV/0!
B97: 3325/010 | E97: Staff Costs - Staff Welfare
B98: 3325/020 | E98: Staff Costs - Housing
B99: 3325/030 | E99: Staff Costs - Transport
B100: 3325/040 | E100: Staff Costs - Protective Clothing
B101: 3325/050 | E101: Staff Costs - Medical
B102: 3325/060 | E102: Staff Costs - Training
B103: 3325/099 | E103: Staff Costs - General
B104: 3325/100 | C104: 3325/002? | E104: Staff Costs - Salaries & Wages
B105: 3325/200 | E105: Staff Costs - Casual Wages
B106: 3325/110 | E106: NSSA & NEC Etc.
B108: 3325/000 | E108: Infrastructure Development - General | F108: =SUM(F109:F116) -> 0 | G108: =SUM(G109:G116) -> 0 | H108: =SUM(H109:H116) -> 0 | I108: =SUM(I109:I116) -> 0 | J108: =SUM(J109:J116) -> 0 | K108: =SUM(K109:K116) -> 0 | L108: =SUM(L109:L116) -> 0 | M108: =SUM(M109:M116) -> 0 | ... AM108: =SUM(AM109:AM116) -> 0 | AP108: =SUM(F108,I108,L108,O108,R108,U108,X108,AA108,AD108,AG108,AJ108,AM108) -> 0 | AS108: =AP108/$AP$94 -> #DIV/0!
B109: 3325/001 | E109: Infrastructure Dev - Hire of Equipment
E110: Infrastructure Dev - Transport
B111: 3325/005 | E111: Infrastructure Dev - Small Tools
E112: Infrastructure Dev - Buildings Maintenance
E113: Infrastructure Dev - Machinery Maintenance
E114: Infrastructure Dev - Motor Vehicle Maintenance
...

Sheet Stock Numbers
B1: COMBINED MONTHLY COMMERCIAL LIVESTOCK RETURN
B2: Year | C2: 2026
B3: LSU | C3: 1 | D3: 0.8 | E3: 0.7 | F3: 0.5 | G3: 0.7 | H3: 0.5 | I3: 0.2 | L3: Mortality | M3: =M4/12 -> 0.0025 | N3: Calving% | O3: 0.85
B4: Description | C4: BULLS | D4: COWS | E4: HEIFERS | G4: STEERS | I4: CALVES | J4: TOTAL | M4: 0.03
C5: Mature Stud Bulls | D5: Breeding Cows | E5: Bulling Heifers | F5: Weaner Heifers | G5: Feeder Steers | H5: Weaner Steers | I5: Calves | J5: CATTLE
B6: C/F Total Inc Missing from previous year | C6: 4 | D6: 100 | E6: 0 | F6: 0 | G6: 0 | H6: 0 | I6: 75 | J6: =SUM(C6:I6) -> 179
B7: Born | J7: =SUM(C7:I7) -> 0
B8: Purchased | J8: =SUM(C8:I8) -> 0
B9: Died | C9: =C6*$M$3 -> 0.01 | D9: =D6*$M$3 -> 0.25 | E9: =E6*$M$3 -> 0 | F9: =F6*$M$3 -> 0 | G9: =G6*$M$3 -> 0 | H9: =H6*$M$3 -> 0 | I9: =I6*$M$3 -> 0.1875 | J9: =SUM(C9:I9) -> 0.4475
B10: Sold Internal | J10: =SUM(C10:I10) -> 0
B11: Sold External | J11: =SUM(C11:I11) -> 0
B12: Slaughtered / Destroyed | J12: =SUM(C12:I12) -> 0
B13: Stolen | J13: =SUM(C13:I13) -> 0
B14: Reclassified In | J14: =SUM(C14:I14) -> 0
B15: Reclassified Out | J15: =SUM(C15:I15) -> 0
B16: Missing | J16: =SUM(C16:I16) -> 0
B17: Actual Count On The Ranch | C17: =SUM(C6+C7+C8-C9-C10-C11-C12-C13+C14-C15-C16) -> 3.99 | D17: =SUM(D6+D7+D8-D9-D10-D11-D12-D13+D14-D15-D16) -> 99.75 | E17: =SUM(E6+E7+E8-E9-E10-E11-E12-E13+E14-E15-E16) -> 0 | F17: =SUM(F6+F7+F8-F9-F10-F11-F12-F13+F14-F15-F16) -> 0 | G17: =SUM(G6+G7+G8-G9-G10-G11-G12-G13+G14-G15-G16) -> 0 | H17: =SUM(H6+H7+H8-H9-H10-H11-H12-H13+H14-H15-H16) -> 0 | I17: =SUM(I6+I7+I8-I9-I10-I11-I12-I13+I14-I15-I16) -> 74.8125 | J17: =SUM(J6+J7+J8-J9-J10-J11-J12-J13+J14-J15-J16) -> 178.5525
B18: Adjustment | J18: =SUM(C18:I18) -> 0
B19: LSU | C19: =C17*C$3 -> 3.99 | D19: =D17*D$3 -> 79.8 | E19: =E17*E$3 -> 0 | F19: =F17*F$3 -> 0 | G19: =G17*G$3 -> 0 | H19: =H17*H$3 -> 0 | I19: =I17*I$3 -> 14.9625 | J19: =SUM(C19:I19) -> 98.7525
B20: January | C20: =SUM(C16+C17+C18) -> 3.99 | D20: =SUM(D16+D17+D18) -> 99.75 | E20: =SUM(E16+E17+E18) -> 0 | F20: =SUM(F16+F17+F18) -> 0 | G20: =SUM(G16+G17+G18) -> 0 | H20: =SUM(H16+H17+H18) -> 0 | I20: =SUM(I16+I17+I18) -> 74.8125 | J20: =SUM(J16+J17+J18) -> 178.5525
B21: C/F Total Inc Missing from previous month | C21: =SUM(C20) -> 3.99 | D21: =SUM(D20) -> 99.75 | E21: =SUM(E20) -> 0 | F21: =SUM(F20) -> 0 | G21: =SUM(G20) -> 0 | H21: =SUM(H20) -> 0 | I21: =SUM(I20) -> 74.8125 | J21: =SUM(J20) -> 178.5525
B22: Born | J22: =SUM(C22:I22) -> 0
B23: Purchased | J23: =SUM(C23:I23) -> 0
B24: Died | C24: =C21*$M$3 -> 0.009975 | D24: =D21*$M$3 -> 0.249375 | E24: =E21*$M$3 -> 0 | F24: =F21*$M$3 -> 0 | G24: =G21*$M$3 -> 0 | H24: =H21*$M$3 -> 0 | I24: =I21*$M$3 -> 0.18703125 | J24: =SUM(C24:I24) -> 0.44638125
B25: Sold Internal | J25: =SUM(C25:I25) -> 0
B26: Sold External | J26: =SUM(C26:I26) -> 0
B27: Slaughtered / Destroyed | J27: =SUM(C27:I27) -> 0
B28: Stolen | J28: =SUM(C28:I28) -> 0
B29: Reclassified In | J29: =SUM(C29:I29) -> 0
B30: Reclassified Out | J30: =SUM(C30:I30) -> 0
B31: Missing | J31: =SUM(C31:I31) -> 0
B32: Total Including Missing | C32: =SUM(C21+C22+C23-C24-C25-C26-C27-C28+C29-C30) -> 3.980025 | D32: =SUM(D21+D22+D23-D24-D25-D26-D27-D28+D29-D30) -> 99.500625 | E32: =SUM(E21+E22+E23-E24-E25-E26-E27-E28+E29-E30) -> 0 | F32: =SUM(F21+F22+F23-F24-F25-F26-F27-F28+F29-F30) -> 0 | G32: =SUM(G21+G22+G23-G24-G25-G26-G27-G28+G29-G30) -> 0 | H32: =SUM(H21+H22+H23-H24-H25-H26-H27-H28+H29-H30) -> 0 | I32: =SUM(I21+I22+I23-I24-I25-I26-I27-I28+I29-I30) -> 74.625469 | J32: =SUM(C32:I32) -> 178.10612
B33: Actual Count On The Ranch | J33: =SUM(C33:I33) -> 0
B34: Variance | C34: =SUM(C32-C33) -> 3.980025 | D34: =SUM(D32-D33) -> 99.500625 | E34: =SUM(E32-E33) -> 0 | F34: =SUM(F32-F33) -> 0 | G34: =SUM(G32-G33) -> 0 | H34: =SUM(H32-H33) -> 0 | I34: =SUM(I32-I33) -> 74.625469 | J34: =SUM(C34:I34) -> 178.10612
B35: Adjustment-(GM use only) | J35: =SUM(C35:I35) -> 0
B36: LSU | C36: =C32*C$3 -> 3.980025 | D36: =D32*D$3 -> 79.6005 | E36: =E32*E$3 -> 0 | F36: =F32*F$3 -> 0 | G36: =G32*G$3 -> 0 | H36: =H32*H$3 -> 0 | I36: =I32*I$3 -> 14.925094 | J36: =SUM(C36:I36) -> 98.505619
B37: February | C37: =SUM(C32+C35) -> 3.980025 | D37: =SUM(D32+D35) -> 99.500625 | E37: =SUM(E32+E35) -> 0 | F37: =SUM(F32+F35) -> 0 | G37: =SUM(G32+G35) -> 0 | H37: =SUM(H32+H35) -> 0 | I37: =SUM(I32+I35) -> 74.625469 | J37: =SUM(C37:I37) -> 178.10612
B38: C/F Total Inc Missing from previous month | C38: =SUM(C37) -> 3.980025 | D38: =SUM(D37) -> 99.500625 | E38: =SUM(E37) -> 0 | F38: =SUM(F37) -> 0 | G38: =SUM(G37) -> 0 | H38: =SUM(H37) -> 0 | I38: =SUM(I37) -> 74.625469 | J38: =SUM(J37) -> 178.10612
B39: Born | J39: =SUM(C39:I39) -> 0
B40: Purchased | J40: =SUM(C40:I40) -> 0
B41: Died | C41: =C38*$M$3 -> 0.0099500625 | D41: =D38*$M$3 -> 0.24875156 | E41: =E38*$M$3 -> 0 | F41: =F38*$M$3 -> 0 | G41: =G38*$M$3 -> 0 | H41: =H38*$M$3 -> 0 | I41: =I38*$M$3 -> 0.18656367 | J41: =SUM(C41:I41) -> 0.4452653
B42: Sold Internal | J42: =SUM(C42:I42) -> 0
B43: Sold External | G43: =G38-G41 -> 0 | J43: =SUM(C43:I43) -> 0
B44: Slaughtered / Destroyed | J44: =SUM(C44:I44) -> 0
B45: Stolen | J45: =SUM(C45:I45) -> 0
B46: Reclassified In | J46: =SUM(C46:I46) -> 0
B47: Reclassified Out | J47: =SUM(C47:I47) -> 0
B48: Missing | J48: =SUM(C48:I48) -> 0
B49: Total Including Missing | C49: =SUM(C38+C39+C40-C41-C42-C43-C44-C45+C46-C47) -> 3.9700749 | D49: =SUM(D38+D39+D40-D41-D42-D43-D44-D45+D46-D47) -> 99.251873 | E49: =SUM(E38+E39+E40-E41-E42-E43-E44-E45+E46-E47) -> 0 | F49: =SUM(F38+F39+F40-F41-F42-F43-F44-F45+F46-F47) -> 0 | G49: =SUM(G38+G39+G40-G41-G42-G43-G44-G45+G46-G47) -> 0 | H49: =SUM(H38+H39+H40-H41-H42-H43-H44-H45+H46-H47) -> 0 | I49: =SUM(I38+I39+I40-I41-I42-I43-I44-I45+I46-I47) -> 74.438905 | J49: =SUM(C49:I49) -> 177.66085
B50: Actual Count On The Ranch | J50: =SUM(C50:I50) -> 0
B51: Variance | C51: =SUM(C49-C50) -> 3.9700749 | D51: =SUM(D49-D50) -> 99.251873 | E51: =SUM(E49-E50) -> 0 | F51: =SUM(F49-F50) -> 0 | G51: =SUM(G49-G50) -> 0 | H51: =SUM(H49-H50) -> 0 | I51: =SUM(I49-I50) -> 74.438905 | J51: =SUM(C51:I51) -> 177.66085
B52: Adjustment-(GM use only) | J52: =SUM(C52:I52) -> 0
B53: LSU | C53: =C49*C$3 -> 3.9700749 | D53: =D49*D$3 -> 79.401499 | E53: =E49*E$3 -> 0 | F53: =F49*F$3 -> 0 | G53: =G49*G$3 -> 0 | H53: =H49*H$3 -> 0 | I53: =I49*I$3 -> 14.887781 | J53: =SUM(C53:I53) -> 98.259355
B54: March | C54: =SUM(C49+C52) -> 3.9700749 | D54: =SUM(D49+D52) -> 99.251873 | E54: =SUM(E49+E52) -> 0 | F54: =SUM(F49+F52) -> 0 | G54: =SUM(G49+G52) -> 0 | H54: =SUM(H49+H52) -> 0 | I54: =SUM(I49+I52) -> 74.438905 | J54: =SUM(C54:I54) -> 177.66085
B55: C/F Total Inc Missing from previous month | C55: =SUM(C54) -> 3.9700749 | D55: =SUM(D54) -> 99.251873 | E55: =SUM(E54) -> 0 | F55: =SUM(F54) -> 0 | G55: =SUM(G54) -> 0 | H55: =SUM(H54) -> 0 | I55: =SUM(I54) -> 74.438905 | J55: =SUM(J54) -> 177.66085
B56: Born | J56: =SUM(C56:I56) -> 0
B57: Purchased | J57: =SUM(C57:I57) -> 0
B58: Died | C58: =C55*$M$3 -> 0.0099251873 | D58: =D55*$M$3 -> 0.24812968 | E58: =E55*$M$3 -> 0 | F58: =F55*$M$3 -> 0 | G58: =G55*$M$3 -> 0 | H58: =H55*$M$3 -> 0 | I58: =I55*$M$3 -> 0.18609726 | J58: =SUM(C58:I58) -> 0.44415213
B59: Sold Internal | J59: =SUM(C59:I59) -> 0
B60: Sold External | J60: =SUM(C60:I60) -> 0
B61: Slaughtered / Destroyed | J61: =SUM(C61:I61) -> 0
B62: Stolen | J62: =SUM(C62:I62) -> 0
B63: Reclassified In | G63: =H64 -> 0 | J63: =SUM(C63:I63) -> 0
B64: Reclassified Out | H64: =H55-H58 -> 0 | J64: =SUM(C64:I64) -> 0
B65: Missing | J65: =SUM(C65:I65) -> 0
B66: Total Including Missing | C66: =SUM(C55+C56+C57-C58-C59-C60-C61-C62+C63-C64) -> 3.9601498 | D66: =SUM(D55+D56+D57-D58-D59-D60-D61-D62+D63-D64) -> 99.003744 | E66: =SUM(E55+E56+E57-E58-E59-E60-E61-E62+E63-E64) -> 0 | F66: =SUM(F55+F56+F57-F58-F59-F60-F61-F62+F63-F64) -> 0 | G66: =SUM(G55+G56+G57-G58-G59-G60-G61-G62+G63-G64) -> 0 | H66: =SUM(H55+H56+H57-H58-H59-H60-H61-H62+H63-H64) -> 0 | I66: =SUM(I55+I56+I57-I58-I59-I60-I61-I62+I63-I64) -> 74.252808 | J66: =SUM(C66:I66) -> 177.2167
B67: Actual Count On The Ranch | J67: =SUM(C67:I67) -> 0
B68: Variance | C68: =SUM(C66-C67) -> 3.9601498 | D68: =SUM(D66-D67) -> 99.003744 | E68: =SUM(E66-E67) -> 0 | F68: =SUM(F66-F67) -> 0 | G68: =SUM(G66-G67) -> 0 | H68: =SUM(H66-H67) -> 0 | I68: =SUM(I66-I67) -> 74.252808 | J68: =SUM(C68:I68) -> 177.2167
B69: Adjustment-(GM use only) | J69: =SUM(C69:I69) -> 0
B70: LSU | C70: =C66*C$3 -> 3.9601498 | D70: =D66*D$3 -> 79.202995 | E70: =E66*E$3 -> 0 | F70: =F66*F$3 -> 0 | G70: =G66*G$3 -> 0 | H70: =H66*H$3 -> 0 | I70: =I66*I$3 -> 14.850562 | J70: =SUM(C70:I70) -> 98.013706
B71: April | C71: =SUM(C66+C69) -> 3.9601498 | D71: =SUM(D66+D69) -> 99.003744 | E71: =SUM(E66+E69) -> 0 | F71: =SUM(F66+F69) -> 0 | G71: =SUM(G66+G69) -> 0 | H71: =SUM(H66+H69) -> 0 | I71: =SUM(I66+I69) -> 74.252808 | J71: =SUM(C71:I71) -> 177.2167
B72: C/F Total Inc Missing from previous month | C72: =SUM(C71) -> 3.9601498 | D72: =SUM(D71) -> 99.003744 | E72: =SUM(E71) -> 0 | F72: =SUM(F71) -> 0 | G72: =SUM(G71) -> 0 | H72: =SUM(H71) -> 0 | I72: =SUM(I71) -> 74.252808 | J72: =SUM(J71) -> 177.2167
B73: Born | J73: =SUM(C73:I73) -> 0
B74: Purchased | J74: =SUM(C74:I74) -> 0
B75: Died | C75: =C72*$M$3 -> 0.0099003744 | D75: =D72*$M$3 -> 0.24750936 | E75: =E72*$M$3 -> 0 | F75: =F72*$M$3 -> 0 | G75: =G72*$M$3 -> 0 | H75: =H72*$M$3 -> 0 | I75: =I72*$M$3 -> 0.18563202 | J75: =SUM(C75:I75) -> 0.44304175
B76: Sold Internal | J76: =SUM(C76:I76) -> 0
B77: Sold External | D77: 12 | J77: =SUM(C77:I77) -> 12
B78: Slaughtered / Destroyed | J78: =SUM(C78:I78) -> 0
B79: Stolen | J79: =SUM(C79:I79) -> 0
B80: Reclassified In | J80: =SUM(C80:I80) -> 0
B81: Reclassified Out | J81: =SUM(C81:I81) -> 0
B82: Missing | J82: =SUM(C82:I82) -> 0
B83: Total Including Missing | C83: =SUM(C72+C73+C74-C75-C76-C77-C78-C79+C80-C81) -> 3.9502494 | D83: =SUM(D72+D73+D74-D75-D76-D77-D78-D79+D80-D81) -> 86.756234 | E83: =SUM(E72+E73+E74-E75-E76-E77-E78-E79+E80-E81) -> 0 | F83: =SUM(F72+F73+F74-F75-F76-F77-F78-F79+F80-F81) -> 0 | G83: =SUM(G72+G73+G74-G75-G76-G77-G78-G79+G80-G81) -> 0 | H83: =SUM(H72+H73+H74-H75-H76-H77-H78-H79+H80-H81) -> 0 | I83: =SUM(I72+I73+I74-I75-I76-I77-I78-I79+I80-I81) -> 74.067176 | J83: =SUM(C83:I83) -> 164.77366
B84: Actual Count On The Ranch | J84: =SUM(C84:I84) -> 0
B85: Variance | C85: =SUM(C83-C84) -> 3.9502494 | D85: =SUM(D83-D84) -> 86.756234 | E85: =SUM(E83-E84) -> 0 | F85: =SUM(F83-F84) -> 0 | G85: =SUM(G83-G84) -> 0 | H85: =SUM(H83-H84) -> 0 | I85: =SUM(I83-I84) -> 74.067176 | J85: =SUM(C85:I85) -> 164.77366
B86: Adjustment-(GM use only) | J86: =SUM(C86:I86) -> 0
B87: LSU | C87: =C83*C$3 -> 3.9502494 | D87: =D83*D$3 -> 69.404988 | E87: =E83*E$3 -> 0 | F87: =F83*F$3 -> 0 | G87: =G83*G$3 -> 0 | H87: =H83*H$3 -> 0 | I87: =I83*I$3 -> 14.813435 | J87: =SUM(C87:I87) -> 88.168672
B88: May | C88: =SUM(C83+C86) -> 3.9502494 | D88: =SUM(D83+D86) -> 86.756234 | E88: =SUM(E83+E86) -> 0 | F88: =SUM(F83+F86) -> 0 | G88: =SUM(G83+G86) -> 0 | H88: =SUM(H83+H86) -> 0 | I88: =SUM(I83+I86) -> 74.067176 | J88: =SUM(C88:I88) -> 164.77366
B89: C/F Total Inc Missing from previous month | C89: =SUM(C88) -> 3.9502494 | D89: =SUM(D88) -> 86.756234 | E89: =SUM(E88) -> 0 | F89: =SUM(F88) -> 0 | G89: =SUM(G88) -> 0 | H89: =SUM(H88) -> 0 | I89: =SUM(I88) -> 74.067176 | J89: =SUM(J88) -> 164.77366
B90: Born | J90: =SUM(C90:I90) -> 0
B91: Purchased | J91: =SUM(C91:I91) -> 0
B92: Died | C92: =C89*$M$3 -> 0.0098756234 | D92: =D89*$M$3 -> 0.21689059 | E92: =E89*$M$3 -> 0 | F92: =F89*$M$3 -> 0 | G92: =G89*$M$3 -> 0 | H92: =H89*$M$3 -> 0 | I92: =I89*$M$3 -> 0.18516794 | J92: =SUM(C92:I92) -> 0.41193415
B93: Sold Internal | J93: =SUM(C93:I93) -> 0
B94: Sold External | J94: =SUM(C94:I94) -> 0
B95: Slaughtered / Destroyed | J95: =SUM(C95:I95) -> 0
B96: Stolen | J96: =SUM(C96:I96) -> 0
B97: Reclassified In | J97: =SUM(C97:I97) -> 0
B98: Reclassified Out | J98: =SUM(C98:I98) -> 0
B99: Missing | J99: =SUM(C99:I99) -> 0
B100: Total Including Missing | C100: =SUM(C89+C90+C91-C92-C93-C94-C95-C96+C97-C98) -> 3.9403738 | D100: =SUM(D89+D90+D91-D92-D93-D94-D95-D96+D97-D98) -> 86.539344 | E100: =SUM(E89+E90+E91-E92-E93-E94-E95-E96+E97-E98) -> 0 | F100: =SUM(F89+F90+F91-F92-F93-F94-F95-F96+F97-F98) -> 0 | G100: =SUM(G89+G90+G91-G92-G93-G94-G95-G96+G97-G98) -> 0 | H100: =SUM(H89+H90+H91-H92-H93-H94-H95-H96+H97-H98) -> 0 | I100: =SUM(I89+I90+I91-I92-I93-I94-I95-I96+I97-I98) -> 73.882008 | J100: =SUM(C100:I100) -> 164.36173
...

Sheet HERD FEED COSTS
A2: 2026 ANNUAL LIVESTOCK FEED PROGRAM
A3: 2026 FORECAST/ACTUAL LIVESTOCK RETURN
C4: BULLS | D4: COWS | G4: STEERS | I4: CALVES | J4: TOTAL
A5: MONTH | C5: Mature Stud Bulls | D5: Breeding Cows | E5: Bulling Heifers | F5: Weaner Heifers | G5: Feeder Steers | H5: Weaner Steers | I5: Calves | J5: CATTLE ON HAND
A6: Cfwd from 2021 | C6: =SUM('Stock Numbers'!C6) -> 4 | D6: =SUM('Stock Numbers'!D6) -> 100 | E6: =SUM('Stock Numbers'!E6) -> 0 | F6: =SUM('Stock Numbers'!F6) -> 0 | G6: =SUM('Stock Numbers'!G6) -> 0 | H6: =SUM('Stock Numbers'!H6) -> 0 | I6: =SUM('Stock Numbers'!I6) -> 75 | J6: =SUM('Stock Numbers'!J6) -> 179
A7: 46023 | C7: =SUM('Stock Numbers'!C20) -> 3.99 | D7: =SUM('Stock Numbers'!D20) -> 99.75 | E7: =SUM('Stock Numbers'!E20) -> 0 | F7: =SUM('Stock Numbers'!F20) -> 0 | G7: =SUM('Stock Numbers'!G20) -> 0 | H7: =SUM('Stock Numbers'!H20) -> 0 | I7: =SUM('Stock Numbers'!I20) -> 74.8125 | J7: =SUM('Stock Numbers'!J20) -> 178.5525
A8: =EOMONTH(A7,0)+1 -> 46054 | C8: =SUM('Stock Numbers'!C37) -> 3.980025 | D8: =SUM('Stock Numbers'!D37) -> 99.500625 | E8: =SUM('Stock Numbers'!E37) -> 0 | F8: =SUM('Stock Numbers'!F37) -> 0 | G8: =SUM('Stock Numbers'!G37) -> 0 | H8: =SUM('Stock Numbers'!H37) -> 0 | I8: =SUM('Stock Numbers'!I37) -> 74.625469 | J8: =SUM('Stock Numbers'!J37) -> 178.10612
A9: =EOMONTH(A8,0)+1 -> 46082 | C9: =SUM('Stock Numbers'!C54) -> 3.9700749 | D9: =SUM('Stock Numbers'!D54) -> 99.251873 | E9: =SUM('Stock Numbers'!E54) -> 0 | F9: =SUM('Stock Numbers'!F54) -> 0 | G9: =SUM('Stock Numbers'!G54) -> 0 | H9: =SUM('Stock Numbers'!H54) -> 0 | I9: =SUM('Stock Numbers'!I54) -> 74.438905 | J9: =SUM('Stock Numbers'!J54) -> 177.66085
A10: =EOMONTH(A9,0)+1 -> 46113 | C10: =SUM('Stock Numbers'!C71) -> 3.9601498 | D10: =SUM('Stock Numbers'!D71) -> 99.003744 | E10: =SUM('Stock Numbers'!E71) -> 0 | F10: =SUM('Stock Numbers'!F71) -> 0 | G10: =SUM('Stock Numbers'!G71) -> 0 | H10: =SUM('Stock Numbers'!H71) -> 0 | I10: =SUM('Stock Numbers'!I71) -> 74.252808 | J10: =SUM('Stock Numbers'!J71) -> 177.2167
A11: =EOMONTH(A10,0)+1 -> 46143 | C11: =SUM('Stock Numbers'!C88) -> 3.9502494 | D11: =SUM('Stock Numbers'!D88) -> 86.756234 | E11: =SUM('Stock Numbers'!E88) -> 0 | F11: =SUM('Stock Numbers'!F88) -> 0 | G11: =SUM('Stock Numbers'!G88) -> 0 | H11: =SUM('Stock Numbers'!H88) -> 0 | I11: =SUM('Stock Numbers'!I88) -> 74.067176 | J11: =SUM('Stock Numbers'!J88) -> 164.77366
A12: =EOMONTH(A11,0)+1 -> 46174 | C12: =SUM('Stock Numbers'!C105) -> 3.9403738 | D12: =SUM('Stock Numbers'!D105) -> 86.539344 | E12: =SUM('Stock Numbers'!E105) -> 0 | F12: =SUM('Stock Numbers'!F105) -> 0 | G12: =SUM('Stock Numbers'!G105) -> 0 | H12: =SUM('Stock Numbers'!H105) -> 0 | I12: =SUM('Stock Numbers'!I105) -> 73.882008 | J12: =SUM('Stock Numbers'!J105) -> 164.36173
A13: =EOMONTH(A12,0)+1 -> 46204 | C13: =SUM('Stock Numbers'!C122) -> 3.9305228 | D13: =SUM('Stock Numbers'!D122) -> 86.322995 | E13: =SUM('Stock Numbers'!E122) -> 0 | F13: =SUM('Stock Numbers'!F122) -> 36.848651 | G13: =SUM('Stock Numbers'!G122) -> 0 | H13: =SUM('Stock Numbers'!H122) -> 36.848651 | I13: =SUM('Stock Numbers'!I122) -> 0 | J13: =SUM('Stock Numbers'!J122) -> 163.95082
A14: =EOMONTH(A13,0)+1 -> 46235 | C14: =SUM('Stock Numbers'!C139) -> 3.9206965 | D14: =SUM('Stock Numbers'!D139) -> 86.107188 | E14: =SUM('Stock Numbers'!E139) -> 0 | F14: =SUM('Stock Numbers'!F139) -> 36.75653 | G14: =SUM('Stock Numbers'!G139) -> 0 | H14: =SUM('Stock Numbers'!H139) -> 14.75653 | I14: =SUM('Stock Numbers'!I139) -> 0 | J14: =SUM('Stock Numbers'!J139) -> 141.54094
A15: =EOMONTH(A14,0)+1 -> 46266 | C15: =SUM('Stock Numbers'!C156) -> 2.9108948 | D15: =SUM('Stock Numbers'!D156) -> 85.89192 | E15: =SUM('Stock Numbers'!E156) -> 0 | F15: =SUM('Stock Numbers'!F156) -> 21.664638 | G15: =SUM('Stock Numbers'!G156) -> 0 | H15: =SUM('Stock Numbers'!H156) -> 14.719638 | I15: =SUM('Stock Numbers'!I156) -> 0 | J15: =SUM('Stock Numbers'!J156) -> 125.18709
A16: =EOMONTH(A15,0)+1 -> 46296 | C16: =SUM('Stock Numbers'!C173) -> 2.9036175 | D16: =SUM('Stock Numbers'!D173) -> 85.67719 | E16: =SUM('Stock Numbers'!E173) -> 0 | F16: =SUM('Stock Numbers'!F173) -> 21.610477 | G16: =SUM('Stock Numbers'!G173) -> 0 | H16: =SUM('Stock Numbers'!H173) -> 14.682839 | I16: =SUM('Stock Numbers'!I173) -> 24.580933 | J16: =SUM('Stock Numbers'!J173) -> 149.45506
A17: =EOMONTH(A16,0)+1 -> 46327 | C17: =SUM('Stock Numbers'!C190) -> 2.8963585 | D17: =SUM('Stock Numbers'!D190) -> 85.462997 | E17: =SUM('Stock Numbers'!E190) -> 0 | F17: =SUM('Stock Numbers'!F190) -> 21.556451 | G17: =SUM('Stock Numbers'!G190) -> 0 | H17: =SUM('Stock Numbers'!H190) -> 14.646132 | I17: =SUM('Stock Numbers'!I190) -> 49.100414 | J17: =SUM('Stock Numbers'!J190) -> 173.66235
A18: =EOMONTH(A17,0)+1 -> 46357 | C18: =SUM('Stock Numbers'!C207) -> 2.8891176 | D18: =SUM('Stock Numbers'!D207) -> 85.24934 | E18: =SUM('Stock Numbers'!E207) -> 0 | F18: =SUM('Stock Numbers'!F207) -> 21.50256 | G18: =SUM('Stock Numbers'!G207) -> 0 | H18: =SUM('Stock Numbers'!H207) -> 0.60951694 | I18: =SUM('Stock Numbers'!I207) -> 73.558596 | J18: =SUM('Stock Numbers'!J207) -> 183.80913
A19: CFwd to 2026 | C19: =SUM('Stock Numbers'!C224) -> 3 | D19: =SUM('Stock Numbers'!D224) -> 86 | E19: =SUM('Stock Numbers'!E224) -> 0 | F19: =SUM('Stock Numbers'!F224) -> 22 | G19: =SUM('Stock Numbers'!G224) -> 0 | H19: =SUM('Stock Numbers'!H224) -> 1 | I19: =SUM('Stock Numbers'!I224) -> 74 | J19: =SUM('Stock Numbers'!J224) -> 186
A21: ACCOUNTS | C21: Jan | D21: Feb | E21: Mar | F21: Apr | G21: May | H21: Jun | I21: Jul | J21: Aug | K21: Sep | L21: Oct | M21: Nov | N21: Dec | O21: Total
A22: Summer Maintenance | C22: =$J$74*B74*1000 -> 225.1158 | D22: =$J$92*B92*1000 -> 202.82207 | E22: =$J$110*B110*1000 -> 223.99163 | F22: =$J$128*$B$128*1000 -> 223.43165 | G22: =$J$146*B146*1000 -> 196.83307 | H22: =$J$164*B164*1000 -> 0 | I22: =$J$182*B182*1000 -> 0 | J22: =$J$200*B200*1000 -> 0 | K22: =J218*B218*1000 -> 0 | L22: =J236*B236*1000 -> 0 | M22: =J254*B254*1000 -> 376.8473 | N22: =J272*B272*1000 -> 398.86581 | O22: =SUM(C22:N22) -> 1847.9073
A23: Winter Maintenance | C23: =$J$75*B75*1000 -> 0 | D23: =$J$93*B93*1000 -> 0 | E23: =$J$111*B111*1000 -> 0 | F23: =$J$129 -> 0 | G23: =$J$147*B147*1000 -> 0 | H23: =$J$165*B165*1000 -> 768.8436 | I23: =$J$183*B183*1000 -> 731.55363 | J23: =$J$201*B201*1000 -> 649.58974 | K23: =J219*B219*1000 -> 587.50027 | L23: =J237*B237*1000 -> 621.84594 | M23: =J255*B255*1000 -> 328.05287 | N23: =J273*B273*1000 -> 0 | O23: =SUM(C23:N23) -> 3687.3861
A24: Special Nutrition | C24: =($J$76*B76+$J$78*B78+$J$77*B77+$J$79*B79+$J$80*B80)*1000 -> 0 | D24: =($J$94*B94+$J$95*B95+$J$96*B96+$J$97*B97+$J$98*B98)*1000 -> 0 | E24: =($J$112*B122+J113*B113+J114*B114+J115*B115+J116*B116)*1000 -> 0 | F24: =SUM($J$130:$J$134) -> 0 | G24: =($J$148*B148+J149*B149+J150*B150+J151*B151+$J$152*B152)*1000 -> 0 | H24: =($J$166*B166+J167*B167+J168*B168+J169*B169+J170*B170)*1000 -> 1145.1711 | I24: =(J184*B184+J185*B185+J186*B186+J187*B187+J188*B188)*1000 -> 0 | J24: =($J$202*B202+J203*B203+J204*B204+J205*B205+J206*B206)*1000 -> 0 | K24: =(J220*B220+J221*B221+J222*B222+J223*B223+J224*B224)*1000 -> 985.62699 | L24: =(J238*B238+J239*B239+J240*B240+J241*B241+J242*B242)*1000 -> 1310.8839 | M24: =($J$256*$B$256+$J$257*$B$257+$J$258*$B$258+$J$259*$B$259+$J$260*$B$260)*1000 -> 1471.0575 | N24: =(J274*B274+J275*B275+J276*B276+J277*B277+J278*B278)*1000 -> 0 | O24: =SUM(C24:N24) -> 4912.7395
C25: =SUM(C22:C24) -> 225.1158 | D25: =SUM(D22:D24) -> 202.82207 | E25: =SUM(E22:E24) -> 223.99163 | F25: =SUM(F22:F24) -> 223.43165 | G25: =SUM(G22:G24) -> 196.83307 | H25: =SUM(H22:H24) -> 1914.0147 | I25: =SUM(I22:I24) -> 731.55363 | J25: =SUM(J22:J24) -> 649.58974 | ... O25: =SUM(O22:O24) -> 10448.033
A27: 2026 TOTAL COST OF FEED
C28: BULLS | D28: COWS | G28: STEERS | I28: CALVES | J28: TOTAL
A29: MONTH | C29: Mature Stud Bulls | D29: Breeding Cows | E29: Bulling Heifers | F29: Weaner Heifers | G29: Feeder Steers | H29: Weaner Steers | I29: Calves | J29: COST PER MONTH
A30: =A7 -> 46023 | C30: =SUM(C7*C88) -> 8.6583 | D30: =SUM(D7*D88) -> 216.4575 | E30: =SUM(E7*E88) -> 0 | F30: =SUM(F7*F88) -> 0 | G30: =SUM(G7*G88) -> 0 | H30: =SUM(H7*H88) -> 0 | I30: =SUM(I7*I88) -> 0 | J30: =SUM(C30:I30) -> 225.1158
A31: =A8 -> 46054 | C31: =SUM(C8*C106) -> 8.6366543 | D31: =SUM(D8*D106) -> 215.91636 | E31: =SUM(E8*E106) -> 0 | F31: =SUM(F8*F106) -> 0 | G31: =SUM(G8*G106) -> 0 | H31: =SUM(H8*H106) -> 0 | I31: =SUM(I8*I106) -> 0 | J31: =SUM(C31:I31) -> 224.55301
A32: =A9 -> 46082 | C32: =SUM(C9*C124) -> 8.6150626 | D32: =SUM(D9*D124) -> 215.37657 | E32: =SUM(E9*E124) -> 0 | F32: =SUM(F9*F124) -> 0 | G32: =SUM(G9*G124) -> 0 | H32: =SUM(H9*H124) -> 0 | I32: =SUM(I9*I124) -> 0 | J32: =SUM(C32:I32) -> 223.99163
A33: =A10 -> 46113 | C33: =SUM(C10*C142) -> 8.593525 | D33: =SUM(D10*D142) -> 214.83812 | E33: =SUM(E10*E142) -> 0 | F33: =SUM(F10*F142) -> 0 | G33: =SUM(G10*G142) -> 0 | H33: =SUM(H10*H142) -> 0 | I33: =SUM(I10*I142) -> 0 | J33: =SUM(C33:I33) -> 223.43165
A34: =A11 -> 46143 | C34: =SUM(C11*C160) -> 8.5720411 | D34: =SUM(D11*D160) -> 188.26103 | E34: =SUM(E11*E160) -> 0 | F34: =SUM(F11*F160) -> 0 | G34: =SUM(G11*G160) -> 0 | H34: =SUM(H11*H160) -> 0 | I34: =SUM(I11*I160) -> 0 | J34: =SUM(C34:I34) -> 196.83307
A35: =A12 -> 46174 | C35: =SUM(C12*C178) -> 34.446747 | D35: =SUM(D12*D178) -> 605.22155 | E35: =SUM(E12*E178) -> 0 | F35: =SUM(F12*F178) -> 0 | G35: =SUM(G12*G178) -> 0 | H35: =SUM(H12*H178) -> 0 | I35: =SUM(I12*I178) -> 1274.3464 | J35: =SUM(C35:I35) -> 1914.0147
A36: =A13 -> 46204 | C36: =SUM(C13*C196) -> 22.907087 | D36: =SUM(D13*D196) -> 440.20412 | E36: =SUM(E13*E196) -> 0 | F36: =SUM(F13*F196) -> 134.22121 | G36: =SUM(G13*G196) -> 0 | H36: =SUM(H13*H196) -> 134.22121 | I36: =SUM(I13*I196) -> 0 | J36: =SUM(C36:I36) -> 731.55363
A37: =A14 -> 46235 | C37: =SUM(C14*C214) -> 22.849819 | D37: =SUM(D14*D214) -> 439.10361 | E37: =SUM(E14*E214) -> 0 | F37: =SUM(F14*F214) -> 133.88566 | G37: =SUM(G14*G214) -> 0 | H37: =SUM(H14*H214) -> 53.75066 | I37: =SUM(I14*I214) -> 0 | J37: =SUM(C37:I37) -> 649.58974
A38: =A15 -> 46266 | C38: =SUM(C15*C232) -> 16.964695 | D38: =SUM(D15*D232) -> 438.00585 | E38: =SUM(E15*E232) -> 0 | F38: =SUM(F15*F232) -> 78.913446 | G38: =SUM(G15*G232) -> 0 | H38: =SUM(H15*H232) -> 1039.2433 | I38: =SUM(I15*I232) -> 0 | J38: =SUM(C38:I38) -> 1573.1273
A39: =A16 -> 46296 | C39: =SUM(C16*C250) -> 16.922283 | D39: =SUM(D16*D250) -> 436.91083 | E39: =SUM(E16*E250) -> 0 | F39: =SUM(F16*F250) -> 78.716162 | G39: =SUM(G16*G250) -> 0 | H39: =SUM(H16*H250) -> 1364.3661 | I39: =SUM(I16*I250) -> 35.814419 | J39: =SUM(C39:I39) -> 1932.7298
A40: =A17 -> 46327 | C40: =SUM(C17*C268) -> 14.725087 | D40: =SUM(D17*D268) -> 403.36398 | E40: =SUM(E17*E268) -> 0 | F40: =SUM(F17*F268) -> 86.037184 | G40: =SUM(G17*G268) -> 0 | H40: =SUM(H17*H268) -> 1529.5139 | I40: =SUM(I17*I268) -> 142.31755 | J40: =SUM(C40:I40) -> 2175.9577
A41: =A18 -> 46357 | C41: =SUM(C18*C286) -> 6.2693852 | D41: =SUM(D18*D286) -> 184.99107 | E41: =SUM(E18*E286) -> 0 | F41: =SUM(F18*F286) -> 46.660554 | G41: =SUM(G18*G286) -> 0 | H41: =SUM(H18*H286) -> 1.3226518 | I41: =SUM(I18*I286) -> 159.62215 | J41: =SUM(C41:I41) -> 398.86581
A42: Total Cost per Annum | C42: =SUM(C30:C41) -> 178.16069 | D42: =SUM(D30:D41) -> 3998.6506 | E42: =SUM(E30:E41) -> 0 | F42: =SUM(F30:F41) -> 558.43422 | G42: =SUM(G30:G41) -> 0 | H42: =SUM(H30:H41) -> 4122.4178 | I42: =SUM(I30:I41) -> 1612.1005 | J42: =SUM(J30:J41) -> 10469.764
A43: Percentage of Costs | C43: =SUM(C42/$J$42) -> 0.017016686 | D43: =SUM(D42/$J$42) -> 0.38192366 | E43: =SUM(E42/$J$42) -> 0 | F43: =SUM(F42/$J$42) -> 0.053337804 | G43: =SUM(G42/$J$42) -> 0 | H43: =SUM(H42/$J$42) -> 0.39374506 | I43: =SUM(I42/$J$42) -> 0.15397678 | J43: =SUM(J42/$J$42) -> 1
A44: 2026 TOTAL FEED REQUIRED
A45: MONTH | C45: P6 Summer Lick | D45: Winter Lick | E45: Production Lick | F45: Pen Feeding Meal | G45: Protein Cubes | H45: Hay | J45: Total Volume of Feed Used per Month
A47: =A30 -> 46023 | C47: =J74 -> 0.321594 | D47: =J75 -> 0 | E47: =J76 -> 0 | F47: =J77 -> 0 | G47: =J78 -> 0 | H47: =J79 -> 0 | I47: =J84 -> 0 | J47: =SUM(C47:I47) -> 0.321594
A48: =A31 -> 46054 | C48: =J92 -> 0.28974582 | D48: =J93 -> 0 | E48: =J94 -> 0 | F48: =J95 -> 0 | G48: =J96 -> 0 | H48: =J97 -> 0 | I48: =J98 -> 0 | J48: =SUM(C48:I48) -> 0.28974582
A49: =A32 -> 46082 | C49: =J110 -> 0.31998804 | D49: =J111 -> 0 | E49: =J112 -> 0 | F49: =J113 -> 0 | G49: =J114 -> 0 | H49: =J115 -> 0 | I49: =J116 -> 0 | J49: =SUM(C49:I49) -> 0.31998804
A50: =A33 -> 46113 | C50: =J128 -> 0.31918807 | D50: =J129 -> 0 | E50: =J130 -> 0 | F50: =J131 -> 0 | G50: =J132 -> 0 | H50: =J133 -> 0 | I50: =J134 -> 0 | J50: =SUM(C50:I50) -> 0.31918807
A51: =A34 -> 46143 | C51: =J146 -> 0.2811901 | D51: =J147 -> 0 | E51: =J148 -> 0 | F51: =J149 -> 0 | G51: =J150 -> 0 | H51: =J151 -> 0 | I51: =J156 -> 0 | J51: =SUM(C51:I51) -> 0.2811901
A52: =A35 -> 46174 | C52: =J164 -> 0 | D52: =J165 -> 1.6358375 | E52: =J166 -> 0 | F52: =J167 -> 0 | G52: =J168 -> 0 | H52: =J169 -> 5.7258556 | I52: =J170 -> 0 | J52: =SUM(C52:I52) -> 7.3616931
A53: =A36 -> 46204 | C53: =J182 -> 0 | D53: =J183 -> 1.5564971 | E53: =J184 -> 0 | F53: =J185 -> 0 | G53: =J186 -> 0 | H53: =J187 -> 0 | I53: =J188 -> 0 | J53: =SUM(C53:I53) -> 1.5564971
A54: =A37 -> 46235 | C54: =J200 -> 0 | D54: =J201 -> 1.3821058 | E54: =J202 -> 0 | F54: =J203 -> 0 | G54: =J204 -> 0 | H54: =J205 -> 0 | I54: =J206 -> 0 | J54: =SUM(C54:I54) -> 1.3821058
A55: =A38 -> 46266 | C55: =J218 -> 0 | D55: =J219 -> 1.2500006 | E55: =J220 -> 0 | F55: =J221 -> 2.7378528 | G55: =J222 -> 0 | H55: =J223 -> 0 | I55: =J224 -> 0 | J55: =SUM(C55:I55) -> 3.9878533
A56: =A39 -> 46296 | C56: =J236 -> 0 | D56: =J237 -> 1.3230765 | E56: =J238 -> 0 | F56: =J239 -> 3.6413442 | G56: =J240 -> 0 | H56: =J241 -> 0 | I56: =J242 -> 0 | J56: =SUM(C56:I56) -> 4.9644206
A57: =A40 -> 46327 | C57: =J254 -> 0.53835329 | D57: =J255 -> 0.69798483 | E57: =J256 -> 0 | F57: =J257 -> 4.0862709 | G57: =J258 -> 0 | H57: =J259 -> 0 | I57: =J260 -> 0 | J57: =SUM(C57:I57) -> 5.322609
A58: =A41 -> 46357 | C58: =J272 -> 0.5698083 | D58: =J273 -> 0 | E58: =J274 -> 0 | F58: =J275 -> 0 | G58: =J276 -> 0 | H58: =J277 -> 0 | I58: =J278 -> 0 | J58: =SUM(C58:I58) -> 0.5698083
A59: Total per Annum | C59: =SUM(C47:C58) -> 2.6398676 | D59: =SUM(D47:D58) -> 7.8455022 | E59: =SUM(E47:E58) -> 0 | F59: =SUM(F47:F58) -> 10.465468 | G59: =SUM(G47:G58) -> 0 | H59: =SUM(H47:H58) -> 5.7258556 | I59: =SUM(I47:I58) -> 0 | J59: =SUM(J47:J58) -> 26.676693
A60: Value per Kg | C60: 0.48 | D60: 0.55 | E60: 0.6 | F60: 0.22 | G60: 0.76 | H60: 0.12
A61: Percentage of internal content | C61: 0 | D61: 0 | E61: 0 | F61: 0 | G61: 0 | H61: 0
A62: Volume of Internal Content | C62: =SUM(C59*C60)*C61 -> 0 | D62: =SUM(D59*D60)*D61 -> 0 | E62: =SUM(E59*E60)*E61 -> 0 | F62: =SUM(F59*F60)*F61 -> 0 | G62: =SUM(G59*G60)*G61 -> 0 | H62: =SUM(H59*H60)*H61 -> 0 | I62: =SUM(I59*I60)*I61 -> 0 | K62: =SUM(C62:I62)*F60 -> 0
A63: Cost of Internal Content | C63: =SUM(C60*C62) -> 0 | D63: =SUM(D60*D62) -> 0 | E63: =SUM(E60*E62) -> 0 | F63: =SUM(F60*F62) -> 0 | G63: =SUM(G60*G62) -> 0 | H63: =SUM(H60*H62) -> 0 | I63: =SUM(I60*I62) -> 0
A64: Cost of External Content | C64: =SUM(C65-C63) -> 1267.1365 | D64: =SUM(D65-D63) -> 4315.0262 | E64: =SUM(E65-E63) -> 0 | F64: =SUM(F65-F63) -> 2302.4029 | G64: =SUM(G65-G63) -> 0 | H64: =SUM(H65-H63) -> 687.10267 | I64: =SUM(I65-I63) -> 0
A65: Total Value | C65: =SUM(C59*C60*1000) -> 1267.1365 | D65: =SUM(D59*D60*1000) -> 4315.0262 | E65: =SUM(E59*E60*1000) -> 0 | F65: =SUM(F59*F60*1000) -> 2302.4029 | G65: =SUM(G59*G60*1000) -> 0 | H65: =SUM(H59*H60*1000) -> 687.10267 | I65: =SUM(I59*I60*1000) -> 0
A66: Percentage of Volume Fed | C66: =SUM(C59/$J$59) -> 0.098957828 | D66: =SUM(D59/$J$59) -> 0.29409575 | E66: =SUM(E59/$J$59) -> 0 | F66: =SUM(F59/$J$59) -> 0.39230754 | G66: =SUM(G59/$J$59) -> 0 | H66: =SUM(H59/$J$59) -> 0.21463888 | I66: =SUM(I59/$J$59) -> 0 | J66: =SUM(J59/$J$59) -> 1
J67: =SUM(C59:I59) -> 26.676693
A68: MONTHLY FEED ALLOCATIONS
A70: JANUARY | B70: 31
C71: Feed Allocation per day in Grams
C72: BULLS | D72: COWS | G72: STEERS | I72: CALVES
A73: Description | B73: Price per Kg | C73: Mature Stud Bulls | D73: Breeding Cows | E73: Bulling Heifers | F73: Weaner Heifers | G73: Feeder Steers | H73: Weaner Steers | I73: Calves | J73: Total Volume in Tons
A74: ='Inputs '!$A$4 -> P6 Summer Lick | B74: ='Inputs '!B4 -> 0.7 | C74: 100 | D74: 100 | E74: 100 | F74: 100 | G74: 100 | H74: 100 | J74: =((C74*$B$70*$C$7)+(D74*$B$70*$D$7)+(E74*$B$70*$E$7)+(F74*$B$70*$F$7)+(G74*$B$70*$G$7)+(H74*$B$70*$H$7)+(I74*$B$70*$I$7))/1000000 -> 0.321594
A75: ='Inputs '!$A$5 -> Winter Lick | B75: ='Inputs '!B5 -> 0.47 | J75: =((C75*$B$70*$C$7)+(D75*$B$70*$D$7)+(E75*$B$70*$E$7)+(F75*$B$70*$F$7)+(G75*$B$70*$G$7)+(H75*$B$70*$H$7)+(I75*$B$70*$I$7))/1000000 -> 0
A76: ='Inputs '!$A$6 -> Production Lick | B76: ='Inputs '!B6 -> 0.39 | J76: =((C76*$B$70*$C$7)+(D76*$B$70*$D$7)+(E76*$B$70*$E$7)+(F76*$B$70*$F$7)+(G76*$B$70*$G$7)+(H76*$B$70*$H$7)+(I76*$B$70*$I$7))/1000000 -> 0
A77: ='Inputs '!$A$7 -> Pen Feeding Meal | B77: ='Inputs '!B7 -> 0.36 | J77: =((C77*$B$70*$C$7)+(D77*$B$70*$D$7)+(E77*$B$70*$E$7)+(F77*$B$70*$F$7)+(G77*$B$70*$G$7)+(H77*$B$70*$H$7)+(I77*$B$70*$I$7))/1000000 -> 0
A78: ='Inputs '!$A$8 -> Protein Cubes | B78: ='Inputs '!B8 -> 0.76 | J78: =((C78*$B$70*$C$7)+(D78*$B$70*$D$7)+(E78*$B$70*$E$7)+(F78*$B$70*$F$7)+(G78*$B$70*$G$7)+(H78*$B$70*$H$7)+(I78*$B$70*$I$7))/1000000 -> 0
A79: ='Inputs '!$A$9 -> Hay | B79: ='Inputs '!B9 -> 0.2 | J79: =((C79*$B$70*$C$7)+(D79*$B$70*$D$7)+(E79*$B$70*$E$7)+(F79*$B$70*$F$7)+(G79*$B$70*$G$7)+(H79*$B$70*$H$7)+(I79*$B$70*$I$7))/1000000 -> 0
A80: ='Inputs '!$A$10 -> Chicken Litter | B80: ='Inputs '!B10 -> 0.05 | J80: =((C80*$B$70*$C$7)+(D80*$B$70*$D$7)+(E80*$B$70*$E$7)+(F80*$B$70*$F$7)+(G80*$B$70*$G$7)+(H80*$B$70*$H$7)+(I80*$B$70*$I$7))/1000000 -> 0
A81: ='Inputs '!$A$11 -> Cotton Hulls | B81: ='Inputs '!B11 -> 0 | J81: =((C81*$B$70*$C$7)+(D81*$B$70*$D$7)+(E81*$B$70*$E$7)+(F81*$B$70*$F$7)+(G81*$B$70*$G$7)+(H81*$B$70*$H$7)+(I81*$B$70*$I$7))/1000000 -> 0
A82: ='Inputs '!$A$12 -> Feed Grade Urea | B82: ='Inputs '!B12 -> 0 | J82: =((C82*$B$70*$C$7)+(D82*$B$70*$D$7)+(E82*$B$70*$E$7)+(F82*$B$70*$F$7)+(G82*$B$70*$G$7)+(H82*$B$70*$H$7)+(I82*$B$70*$I$7))/1000000 -> 0
A83: ='Inputs '!$A$13 -> Molasses | B83: ='Inputs '!B13 -> 0 | J83: =((C83*$B$70*$C$7)+(D83*$B$70*$D$7)+(E83*$B$70*$E$7)+(F83*$B$70*$F$7)+(G83*$B$70*$G$7)+(H83*$B$70*$H$7)+(I83*$B$70*$I$7))/1000000 -> 0
A84: ='Inputs '!$A$14 -> Salt | B84: ='Inputs '!B14 -> 0 | J84: =((C84*$B$70*$C$7)+(D84*$B$70*$D$7)+(E84*$B$70*$E$7)+(F84*$B$70*$F$7)+(G84*$B$70*$G$7)+(H84*$B$70*$H$7)+(I84*$B$70*$I$7))/1000000 -> 0
A85: ='Inputs '!$A$15 -> - | B85: ='Inputs '!B15 -> 0 | J85: =((C85*$B$70*$C$7)+(D85*$B$70*$D$7)+(E85*$B$70*$E$7)+(F85*$B$70*$F$7)+(G85*$B$70*$G$7)+(H85*$B$70*$H$7)+(I85*$B$70*$I$7))/1000000 -> 0
A86: ='Inputs '!$A$16 -> - | B86: ='Inputs '!B16 -> 0 | J86: =((C86*$B$70*$C$7)+(D86*$B$70*$D$7)+(E86*$B$70*$E$7)+(F86*$B$70*$F$7)+(G86*$B$70*$G$7)+(H86*$B$70*$H$7)+(I86*$B$70*$I$7))/1000000 -> 0
A87: ='Inputs '!$A$17 -> - | B87: ='Inputs '!B17 -> 0 | J87: =((C87*$B$70*$C$7)+(D87*$B$70*$D$7)+(E87*$B$70*$E$7)+(F87*$B$70*$F$7)+(G87*$B$70*$G$7)+(H87*$B$70*$H$7)+(I87*$B$70*$I$7))/1000000 -> 0
A88: Total Cost per head / month | C88: =SUM($B$74*C74*$B$70+$B$75*C75*$B$70+$B$76*C76*$B$70+$B$77*C77*$B$70+$B$78*C78*$B$70+$B$79*C79*$B$70+$B$80*C80+$B$81*C81*+$B$82*C82*$B$70+$B$83*C83*$B$70+$B$84*C84*$B$70+$B$85*C85*+$B$86*C86*+$B$70+$B$87*C87*$B$70)/1000 -> 2.17 | D88: =SUM($B$74*D74*$B$70+$B$75*D75*$B$70+$B$76*D76*$B$70+$B$77*D77*$B$70+$B$78*D78*$B$70+$B$79*D79*$B$70+$B$80*D80+$B$81*D81*+$B$82*D82*$B$70+$B$83*D83*$B$70+$B$84*D84*$B$70+$B$85*D85*+$B$86*D86*+$B$70+$B$87*D87*$B$70)/1000 -> 2.17 | E88: =SUM($B$74*E74*$B$70+$B$75*E75*$B$70+$B$76*E76*$B$70+$B$77*E77*$B$70+$B$78*E78*$B$70+$B$79*E79*$B$70+$B$80*E80+$B$81*E81*+$B$82*E82*$B$70+$B$83*E83*$B$70+$B$84*E84*$B$70+$B$85*E85*+$B$86*E86*+$B$70+$B$87*E87*$B$70)/1000 -> 2.17 | F88: =SUM($B$74*F74*$B$70+$B$75*F75*$B$70+$B$76*F76*$B$70+$B$77*F77*$B$70+$B$78*F78*$B$70+$B$79*F79*$B$70+$B$80*F80+$B$81*F81*+$B$82*F82*$B$70+$B$83*F83*$B$70+$B$84*F84*$B$70+$B$85*F85*+$B$86*F86*+$B$70+$B$87*F87*$B$70)/1000 -> 2.17 | G88: =SUM($B$74*G74*$B$70+$B$75*G75*$B$70+$B$76*G76*$B$70+$B$77*G77*$B$70+$B$78*G78*$B$70+$B$79*G79*$B$70+$B$80*G80+$B$81*G81*+$B$82*G82*$B$70+$B$83*G83*$B$70+$B$84*G84*$B$70+$B$85*G85*+$B$86*G86*+$B$70+$B$87*G87*$B$70)/1000 -> 2.17 | H88: =SUM($B$74*H74*$B$70+$B$75*H75*$B$70+$B$76*H76*$B$70+$B$77*H77*$B$70+$B$78*H78*$B$70+$B$79*H79*$B$70+$B$80*H80+$B$81*H81*+$B$82*H82*$B$70+$B$83*H83*$B$70+$B$84*H84*$B$70+$B$85*H85*+$B$86*H86*+$B$70+$B$87*H87*$B$70)/1000 -> 2.17 | I88: =SUM($B$74*I74*$B$70+$B$75*I75*$B$70+$B$76*I76*$B$70+$B$77*I77*$B$70+$B$78*I78*$B$70+$B$79*I79*$B$70+$B$80*I80+$B$81*I81*+$B$82*I82*$B$70+$B$83*I83*$B$70+$B$84*I84*$B$70+$B$85*I85*+$B$86*I86*+$B$70+$B$87*I87*$B$70)/1000 -> 0 | J88: =SUM(J74:J87) -> 0.321594
A90: FEBRUARY | B90: 28
A91: Description | B91: Price per Kg | C91: Feed Allocation per day in Grams | J91: Total Volume Kg's
A92: ='Inputs '!$A$4 -> P6 Summer Lick | B92: ='Inputs '!C4 -> 0.7 | C92: 100 | D92: 100 | E92: 100 | F92: 100 | G92: 100 | H92: 100 | J92: =((C92*$B$90*$C$8)+(D92*$B$90*$D$8)+(E92*$B$90*$E$8)+(F92*$B$90*$F$8)+(G92*$B$90*$G$8)+(H92*$B$90*$H$8)+(I92*$B$90*$I$8))/1000000 -> 0.28974582
A93: ='Inputs '!$A$5 -> Winter Lick | B93: ='Inputs '!C5 -> 0.47 | J93: =((C93*$B$70*$C$8)+(D93*$B$70*$D$8)+(E93*$B$70*$E$8)+(F93*$B$70*$F$8)+(G93*$B$70*$G$8)+(H93*$B$70*$H$8)+(I93*$B$70*$I$8))/1000000 -> 0
A94: ='Inputs '!$A$6 -> Production Lick | B94: ='Inputs '!C6 -> 0.39 | J94: =((C94*$B$70*$C$8)+(D94*$B$70*$D$8)+(E94*$B$70*$E$8)+(F94*$B$70*$F$8)+(G94*$B$70*$G$8)+(H94*$B$70*$H$8)+(I94*$B$70*$I$8))/1000000 -> 0
A95: ='Inputs '!$A$7 -> Pen Feeding Meal | B95: ='Inputs '!C7 -> 0.36 | J95: =((C95*$B$70*$C$8)+(D95*$B$70*$D$8)+(E95*$B$70*$E$8)+(F95*$B$70*$F$8)+(G95*$B$70*$G$8)+(H95*$B$70*$H$8)+(I95*$B$70*$I$8))/1000000 -> 0
A96: ='Inputs '!$A$8 -> Protein Cubes | B96: ='Inputs '!C8 -> 0.76 | J96: =((C96*$B$70*$C$8)+(D96*$B$70*$D$8)+(E96*$B$70*$E$8)+(F96*$B$70*$F$8)+(G96*$B$70*$G$8)+(H96*$B$70*$H$8)+(I96*$B$70*$I$8))/1000000 -> 0
A97: ='Inputs '!$A$9 -> Hay | B97: ='Inputs '!C9 -> 0.2 | J97: =((C97*$B$70*$C$8)+(D97*$B$70*$D$8)+(E97*$B$70*$E$8)+(F97*$B$70*$F$8)+(G97*$B$70*$G$8)+(H97*$B$70*$H$8)+(I97*$B$70*$I$8))/1000000 -> 0
A98: ='Inputs '!$A$10 -> Chicken Litter | B98: ='Inputs '!C10 -> 0.05 | J98: =((C98*$B$70*$C$8)+(D98*$B$70*$D$8)+(E98*$B$70*$E$8)+(F98*$B$70*$F$8)+(G98*$B$70*$G$8)+(H98*$B$70*$H$8)+(I98*$B$70*$I$8))/1000000 -> 0
A99: ='Inputs '!$A$11 -> Cotton Hulls | B99: ='Inputs '!C11 -> 0 | J99: =((C99*$B$70*$C$8)+(D99*$B$70*$D$8)+(E99*$B$70*$E$8)+(F99*$B$70*$F$8)+(G99*$B$70*$G$8)+(H99*$B$70*$H$8)+(I99*$B$70*$I$8))/1000000 -> 0
A100: ='Inputs '!$A$12 -> Feed Grade Urea | B100: ='Inputs '!C12 -> 0 | J100: =((C100*$B$70*$C$8)+(D100*$B$70*$D$8)+(E100*$B$70*$E$8)+(F100*$B$70*$F$8)+(G100*$B$70*$G$8)+(H100*$B$70*$H$8)+(I100*$B$70*$I$8))/1000000 -> 0
A101: ='Inputs '!$A$13 -> Molasses | B101: ='Inputs '!C13 -> 0 | J101: =((C101*$B$70*$C$8)+(D101*$B$70*$D$8)+(E101*$B$70*$E$8)+(F101*$B$70*$F$8)+(G101*$B$70*$G$8)+(H101*$B$70*$H$8)+(I101*$B$70*$I$8))/1000000 -> 0
A102: ='Inputs '!$A$14 -> Salt | B102: ='Inputs '!C14 -> 0 | J102: =((C102*$B$70*$C$8)+(D102*$B$70*$D$8)+(E102*$B$70*$E$8)+(F102*$B$70*$F$8)+(G102*$B$70*$G$8)+(H102*$B$70*$H$8)+(I102*$B$70*$I$8))/1000000 -> 0
A103: ='Inputs '!$A$15 -> - | B103: ='Inputs '!C15 -> 0 | J103: =((C103*$B$70*$C$8)+(D103*$B$70*$D$8)+(E103*$B$70*$E$8)+(F103*$B$70*$F$8)+(G103*$B$70*$G$8)+(H103*$B$70*$H$8)+(I103*$B$70*$I$8))/1000000 -> 0
A104: ='Inputs '!$A$16 -> - | B104: ='Inputs '!C16 -> 0 | J104: =((C104*$B$70*$C$8)+(D104*$B$70*$D$8)+(E104*$B$70*$E$8)+(F104*$B$70*$F$8)+(G104*$B$70*$G$8)+(H104*$B$70*$H$8)+(I104*$B$70*$I$8))/1000000 -> 0
A105: ='Inputs '!$A$17 -> - | B105: ='Inputs '!C17 -> 0 | J105: =((C105*$B$70*$C$8)+(D105*$B$70*$D$8)+(E105*$B$70*$E$8)+(F105*$B$70*$F$8)+(G105*$B$70*$G$8)+(H105*$B$70*$H$8)+(I105*$B$70*$I$8))/1000000 -> 0
A106: Total Cost per head / month | C106: =SUM($B$74*C92*$B$70+$B$75*C93*$B$70+$B$76*C94*$B$70+$B$77*C95*$B$70+$B$78*C96*$B$70+$B$79*C97*$B$70+$B$80*C98+$B$81*C99*+$B$82*C100*$B$70+$B$83*C101*$B$70+$B$84*C102*$B$70+$B$85*C103*+$B$86*C104*+$B$70+$B$87*C105*$B$70)/1000 -> 2.17 | D106: =SUM($B$74*D92*$B$70+$B$75*D93*$B$70+$B$76*D94*$B$70+$B$77*D95*$B$70+$B$78*D96*$B$70+$B$79*D97*$B$70+$B$80*D98+$B$81*D99*+$B$82*D100*$B$70+$B$83*D101*$B$70+$B$84*D102*$B$70+$B$85*D103*+$B$86*D104*+$B$70+$B$87*D105*$B$70)/1000 -> 2.17 | E106: =SUM($B$74*E92*$B$70+$B$75*E93*$B$70+$B$76*E94*$B$70+$B$77*E95*$B$70+$B$78*E96*$B$70+$B$79*E97*$B$70+$B$80*E98+$B$81*E99*+$B$82*E100*$B$70+$B$83*E101*$B$70+$B$84*E102*$B$70+$B$85*E103*+$B$86*E104*+$B$70+$B$87*E105*$B$70)/1000 -> 2.17 | F106: =SUM($B$74*F92*$B$70+$B$75*F93*$B$70+$B$76*F94*$B$70+$B$77*F95*$B$70+$B$78*F96*$B$70+$B$79*F97*$B$70+$B$80*F98+$B$81*F99*+$B$82*F100*$B$70+$B$83*F101*$B$70+$B$84*F102*$B$70+$B$85*F103*+$B$86*F104*+$B$70+$B$87*F105*$B$70)/1000 -> 2.17 | G106: =SUM($B$74*G92*$B$70+$B$75*G93*$B$70+$B$76*G94*$B$70+$B$77*G95*$B$70+$B$78*G96*$B$70+$B$79*G97*$B$70+$B$80*G98+$B$81*G99*+$B$82*G100*$B$70+$B$83*G101*$B$70+$B$84*G102*$B$70+$B$85*G103*+$B$86*G104*+$B$70+$B$87*G105*$B$70)/1000 -> 2.17 | H106: =SUM($B$74*H92*$B$70+$B$75*H93*$B$70+$B$76*H94*$B$70+$B$77*H95*$B$70+$B$78*H96*$B$70+$B$79*H97*$B$70+$B$80*H98+$B$81*H99*+$B$82*H100*$B$70+$B$83*H101*$B$70+$B$84*H102*$B$70+$B$85*H103*+$B$86*H104*+$B$70+$B$87*H105*$B$70)/1000 -> 2.17 | I106: =SUM($B$74*I92*$B$70+$B$75*I93*$B$70+$B$76*I94*$B$70+$B$77*I95*$B$70+$B$78*I96*$B$70+$B$79*I97*$B$70+$B$80*I98+$B$81*I99*+$B$82*I100*$B$70+$B$83*I101*$B$70+$B$84*I102*$B$70+$B$85*I103*+$B$86*I104*+$B$70+$B$87*I105*$B$70)/1000 -> 0 | J106: =SUM(J92:J105) -> 0.28974582
...

Sheet VET & MED Costs
A2: ANNUAL LIVESTOCK MEDICAL PROGRAM
A3: ACTUAL LIVESTOCK RETURN
C4: BULLS | D4: COWS | E4: HEIFERS | G4: STEERS | I4: CALVES | J4: TOTAL
A5: MONTH | C5: Mature Bulls | D5: Breeding Cows | E5: Bulling Heifers | F5: Weaner Heifers | G5: Feeder Steers | H5: Weaner Steers | I5: Calves | J5: CATTLE ON HAND
A6: Cfwd from 2021 | C6: =SUM('Stock Numbers'!C6) -> 4 | D6: =SUM('Stock Numbers'!D6) -> 100 | E6: =SUM('Stock Numbers'!E6) -> 0 | F6: =SUM('Stock Numbers'!F6) -> 0 | G6: =SUM('Stock Numbers'!G6) -> 0 | H6: =SUM('Stock Numbers'!H6) -> 0 | I6: =SUM('Stock Numbers'!I6) -> 75 | J6: =SUM('Stock Numbers'!J6) -> 179
A7: 46023 | C7: =SUM('Stock Numbers'!C20) -> 3.99 | D7: =SUM('Stock Numbers'!D20) -> 99.75 | E7: =SUM('Stock Numbers'!E20) -> 0 | F7: =SUM('Stock Numbers'!F20) -> 0 | G7: =SUM('Stock Numbers'!G20) -> 0 | H7: =SUM('Stock Numbers'!H20) -> 0 | I7: =SUM('Stock Numbers'!I20) -> 74.8125 | J7: =SUM('Stock Numbers'!J20) -> 178.5525
A8: =EOMONTH(A7,0)+1 -> 46054 | C8: =SUM('Stock Numbers'!C37) -> 3.980025 | D8: =SUM('Stock Numbers'!D37) -> 99.500625 | E8: =SUM('Stock Numbers'!E37) -> 0 | F8: =SUM('Stock Numbers'!F37) -> 0 | G8: =SUM('Stock Numbers'!G37) -> 0 | H8: =SUM('Stock Numbers'!H37) -> 0 | I8: =SUM('Stock Numbers'!I37) -> 74.625469 | J8: =SUM('Stock Numbers'!J37) -> 178.10612
A9: =EOMONTH(A8,0)+1 -> 46082 | C9: =SUM('Stock Numbers'!C54) -> 3.9700749 | D9: =SUM('Stock Numbers'!D54) -> 99.251873 | E9: =SUM('Stock Numbers'!E54) -> 0 | F9: =SUM('Stock Numbers'!F54) -> 0 | G9: =SUM('Stock Numbers'!G54) -> 0 | H9: =SUM('Stock Numbers'!H54) -> 0 | I9: =SUM('Stock Numbers'!I54) -> 74.438905 | J9: =SUM('Stock Numbers'!J54) -> 177.66085
A10: =EOMONTH(A9,0)+1 -> 46113 | C10: =SUM('Stock Numbers'!C71) -> 3.9601498 | D10: =SUM('Stock Numbers'!D71) -> 99.003744 | E10: =SUM('Stock Numbers'!E71) -> 0 | F10: =SUM('Stock Numbers'!F71) -> 0 | G10: =SUM('Stock Numbers'!G71) -> 0 | H10: =SUM('Stock Numbers'!H71) -> 0 | I10: =SUM('Stock Numbers'!I71) -> 74.252808 | J10: =SUM('Stock Numbers'!J71) -> 177.2167
A11: =EOMONTH(A10,0)+1 -> 46143 | C11: =SUM('Stock Numbers'!C88) -> 3.9502494 | D11: =SUM('Stock Numbers'!D88) -> 86.756234 | E11: =SUM('Stock Numbers'!E88) -> 0 | F11: =SUM('Stock Numbers'!F88) -> 0 | G11: =SUM('Stock Numbers'!G88) -> 0 | H11: =SUM('Stock Numbers'!H88) -> 0 | I11: =SUM('Stock Numbers'!I88) -> 74.067176 | J11: =SUM('Stock Numbers'!J88) -> 164.77366
A12: =EOMONTH(A11,0)+1 -> 46174 | C12: =SUM('Stock Numbers'!C105) -> 3.9403738 | D12: =SUM('Stock Numbers'!D105) -> 86.539344 | E12: =SUM('Stock Numbers'!E105) -> 0 | F12: =SUM('Stock Numbers'!F105) -> 0 | G12: =SUM('Stock Numbers'!G105) -> 0 | H12: =SUM('Stock Numbers'!H105) -> 0 | I12: =SUM('Stock Numbers'!I105) -> 73.882008 | J12: =SUM('Stock Numbers'!J105) -> 164.36173
A13: =EOMONTH(A12,0)+1 -> 46204 | C13: =SUM('Stock Numbers'!C122) -> 3.9305228 | D13: =SUM('Stock Numbers'!D122) -> 86.322995 | E13: =SUM('Stock Numbers'!E122) -> 0 | F13: =SUM('Stock Numbers'!F122) -> 36.848651 | G13: =SUM('Stock Numbers'!G122) -> 0 | H13: =SUM('Stock Numbers'!H122) -> 36.848651 | I13: =SUM('Stock Numbers'!I122) -> 0 | J13: =SUM('Stock Numbers'!J122) -> 163.95082
A14: =EOMONTH(A13,0)+1 -> 46235 | C14: =SUM('Stock Numbers'!C139) -> 3.9206965 | D14: =SUM('Stock Numbers'!D139) -> 86.107188 | E14: =SUM('Stock Numbers'!E139) -> 0 | F14: =SUM('Stock Numbers'!F139) -> 36.75653 | G14: =SUM('Stock Numbers'!G139) -> 0 | H14: =SUM('Stock Numbers'!H139) -> 14.75653 | I14: =SUM('Stock Numbers'!I139) -> 0 | J14: =SUM('Stock Numbers'!J139) -> 141.54094
A15: =EOMONTH(A14,0)+1 -> 46266 | C15: =SUM('Stock Numbers'!C156) -> 2.9108948 | D15: =SUM('Stock Numbers'!D156) -> 85.89192 | E15: =SUM('Stock Numbers'!E156) -> 0 | F15: =SUM('Stock Numbers'!F156) -> 21.664638 | G15: =SUM('Stock Numbers'!G156) -> 0 | H15: =SUM('Stock Numbers'!H156) -> 14.719638 | I15: =SUM('Stock Numbers'!I156) -> 0 | J15: =SUM('Stock Numbers'!J156) -> 125.18709
A16: =EOMONTH(A15,0)+1 -> 46296 | C16: =SUM('Stock Numbers'!C173) -> 2.9036175 | D16: =SUM('Stock Numbers'!D173) -> 85.67719 | E16: =SUM('Stock Numbers'!E173) -> 0 | F16: =SUM('Stock Numbers'!F173) -> 21.610477 | G16: =SUM('Stock Numbers'!G173) -> 0 | H16: =SUM('Stock Numbers'!H173) -> 14.682839 | I16: =SUM('Stock Numbers'!I173) -> 24.580933 | J16: =SUM('Stock Numbers'!J173) -> 149.45506
A17: =EOMONTH(A16,0)+1 -> 46327 | C17: =SUM('Stock Numbers'!C190) -> 2.8963585 | D17: =SUM('Stock Numbers'!D190) -> 85.462997 | E17: =SUM('Stock Numbers'!E190) -> 0 | F17: =SUM('Stock Numbers'!F190) -> 21.556451 | G17: =SUM('Stock Numbers'!G190) -> 0 | H17: =SUM('Stock Numbers'!H190) -> 14.646132 | I17: =SUM('Stock Numbers'!I190) -> 49.100414 | J17: =SUM('Stock Numbers'!J190) -> 173.66235
A18: =EOMONTH(A17,0)+1 -> 46357 | C18: =SUM('Stock Numbers'!C207) -> 2.8891176 | D18: =SUM('Stock Numbers'!D207) -> 85.24934 | E18: =SUM('Stock Numbers'!E207) -> 0 | F18: =SUM('Stock Numbers'!F207) -> 21.50256 | G18: =SUM('Stock Numbers'!G207) -> 0 | H18: =SUM('Stock Numbers'!H207) -> 0.60951694 | I18: =SUM('Stock Numbers'!I207) -> 73.558596 | J18: =SUM('Stock Numbers'!J207) -> 183.80913
A19: CFwd to 2027 | C19: =SUM('Stock Numbers'!C224) -> 3 | D19: =SUM('Stock Numbers'!D224) -> 86 | E19: =SUM('Stock Numbers'!E224) -> 0 | F19: =SUM('Stock Numbers'!F224) -> 22 | G19: =SUM('Stock Numbers'!G224) -> 0 | H19: =SUM('Stock Numbers'!H224) -> 1 | I19: =SUM('Stock Numbers'!I224) -> 74 | J19: =SUM('Stock Numbers'!J224) -> 186
A20: TOTAL COST OF MEDICAL
C21: BULLS | D21: COWS | E21: HEIFERS | G21: STEERS | I21: CALVES | J21: TOTAL
A22: MONTH | C22: Mature Bulls | D22: Breeding Cows | E22: Bulling Heifers | F22: Weaner Heifers | G22: Feeder Steers | H22: Weaner Steers | I22: Calves | J22: COST PER MONTH
A23: =A7 -> 46023 | C23: =SUM(C7*C78) -> 2.3142 | D23: =SUM(D7*D78) -> 57.855 | E23: =SUM(E7*E78) -> 0 | F23: =SUM(F7*F78) -> 0 | G23: =SUM(G7*G78) -> 0 | H23: =SUM(H7*H78) -> 0 | I23: =SUM(I7*I78) -> 492.26625 | J23: =SUM(C23:I23) -> 552.43545
A24: =A8 -> 46054 | C24: =SUM(C8*C98) -> 8.3978528 | D24: =SUM(D8*D98) -> 209.94632 | E24: =SUM(E8*E98) -> 0 | F24: =SUM(F8*F98) -> 0 | G24: =SUM(G8*G98) -> 0 | H24: =SUM(H8*H98) -> 0 | I24: =SUM(I8*I98) -> 157.45974 | J24: =SUM(C24:I24) -> 375.80391
A25: =A9 -> 46082 | C25: =SUM(C9*C118) -> 2.3026435 | D25: =SUM(D9*D118) -> 57.566087 | E25: =SUM(E9*E118) -> 0 | F25: =SUM(F9*F118) -> 0 | G25: =SUM(G9*G118) -> 0 | H25: =SUM(H9*H118) -> 0 | I25: =SUM(I9*I118) -> 43.174565 | J25: =SUM(C25:I25) -> 103.0433
A26: =A10 -> 46113 | C26: =SUM(C10*C138) -> 5.5838111 | D26: =SUM(D10*D138) -> 139.59528 | E26: =SUM(E10*E138) -> 0 | F26: =SUM(F10*F138) -> 0 | G26: =SUM(G10*G138) -> 0 | H26: =SUM(H10*H138) -> 0 | I26: =SUM(I10*I138) -> 104.69646 | J26: =SUM(C26:I26) -> 249.87555
A27: =A11 -> 46143 | C27: =SUM(C11*C158) -> 2.2911446 | D27: =SUM(D11*D158) -> 50.318616 | E27: =SUM(E11*E158) -> 0 | F27: =SUM(F11*F158) -> 0 | G27: =SUM(G11*G158) -> 0 | H27: =SUM(H11*H158) -> 0 | I27: =SUM(I11*I158) -> 42.958962 | J27: =SUM(C27:I27) -> 95.568723
A28: =A12 -> 46174 | C28: =SUM(C12*C178) -> 2.2854168 | D28: =SUM(D12*D178) -> 50.192819 | E28: =SUM(E12*E178) -> 0 | F28: =SUM(F12*F178) -> 0 | G28: =SUM(G12*G178) -> 0 | H28: =SUM(H12*H178) -> 0 | I28: =SUM(I12*I178) -> 42.851565 | J28: =SUM(C28:I28) -> 95.329801
A29: =A13 -> 46204 | C29: =SUM(C13*C198) -> 2.2797032 | D29: =SUM(D13*D198) -> 50.067337 | E29: =SUM(E13*E198) -> 0 | F29: =SUM(F13*F198) -> 132.65515 | G29: =SUM(G13*G198) -> 0 | H29: =SUM(H13*H198) -> 77.750654 | I29: =SUM(I13*I198) -> 0 | J29: =SUM(C29:I29) -> 262.75284
A30: =A14 -> 46235 | C30: =SUM(C14*C218) -> 198.30883 | D30: =SUM(D14*D218) -> 49.942169 | E30: =SUM(E14*E218) -> 0 | F30: =SUM(F14*F218) -> 21.318787 | G30: =SUM(G14*G218) -> 0 | H30: =SUM(H14*H218) -> 8.5587873 | I30: =SUM(I14*I218) -> 0 | J30: =SUM(C30:I30) -> 278.12857
A31: =A15 -> 46266 | C31: =SUM(C15*C238) -> 1.688319 | D31: =SUM(D15*D238) -> 49.817314 | E31: =SUM(E15*E238) -> 0 | F31: =SUM(F15*F238) -> 12.56549 | G31: =SUM(G15*G238) -> 0 | H31: =SUM(H15*H238) -> 8.5373903 | I31: =SUM(I15*I238) -> 0 | J31: =SUM(C31:I31) -> 72.608513
A32: =A16 -> 46296 | C32: =SUM(C16*C258) -> 9.9884443 | D32: =SUM(D16*D258) -> 294.72953 | E32: =SUM(E16*E258) -> 0 | F32: =SUM(F16*F258) -> 31.983506 | G32: =SUM(G16*G258) -> 0 | H32: =SUM(H16*H258) -> 21.730602 | I32: =SUM(I16*I258) -> 19.173128 | J32: =SUM(C32:I32) -> 377.60521
A33: =A17 -> 46327 | C33: =SUM(C17*C278) -> 1.6798879 | D33: =SUM(D17*D278) -> 49.568538 | E33: =SUM(E17*E278) -> 0 | F33: =SUM(F17*F278) -> 12.502741 | G33: =SUM(G17*G278) -> 0 | H33: =SUM(H17*H278) -> 8.4947567 | I33: =SUM(I17*I278) -> 28.47824 | J33: =SUM(C33:I33) -> 100.72416
A34: =A18 -> 46357 | C34: =SUM(C18*C298) -> 1.6756882 | D34: =SUM(D18*D298) -> 49.444617 | E34: =SUM(E18*E298) -> 0 | F34: =SUM(F18*F298) -> 12.471485 | G34: =SUM(G18*G298) -> 0 | H34: =SUM(H18*H298) -> 0.35351983 | I34: =SUM(I18*I298) -> 42.663986 | J34: =SUM(C34:I34) -> 106.6093
A35: Total Cost per Annum | C35: =SUM(C23:C34) -> 238.79594 | D35: =SUM(D23:D34) -> 1109.0436 | E35: =SUM(E23:E34) -> 0 | F35: =SUM(F23:F34) -> 223.49715 | G35: =SUM(G23:G34) -> 0 | H35: =SUM(H23:H34) -> 125.42571 | I35: =SUM(I23:I34) -> 973.72289 | J35: =SUM(J23:J34) -> 2670.4853
A38: Percentage of Costs | C38: =SUM(C35/$J$35) -> 0.089420428 | D38: =SUM(D35/$J$35) -> 0.41529666 | E38: =SUM(E35/$J$35) -> 0 | F38: =SUM(F35/$J$35) -> 0.083691587 | G38: =SUM(G35/$J$35) -> 0 | H38: =SUM(H35/$J$35) -> 0.046967384 | I38: =SUM(I35/$J$35) -> 0.36462394 | J38: =SUM(J35/$J$35) -> 1
A39: TOTAL COST PER TREATMENT
A40: MONTH | C40: ='Inputs '!$A$21 -> Supa-Dip | D40: ='Inputs '!$A$22 -> General Treatments | E40: ='Inputs '!$A$23 -> Supavax | F40: ='Inputs '!$A$24 -> S19 Brucelosis | G40: ='Inputs '!$A$25 -> Vibrin | H40: ='Inputs '!$A$26 -> Lumpyvax | I40: ='Inputs '!$A$27 -> Bimectin | J40: ='Inputs '!$A$28 -> Multimin | K40: ='Inputs '!$A$29 -> Bull Testing | L40: ='Inputs '!$A$30 -> Ear Tags | M40: ='Inputs '!$A$31 -> Flucazole | N40: ='Inputs '!$A$32 -> - | O40: ='Inputs '!$A$33 -> - | P40: ='Inputs '!$A$34 -> - | Q40: ='Inputs '!$A$35 -> - | R40: ='Inputs '!$A$36 -> - | S40: Cost Per Month
A41: =A23 -> 46023 | C41: =SUM(J62) -> 85.7052 | D41: =SUM(J63) -> 17.85525 | E41: =SUM(J64) -> 0 | F41: =SUM(J65) -> 0 | G41: =SUM(J66) -> 0 | H41: =SUM(J67) -> 0 | I41: =SUM(J68) -> 0 | J41: =SUM(J69) -> 0 | K41: =SUM(J70) -> 0 | L41: =SUM(J71) -> 448.875 | M41: =SUM(J72) -> 0 | S41: =SUM(C41:R41) -> 552.43545
A42: =A24 -> 46054 | C42: =J82 -> 85.490937 | D42: =J83 -> 17.810612 | E42: =J84 -> 147.82808 | F42: =J85 -> 0 | G42: =J86 -> 0 | H42: =J87 -> 124.67428 | I42: =J88 -> 0 | J42: =J89 -> 0 | K42: =J90 -> 0 | L42: =J91 -> 0 | M42: =J92 -> 0 | S42: =SUM(C42:R42) -> 375.80391
A43: =A25 -> 46082 | C43: =SUM(J102) -> 85.27721 | D43: =J103 -> 17.766085 | E43: =J104 -> 0 | F43: =J105 -> 0 | G43: =J106 -> 0 | H43: =J107 -> 0 | I43: =J108 -> 0 | J43: =J109 -> 0 | K43: =J110 -> 0 | L43: =J111 -> 0 | M43: =J112 -> 0 | S43: =SUM(C43:R43) -> 103.0433
A44: =A26 -> 46113 | C44: =SUM(J122) -> 85.064017 | D44: =J123 -> 17.72167 | E44: =J124 -> 147.08986 | F44: =J125 -> 0 | G44: =J126 -> 0 | H44: =J127 -> 0 | I44: =J128 -> 0 | J44: =J129 -> 0 | K44: =J130 -> 0 | L44: =J131 -> 0 | M44: =J132 -> 0 | S44: =SUM(C44:R44) -> 249.87555
A45: =A27 -> 46143 | C45: =SUM(J142) -> 79.091357 | D45: =J143 -> 16.477366 | E45: =J144 -> 0 | F45: =J145 -> 0 | G45: =J146 -> 0 | H45: =J147 -> 0 | I45: =J148 -> 0 | J45: =J149 -> 0 | K45: =J150 -> 0 | L45: =J151 -> 0 | M45: =J152 -> 0 | S45: =SUM(C45:R45) -> 95.568723
A46: =A28 -> 46174 | C46: =SUM(J162) -> 78.893628 | D46: =J163 -> 16.436173 | E46: =J164 -> 0 | F46: =J165 -> 0 | G46: =J166 -> 0 | H46: =J167 -> 0 | I46: =J168 -> 0 | J46: =J169 -> 0 | K46: =J170 -> 0 | L46: =J171 -> 0 | M46: =J172 -> 0 | S46: =SUM(C46:R46) -> 95.329801
A47: =A29 -> 46204 | C47: =SUM(J182) -> 78.696394 | D47: =J183 -> 16.395082 | E47: =J184 -> 61.168761 | F47: =J185 -> 54.904491 | G47: =J186 -> 0 | H47: =J187 -> 51.588112 | I47: =J188 -> 0 | J47: =J189 -> 0 | K47: =J190 -> 0 | L47: =J191 -> 0 | M47: =J192 -> 0 | S47: =SUM(C47:R47) -> 262.75284
A48: =A30 -> 46235 | C48: =SUM(J202) -> 67.939653 | D48: =J203 -> 14.154094 | E48: =J204 -> 0 | F48: =J205 -> 0 | G48: =J206 -> 0 | H48: =J207 -> 0 | I48: =J208 -> 0 | J48: =J209 -> 0 | K48: =J210 -> 196.03483 | L48: =J211 -> 0 | M48: =J212 -> 0 | S48: =SUM(C48:R48) -> 278.12857
A49: =A31 -> 46266 | C49: =SUM(J222) -> 60.089804 | D49: =J223 -> 12.518709 | E49: =J224 -> 0 | F49: =J225 -> 0 | G49: =J226 -> 0 | H49: =J227 -> 0 | I49: =J228 -> 0 | J49: =J229 -> 0 | K49: =J230 -> 0 | L49: =J231 -> 0 | M49: =J232 -> 131.81585 | S49: =SUM(C49:R49) -> 204.42436
A50: =A32 -> 46296 | C50: =SUM(J242) -> 71.738427 | D50: =J243 -> 14.945506 | E50: =J244 -> 0 | F50: =J245 -> 0 | G50: =J246 -> 115.15505 | H50: =J247 -> 87.411887 | I50: =J248 -> 58.463333 | J50: =J249 -> 29.891011 | K50: =J250 -> 0 | L50: =J251 -> 0 | M50: =J252 -> 0 | S50: =SUM(C50:R50) -> 377.60521
A51: =A33 -> 46327 | C51: =SUM(J262) -> 83.357929 | D51: =J263 -> 17.366235 | E51: =J264 -> 0 | F51: =J265 -> 0 | G51: =J266 -> 0 | H51: =J267 -> 0 | I51: =J268 -> 0 | J51: =J269 -> 0 | K51: =J269 -> 0 | L51: =J270 -> 0 | M51: =J272 -> 0 | S51: =SUM(C51:R51) -> 100.72416
A52: =A34 -> 46357 | C52: =SUM(J282) -> 88.228382 | D52: =J283 -> 18.380913 | E52: =J284 -> 0 | F52: =J285 -> 0 | G52: =J286 -> 0 | H52: =J287 -> 0 | I52: =J288 -> 0 | J52: =J289 -> 0 | K52: =J290 -> 0 | L52: =J291 -> 0 | M52: =J292 -> 0 | S52: =SUM(C52:R52) -> 106.6093
A53: Total Cost per Annum | C53: =SUM(C41:C52) -> 949.57294 | D53: =SUM(D41:D52) -> 197.8277 | E53: =SUM(E41:E52) -> 356.0867 | F53: =SUM(F41:F52) -> 54.904491 | G53: =SUM(G41:G52) -> 115.15505 | H53: =SUM(H41:H52) -> 263.67428 | I53: =SUM(I41:I52) -> 58.463333 | J53: =SUM(J41:J52) -> 29.891011 | ... M53: =SUM(M41:M52) -> 131.81585 | S53: =SUM(C53:L53) -> 2670.4853
C54: =SUM(C53/$S$53) -> 0.35558066 | D54: =SUM(D53/$S$53) -> 0.074079304 | E54: =SUM(E53/$S$53) -> 0.13334157 | F54: =SUM(F53/$S$53) -> 0.020559742 | G54: =SUM(G53/$S$53) -> 0.043121394 | H54: =SUM(H53/$S$53) -> 0.098736465 | I54: =SUM(I53/$S$53) -> 0.0218924 | J54: =SUM(J53/$S$53) -> 0.011193101 | ... L54: =SUM(L53/$S$53) -> 0.16808742 | S54: =SUM(S53/$S$53) -> 1
R55: =SUM(C53:L53) -> 2670.4853
A56: MONTHLY TREATMENTS
A58: JANUARY | B58: 31
C59: Treatments Per Month
C60: BULLS | D60: COWS | E60: HEiFERS | G60: STEERS | I60: CALVES
A61: Description | B61: Price per Dose | C61: Mature Stud Bulls | D61: Breeding Cows | E61: Bulling Heifers | F61: Weaner Heifers | G61: Feeder Steers | H61: Weaner Steers | I61: Calves | J61: Monthly Cost Per Treatment
A62: ='Inputs '!$A$21 -> Supa-Dip | B62: ='Inputs '!B21 -> 0.12 | C62: 4 | D62: 4 | E62: 4 | F62: 4 | G62: 4 | H62: 4 | I62: 4 | J62: =SUM(C$7*B62*C62+D$7*B62*D62+E$7*B62*E62+F$7*B62*F62+G$7*B62*G62+H$7*B62*H62+I$7*B62*I62) -> 85.7052
A63: ='Inputs '!$A$22 -> General Treatments | B63: ='Inputs '!B22 -> 0.1 | C63: 1 | D63: 1 | E63: 1 | F63: 1 | G63: 1 | H63: 1 | I63: 1 | J63: =SUM(C$7*B63*C63+D$7*B63*D63+E$7*B63*E63+F$7*B63*F63+G$7*B63*G63+H$7*B63*H63+I$7*B63*I63) -> 17.85525
A64: ='Inputs '!$A$23 -> Supavax | B64: ='Inputs '!B23 -> 0.83 | J64: =SUM(C$7*B64*C64+D$7*B64*D64+E$7*B64*E64+F$7*B64*F64+G$7*B64*G64+H$7*B64*H64+I$7*B64*I64) -> 0
A65: ='Inputs '!$A$24 -> S19 Brucelosis | B65: ='Inputs '!B24 -> 1.49 | J65: =SUM(C$7*B65*C65+D$7*B65*D65+E$7*B65*E65+F$7*B65*F65+G$7*B65*G65+H$7*B65*H65+I$7*B65*I65) -> 0
A66: ='Inputs '!$A$25 -> Vibrin | B66: ='Inputs '!B25 -> 1.3 | J66: =SUM(C$7*B66*C66+D$7*B66*D66+E$7*B66*E66+F$7*B66*F66+G$7*B66*G66+H$7*B66*H66+I$7*B66*I66) -> 0
A67: ='Inputs '!$A$26 -> Lumpyvax | B67: ='Inputs '!B26 -> 0.7 | J67: =SUM(C$7*B67*C67+D$7*B67*D67+E$7*B67*E67+F$7*B67*F67+G$7*B67*G67+H$7*B67*H67+I$7*B67*I67) -> 0
A68: ='Inputs '!$A$27 -> Bimectin | B68: ='Inputs '!B27 -> 0.66 | J68: =SUM(C$7*B68*C68+D$7*B68*D68+E$7*B68*E68+F$7*B68*F68+G$7*B68*G68+H$7*B68*H68+I$7*B68*I68) -> 0
A69: ='Inputs '!$A$28 -> Multimin | B69: ='Inputs '!B28 -> 0.2 | J69: =SUM(C$7*B69*C69+D$7*B69*D69+E$7*B69*E69+F$7*B69*F69+G$7*B69*G69+H$7*B69*H69+I$7*B69*I69) -> 0
A70: ='Inputs '!$A$29 -> Bull Testing | B70: ='Inputs '!B29 -> 50 | J70: =SUM(C$7*B70*C70+D$7*B70*D70+E$7*B70*E70+F$7*B70*F70+G$7*B70*G70+H$7*B70*H70+I$7*B70*I70) -> 0
A71: ='Inputs '!$A$30 -> Ear Tags | B71: ='Inputs '!B30 -> 6 | I71: 1 | J71: =SUM(C$7*B71*C71+D$7*B71*D71+E$7*B71*E71+F$7*B71*F71+G$7*B71*G71+H$7*B71*H71+I$7*B71*I71) -> 448.875
A72: ='Inputs '!$A$31 -> Flucazole | B72: ='Inputs '!B31 -> 0.93 | J72: =SUM(C$7*B72*C72+D$7*B72*D72+E$7*B72*E72+F$7*B72*F72+G$7*B72*G72+H$7*B72*H72+I$7*B72*I72) -> 0
A73: ='Inputs '!$A$32 -> - | B73: ='Inputs '!B32 -> 0 | J73: =SUM(C$7*B73*C73+D$7*B73*D73+E$7*B73*E73+F$7*B73*F73+G$7*B73*G73+H$7*B73*H73+I$7*B73*I73) -> 0
A74: ='Inputs '!$A$33 -> - | B74: ='Inputs '!B33 -> 0 | J74: =SUM(C$7*B74*C74+D$7*B74*D74+E$7*B74*E74+F$7*B74*F74+G$7*B74*G74+H$7*B74*H74+I$7*B74*I74) -> 0
A75: ='Inputs '!$A$34 -> - | B75: ='Inputs '!B34 -> 0 | J75: =SUM(C$7*B75*C75+D$7*B75*D75+E$7*B75*E75+F$7*B75*F75+G$7*B75*G75+H$7*B75*H75+I$7*B75*I75) -> 0
A76: ='Inputs '!$A$35 -> - | B76: ='Inputs '!B35 -> 0 | J76: =SUM(C$7*B76*C76+D$7*B76*D76+E$7*B76*E76+F$7*B76*F76+G$7*B76*G76+H$7*B76*H76+I$7*B76*I76) -> 0
A77: ='Inputs '!A36 -> - | B77: ='Inputs '!B36 -> 0 | J77: =SUM(C$7*B77*C77+D$7*B77*D77+E$7*B77*E77+F$7*B77*F77+G$7*B77*G77+H$7*B77*H77+I$7*B77*I77) -> 0
A78: Total Cost per head / month | C78: =SUM($B$62*C62+$B$63*C63+$B$64*C64+$B$65*C65+$B$66*C66+$B$67*C67+$B$68*C68+$B$69*C69+C70*$B$70+$B$71*C71+$B$72*C72+$B$73*C73+$B$74*C74+$B$75*C75+$B$76*C76+$B$77*C77) -> 0.58 | D78: =SUM($B$62*D62+$B$63*D63+$B$64*D64+$B$65*D65+$B$66*D66+$B$67*D67+$B$68*D68+$B$69*D69+D70*$B$70+$B$71*D71+$B$72*D72+$B$73*D73+$B$74*D74+$B$75*D75+$B$76*D76+$B$77*D77) -> 0.58 | E78: =SUM($B$62*E62+$B$63*E63+$B$64*E64+$B$65*E65+$B$66*E66+$B$67*E67+$B$68*E68+$B$69*E69+E70*$B$70+$B$71*E71+$B$72*E72+$B$73*E73+$B$74*E74+$B$75*E75+$B$76*E76+$B$77*E77) -> 0.58 | F78: =SUM($B$62*F62+$B$63*F63+$B$64*F64+$B$65*F65+$B$66*F66+$B$67*F67+$B$68*F68+$B$69*F69+F70*$B$70+$B$71*F71+$B$72*F72+$B$73*F73+$B$74*F74+$B$75*F75+$B$76*F76+$B$77*F77) -> 0.58 | G78: =SUM($B$62*G62+$B$63*G63+$B$64*G64+$B$65*G65+$B$66*G66+$B$67*G67+$B$68*G68+$B$69*G69+G70*$B$70+$B$71*G71+$B$72*G72+$B$73*G73+$B$74*G74+$B$75*G75+$B$76*G76+$B$77*G77) -> 0.58 | H78: =SUM($B$62*H62+$B$63*H63+$B$64*H64+$B$65*H65+$B$66*H66+$B$67*H67+$B$68*H68+$B$69*H69+H70*$B$70+$B$71*H71+$B$72*H72+$B$73*H73+$B$74*H74+$B$75*H75+$B$76*H76+$B$77*H77) -> 0.58 | I78: =SUM($B$62*I62+$B$63*I63+$B$64*I64+$B$65*I65+$B$66*I66+$B$67*I67+$B$68*I68+$B$69*I69+I70*$B$70+$B$71*I71+$B$72*I72+$B$73*I73+$B$74*I74+$B$75*I75+$B$76*I76+$B$77*I77) -> 6.58 | J78: =SUM(J62:J71) -> 552.43545
A80: FEBRUARY | B80: 28
A81: Description | B81: Price per Dose | C81: Treatments Per Month | J81: Monthly Cost Per Treatment
A82: ='Inputs '!$A$21 -> Supa-Dip | B82: ='Inputs '!C21 -> 0.12 | C82: 4 | D82: 4 | E82: 4 | F82: 4 | G82: 4 | H82: 4 | I82: 4 | J82: =SUM(C$8*B82*C82+D$8*B82*D82+E$8*B82*E82+F$8*B82*F82+G$8*B82*G82+H$8*B82*H82+I$8*B82*I82) -> 85.490937
A83: ='Inputs '!$A$22 -> General Treatments | B83: ='Inputs '!C22 -> 0.1 | C83: 1 | D83: 1 | E83: 1 | F83: 1 | G83: 1 | H83: 1 | I83: 1 | J83: =SUM(C$8*B83*C83+D$8*B83*D83+E$8*B83*E83+F$8*B83*F83+G$8*B83*G83+H$8*B83*H83+I$8*B83*I83) -> 17.810612
A84: ='Inputs '!$A$23 -> Supavax | B84: ='Inputs '!C23 -> 0.83 | C84: 1 | D84: 1 | E84: 1 | F84: 1 | G84: 1 | H84: 1 | I84: 1 | J84: =SUM(C$8*B84*C84+D$8*B84*D84+E$8*B84*E84+F$8*B84*F84+G$8*B84*G84+H$8*B84*H84+I$8*B84*I84) -> 147.82808
A85: ='Inputs '!$A$24 -> S19 Brucelosis | B85: ='Inputs '!C24 -> 1.49 | J85: =SUM(C$8*B85*C85+D$8*B85*D85+E$8*B85*E85+F$8*B85*F85+G$8*B85*G85+H$8*B85*H85+I$8*B85*I85) -> 0
A86: ='Inputs '!$A$25 -> Vibrin | B86: ='Inputs '!C25 -> 1.3 | J86: =SUM(C$8*B86*C86+D$8*B86*D86+E$8*B86*E86+F$8*B86*F86+G$8*B86*G86+H$8*B86*H86+I$8*B86*I86) -> 0
A87: ='Inputs '!$A$26 -> Lumpyvax | B87: ='Inputs '!C26 -> 0.7 | C87: 1 | D87: 1 | E87: 1 | F87: 1 | G87: 1 | H87: 1 | I87: 1 | J87: =SUM(C$8*B87*C87+D$8*B87*D87+E$8*B87*E87+F$8*B87*F87+G$8*B87*G87+H$8*B87*H87+I$8*B87*I87) -> 124.67428
A88: ='Inputs '!$A$27 -> Bimectin | B88: ='Inputs '!C27 -> 0.66 | J88: =SUM(C$8*B88*C88+D$8*B88*D88+E$8*B88*E88+F$8*B88*F88+G$8*B88*G88+H$8*B88*H88+I$8*B88*I88) -> 0
A89: ='Inputs '!$A$28 -> Multimin | B89: ='Inputs '!C28 -> 0.2 | J89: =SUM(C$8*B89*C89+D$8*B89*D89+E$8*B89*E89+F$8*B89*F89+G$8*B89*G89+H$8*B89*H89+I$8*B89*I89) -> 0
A90: ='Inputs '!$A$29 -> Bull Testing | B90: ='Inputs '!C29 -> 50 | J90: =SUM(C$8*B90*C90+D$8*B90*D90+E$8*B90*E90+F$8*B90*F90+G$8*B90*G90+H$8*B90*H90+I$8*B90*I90) -> 0
A91: ='Inputs '!$A$30 -> Ear Tags | B91: ='Inputs '!C30 -> 6 | J91: =SUM(C$8*B91*C91+D$8*B91*D91+E$8*B91*E91+F$8*B91*F91+G$8*B91*G91+H$8*B91*H91+I$8*B91*I91) -> 0
A92: ='Inputs '!$A$31 -> Flucazole | B92: ='Inputs '!C31 -> 0.93 | J92: =SUM(C$8*B92*C92+D$8*B92*D92+E$8*B92*E92+F$8*B92*F92+G$8*B92*G92+H$8*B92*H92+I$8*B92*I92) -> 0
A93: ='Inputs '!$A$32 -> - | B93: ='Inputs '!C32 -> 0 | J93: =SUM(C$8*B93*C93+D$8*B93*D93+E$8*B93*E93+F$8*B93*F93+G$8*B93*G93+H$8*B93*H93+I$8*B93*I93) -> 0
A94: ='Inputs '!$A$33 -> - | B94: ='Inputs '!C33 -> 0 | J94: =SUM(C$8*B94*C94+D$8*B94*D94+E$8*B94*E94+F$8*B94*F94+G$8*B94*G94+H$8*B94*H94+I$8*B94*I94) -> 0
A95: ='Inputs '!$A$34 -> - | B95: ='Inputs '!C34 -> 0 | J95: =SUM(C$8*B95*C95+D$8*B95*D95+E$8*B95*E95+F$8*B95*F95+G$8*B95*G95+H$8*B95*H95+I$8*B95*I95) -> 0
A96: ='Inputs '!$A$35 -> - | B96: ='Inputs '!C35 -> 0 | J96: =SUM(C$8*B96*C96+D$8*B96*D96+E$8*B96*E96+F$8*B96*F96+G$8*B96*G96+H$8*B96*H96+I$8*B96*I96) -> 0
A97: ='Inputs '!$A$36 -> - | B97: ='Inputs '!C36 -> 0 | J97: =SUM(C$8*B97*C97+D$8*B97*D97+E$8*B97*E97+F$8*B97*F97+G$8*B97*G97+H$8*B97*H97+I$8*B97*I97) -> 0
A98: Total Cost per head / month | C98: =SUM($B$62*C82+$B$63*C83+$B$64*C84+$B$65*C85+$B$66*C86+$B$67*C87+$B$68*C88+$B$69*C89+C90*$B$70+$B$71*C91) -> 2.11 | D98: =SUM($B$62*D82+$B$63*D83+$B$64*D84+$B$65*D85+$B$66*D86+$B$67*D87+$B$68*D88+$B$69*D89+D90*$B$70+$B$71*D91) -> 2.11 | E98: =SUM($B$62*E82+$B$63*E83+$B$64*E84+$B$65*E85+$B$66*E86+$B$67*E87+$B$68*E88+$B$69*E89+E90*$B$70+$B$71*E91) -> 2.11 | F98: =SUM($B$62*F82+$B$63*F83+$B$64*F84+$B$65*F85+$B$66*F86+$B$67*F87+$B$68*F88+$B$69*F89+F90*$B$70+$B$71*F91) -> 2.11 | G98: =SUM($B$62*G82+$B$63*G83+$B$64*G84+$B$65*G85+$B$66*G86+$B$67*G87+$B$68*G88+$B$69*G89+G90*$B$70+$B$71*G91) -> 2.11 | H98: =SUM($B$62*H82+$B$63*H83+$B$64*H84+$B$65*H85+$B$66*H86+$B$67*H87+$B$68*H88+$B$69*H89+H90*$B$70+$B$71*H91) -> 2.11 | I98: =SUM($B$62*I82+$B$63*I83+$B$64*I84+$B$65*I85+$B$66*I86+$B$67*I87+$B$68*I88+$B$69*I89+I90*$B$70+$B$71*I91) -> 2.11 | J98: =SUM(J82:J97) -> 375.80391
A100: MARCH | B100: 31
A101: Description | B101: Price per Dose | C101: Treatments Per Month | J101: Monthly Cost Per Treatment
A102: ='Inputs '!$A$21 -> Supa-Dip | B102: ='Inputs '!D21 -> 0.12 | C102: 4 | D102: 4 | E102: 4 | F102: 4 | G102: 4 | H102: 4 | I102: 4 | J102: =SUM(C$9*B102*C102+D$9*B102*D102+E$9*B102*E102+F$9*B102*F102+G$9*B102*G102+H$9*B102*H102+I$9*B102*I102) -> 85.27721
A103: ='Inputs '!$A$22 -> General Treatments | B103: ='Inputs '!D22 -> 0.1 | C103: 1 | D103: 1 | E103: 1 | F103: 1 | G103: 1 | H103: 1 | I103: 1 | J103: =SUM(C$9*B103*C103+D$9*B103*D103+E$9*B103*E103+F$9*B103*F103+G$9*B103*G103+H$9*B103*H103+I$9*B103*I103) -> 17.766085
A104: ='Inputs '!$A$23 -> Supavax | B104: ='Inputs '!D23 -> 0.83 | J104: =SUM(C$9*B104*C104+D$9*B104*D104+E$9*B104*E104+F$9*B104*F104+G$9*B104*G104+H$9*B104*H104+I$9*B104*I104) -> 0
A105: ='Inputs '!$A$24 -> S19 Brucelosis | B105: ='Inputs '!D24 -> 1.49 | J105: =SUM(C$9*B105*C105+D$9*B105*D105+E$9*B105*E105+F$9*B105*F105+G$9*B105*G105+H$9*B105*H105+I$9*B105*I105) -> 0
A106: ='Inputs '!$A$25 -> Vibrin | B106: ='Inputs '!D25 -> 1.3 | J106: =SUM(C$9*B106*C106+D$9*B106*D106+E$9*B106*E106+F$9*B106*F106+G$9*B106*G106+H$9*B106*H106+I$9*B106*I106) -> 0
...

Sheet REVENUE ASSUMPTIONS
A2: RANCH REVENUE ASSUMPTIONS | G2: 46023 | H2: =EOMONTH(G2,0)+1 -> 46054 | I2: =EOMONTH(H2,0)+1 -> 46082 | J2: =EOMONTH(I2,0)+1 -> 46113 | K2: =EOMONTH(J2,0)+1 -> 46143 | L2: =EOMONTH(K2,0)+1 -> 46174 | M2: =EOMONTH(L2,0)+1 -> 46204 | N2: =EOMONTH(M2,0)+1 -> 46235 | O2: =EOMONTH(N2,0)+1 -> 46266 | ... R2: =EOMONTH(Q2,0)+1 -> 46357 | T2: TOTAL
F3: INTERNAL SALES | G3: =SUM('Stock Numbers'!J10) -> 0 | H3: =SUM('Stock Numbers'!J25) -> 0 | I3: =SUM('Stock Numbers'!J42) -> 0 | J3: =SUM('Stock Numbers'!J59) -> 0 | K3: =SUM('Stock Numbers'!J76) -> 0 | L3: =SUM('Stock Numbers'!J93) -> 0 | M3: =SUM('Stock Numbers'!J110) -> 0 | N3: =SUM('Stock Numbers'!J127) -> 0 | O3: =SUM('Stock Numbers'!J144) -> 0 | P3: =SUM('Stock Numbers'!J161) -> 0 | Q3: =SUM('Stock Numbers'!J178) -> 0 | R3: =SUM('Stock Numbers'!J195) -> 0 | T3: =SUM(G3:R3) -> 0
F4: EXTERNAL SALES | G4: =SUM('Stock Numbers'!J11) -> 0 | H4: =SUM('Stock Numbers'!J26) -> 0 | I4: =SUM('Stock Numbers'!J43) -> 0 | J4: =SUM('Stock Numbers'!J60) -> 0 | K4: =SUM('Stock Numbers'!J77) -> 12 | L4: =L15 -> 0 | M4: =SUM('Stock Numbers'!J111) -> 0 | N4: =SUM('Stock Numbers'!J128) -> 22 | O4: =SUM('Stock Numbers'!J145) -> 16 | P4: =P21 -> 0 | Q4: =SUM('Stock Numbers'!J179) -> 0 | R4: =SUM('Stock Numbers'!J196) -> 14 | T4: =SUM(G4:R4) -> 64
F5: TOTAL SALES | G5: =SUM(G3+G4) -> 0 | H5: =SUM(H3+H4) -> 0 | I5: =SUM(I3+I4) -> 0 | J5: =SUM(J3+J4) -> 0 | K5: =SUM(K3+K4) -> 12 | L5: =SUM(L3+L4) -> 0 | M5: =SUM(M3+M4) -> 0 | N5: =SUM(N3+N4) -> 22 | ... R5: =SUM(R3+R4) -> 14 | T5: =SUM(T3:T4) -> 64
F6: INTERNAL REVENUE
F7: EXTERNAL REVENUE
F8: TOTAL REVENUE | G8: =SUM(G13+G18+G24+G29) -> 0 | H8: =SUM(H13+H18+H24+H29) -> 0 | I8: =SUM(I13+I18+I24+I29) -> 0 | J8: =SUM(J13+J18+J24+J29) -> 0 | K8: =SUM(K13+K18+K24+K29) -> 12408 | L8: =SUM(L13+L18+L24+L29) -> 0 | M8: =SUM(M13+M18+M24+M29) -> 0 | N8: =SUM(N13+N18+N24+N29) -> 8800 | ... R8: =SUM(R13+R18+R24+R29) -> 11725 | T8: =SUM(G8:S8) -> 44273
D10: INTERNAL | E10: Bulls | F10: Number | O10: 1 | T10: =SUM(G10:S10) -> 1
F11: Ave weight | G11: 800 | H11: 8000 | I11: 600 | J11: 600 | K11: 600 | L11: 600 | M11: 600 | N11: 600 | O11: 800 | P11: 600 | Q11: 600 | R11: 600 | T11: =AVERAGE(H11:R11) -> 1290.9091
F12: Price | G12: 1.2 | H12: 1.2 | I12: 1.2 | J12: 1.2 | K12: 1.2 | L12: 1.2 | M12: 1.2 | N12: 1.2 | O12: 1.8 | P12: 1.2 | Q12: 1.2 | R12: 1.2 | T12: =AVERAGE(H12:R12) -> 1.2545455
F13: Revenue | G13: =+G10*G11*G12 -> 0 | H13: =+H10*H11*H12 -> 0 | I13: =+I10*I11*I12 -> 0 | J13: =+J10*J11*J12 -> 0 | K13: =+K10*K11*K12 -> 0 | L13: =+L10*L11*L12 -> 0 | M13: =+M10*M11*M12 -> 0 | N13: =+N10*N11*N12 -> 0 | ... R13: =+R10*R11*R12 -> 0 | T13: =SUM(G13:S13) -> 1440
E15: Cull Cows | F15: Number | K15: 12 | T15: =SUM(G15:S15) -> 12
F16: Ave weight | G16: 470 | H16: 470 | I16: 470 | J16: 470 | K16: 470 | L16: 470 | M16: 470 | N16: 470 | O16: 470 | P16: 470 | Q16: 470 | R16: 470 | T16: =AVERAGE(H16:R16) -> 470
F17: Price | G17: 1.6 | H17: 1.6 | I17: 1.6 | J17: 1.6 | K17: 2.2 | L17: 1.6 | M17: 1.6 | N17: 1.6 | O17: 1.6 | P17: 1.6 | Q17: 1.6 | R17: 1.6 | T17: =AVERAGE(H17:R17) -> 1.6545455
F18: Revenue | G18: =+G15*G16*G17 -> 0 | H18: =+H15*H16*H17 -> 0 | I18: =+I15*I16*I17 -> 0 | J18: =+J15*J16*J17 -> 0 | K18: =+K15*K16*K17 -> 12408 | L18: =+L15*L16*L17 -> 0 | M18: =+M15*M16*M17 -> 0 | N18: =+N15*N16*N17 -> 0 | ... S18: =+S15*S16*S17 -> 0 | T18: =SUM(G18:S18) -> 12408
E21: Cull Steers | F21: Number | N21: 22 | R21: 14 | T21: =SUM(G21:S21) -> 36
F22: Ave weight | G22: 250 | H22: 275 | I22: 300 | J22: 200 | K22: 200 | L22: 200 | M22: 200 | N22: 200 | O22: 200 | P22: 200 | Q22: 200 | R22: 335 | T22: =AVERAGE(H22:R22) -> 228.18182
F23: Price | G23: 1.5 | H23: 1.5 | I23: 1.5 | J23: 1.5 | K23: 1.5 | L23: 1.5 | M23: 1.5 | N23: 2 | O23: 1.5 | P23: 1.5 | Q23: 1.5 | R23: 2.5 | T23: =AVERAGE(H23:R23) -> 1.6363636
F24: Revenue | G24: =+G21*G22*G23 -> 0 | H24: =+H21*H22*H23 -> 0 | I24: =+I21*I22*I23 -> 0 | J24: =+J21*J22*J23 -> 0 | K24: =+K21*K22*K23 -> 0 | L24: =+L21*L22*L23 -> 0 | M24: =+M21*M22*M23 -> 0 | N24: =+N21*N22*N23 -> 8800 | ... S24: =+S21*S22*S23 -> 0 | T24: =SUM(G24:S24) -> 20525
E26: Cull Heifers | F26: Number | O26: 15 | T26: =SUM(G26:S26) -> 15
F27: Ave weight | G27: 200 | H27: 180 | I27: 325 | J27: 325 | K27: 325 | L27: 325 | M27: 200 | N27: 325 | O27: 220 | P27: 325 | Q27: 325 | R27: 325 | T27: =AVERAGE(H27:R27) -> 290.90909
F28: Price | G28: 2 | H28: 1.2 | I28: 2 | J28: 2 | K28: 2 | L28: 2 | M28: 2 | N28: 2 | O28: 3 | P28: 2 | Q28: 2 | R28: 2 | T28: =AVERAGE(H28:R28) -> 2.0181818
F29: Revenue | G29: =+G26*G27*G28 -> 0 | H29: =+H26*H27*H28 -> 0 | I29: =+I26*I27*I28 -> 0 | J29: =+J26*J27*J28 -> 0 | K29: =+K26*K27*K28 -> 0 | L29: =+L26*L27*L28 -> 0 | M29: =+M26*M27*M28 -> 0 | N29: =+N26*N27*N28 -> 0 | ... S29: =+S26*S27*S28 -> 0 | T29: =SUM(G29:S29) -> 9900

Sheet LABOUR
A1: LABOUR
C2: 26 | E2: 24 | G2: 26 | I2: 25 | K2: 26 | M2: 25 | O2: 26 | Q2: 26 | S2: 25 | U2: 26 | W2: 25 | Y2: 26
B3: Jan | D3: Feb | F3: Mar | H3: Apr | J3: May | L3: Jun | N3: Jul | P3: Aug | R3: Sep | T3: Oct | V3: Nov | X3: Dec | Z3: Total
A4: ='Inputs '!A40 -> Foreman | B4: 1 | C4: =B4*'Inputs '!B40*$C$2 -> 260 | D4: 1 | E4: =D4*'Inputs '!C40*$E$2 -> 240 | F4: 1 | G4: =F4*'Inputs '!D40*$G$2 -> 260 | H4: 1 | I4: =H4*'Inputs '!E40*$I$2 -> 250 | J4: 1 | K4: =J4*'Inputs '!F40*$K$2 -> 260 | L4: 1 | M4: =L4*'Inputs '!G40*M$2 -> 250 | N4: 1 | O4: =N4*'Inputs '!H40*$O$2 -> 260 | P4: 1 | Q4: =P4*'Inputs '!I40*$Q$2 -> 260 | R4: 1 | S4: =R4*'Inputs '!J40*$S$2 -> 250 | T4: 1 | U4: =T4*'Inputs '!K40*$U$2 -> 260 | V4: 1 | W4: =V4*'Inputs '!L40*$W$2 -> 250 | X4: 1 | Y4: =X4*'Inputs '!M40*$Y$2 -> 520 | Z4: =SUM(C4,E4,G4,I4,K4,M4,O4,Q4,S4,U4,W4,Y4) -> 3320
A5: ='Inputs '!A41 -> Admin | B5: 0 | C5: =B5*'Inputs '!B41*$C$2 -> 0 | D5: 0 | E5: =D5*'Inputs '!C41*$E$2 -> 0 | F5: 0 | G5: =F5*'Inputs '!D41*$C$2 -> 0 | H5: 0 | I5: =H5*'Inputs '!E41*$I$2 -> 0 | J5: 0 | K5: =J5*'Inputs '!F41*$K$2 -> 0 | L5: 0 | M5: =L5*'Inputs '!G41*M$2 -> 0 | N5: 0 | O5: =N5*'Inputs '!H41*$O$2 -> 0 | P5: 0 | Q5: =P5*'Inputs '!I41*$Q$2 -> 0 | R5: 0 | S5: =R5*'Inputs '!J41*$S$2 -> 0 | T5: 0 | U5: =T5*'Inputs '!K41*$U$2 -> 0 | V5: 0 | W5: =V5*'Inputs '!L41*$W$2 -> 0 | X5: 0 | Y5: =X5*'Inputs '!M41*$Y$2 -> 0 | Z5: =SUM(C5,E5,G5,I5,K5,M5,O5,Q5,S5,U5,W5,Y5) -> 0
A6: ='Inputs '!A42 -> Security Guard | B6: 1 | C6: =B6*'Inputs '!B42*$C$2 -> 156 | D6: 1 | E6: =D6*'Inputs '!C42*$E$2 -> 144 | F6: 1 | G6: =F6*'Inputs '!D42*$C$2 -> 156 | H6: 1 | I6: =H6*'Inputs '!E42*$I$2 -> 150 | J6: 1 | K6: =J6*'Inputs '!F42*$K$2 -> 156 | L6: 1 | M6: =L6*'Inputs '!G42*M$2 -> 150 | N6: 1 | O6: =N6*'Inputs '!H42*$O$2 -> 156 | P6: 1 | Q6: =P6*'Inputs '!I42*$Q$2 -> 156 | R6: 1 | S6: =R6*'Inputs '!J42*$S$2 -> 150 | T6: 1 | U6: =T6*'Inputs '!K42*$U$2 -> 156 | V6: 1 | W6: =V6*'Inputs '!L42*$W$2 -> 150 | X6: 1 | Y6: 1 | Z6: =SUM(C6,E6,G6,I6,K6,M6,O6,Q6,S6,U6,W6,Y6) -> 1681
A7: ='Inputs '!A43 -> Driver | C7: =B7*'Inputs '!B43*$C$2 -> 0 | E7: =D7*'Inputs '!C43*$E$2 -> 0 | G7: =F7*'Inputs '!D43*$C$2 -> 0 | I7: =H7*'Inputs '!E43*$I$2 -> 0 | K7: =J7*'Inputs '!F43*$K$2 -> 0 | M7: =L7*'Inputs '!G43*M$2 -> 0 | O7: =N7*'Inputs '!H43*$O$2 -> 0 | Q7: =P7*'Inputs '!I43*$Q$2 -> 0 | S7: =R7*'Inputs '!J43*$S$2 -> 0 | U7: =T7*'Inputs '!K43*$U$2 -> 0 | W7: =V7*'Inputs '!L43*$W$2 -> 0 | Y7: =X7*'Inputs '!M43*$Y$2 -> 0 | Z7: =SUM(C7,E7,G7,I7,K7,M7,O7,Q7,S7,U7,W7,Y7) -> 0
A8: ='Inputs '!A44 -> Domestic | C8: =B8*'Inputs '!B44*$C$2 -> 0 | E8: =D8*'Inputs '!C44*$E$2 -> 0 | G8: =F8*'Inputs '!D44*$C$2 -> 0 | I8: =H8*'Inputs '!E44*$I$2 -> 0 | J8: 0 | K8: =J8*'Inputs '!F44*$K$2 -> 0 | L8: 0 | M8: =L8*'Inputs '!G44*M$2 -> 0 | N8: 0 | O8: =N8*'Inputs '!H44*$O$2 -> 0 | P8: 0 | Q8: =P8*'Inputs '!I44*$Q$2 -> 0 | R8: 0 | S8: =R8*'Inputs '!J44*$S$2 -> 0 | T8: 0 | U8: =T8*'Inputs '!K44*$U$2 -> 0 | V8: 0 | W8: =V8*'Inputs '!L44*$W$2 -> 0 | X8: 0 | Y8: =X8*'Inputs '!M44*$Y$2 -> 0 | Z8: =SUM(C8,E8,G8,I8,K8,M8,O8,Q8,S8,U8,W8,Y8) -> 0
A9: ='Inputs '!A45 -> Herdsman | B9: 3 | C9: =B9*'Inputs '!B45*$C$2 -> 390 | D9: 3 | E9: =D9*'Inputs '!C45*$E$2 -> 360 | F9: 3 | G9: =F9*'Inputs '!D45*$C$2 -> 390 | H9: 3 | I9: =H9*'Inputs '!E45*$I$2 -> 375 | J9: 3 | K9: =J9*'Inputs '!F45*$K$2 -> 390 | L9: 3 | M9: =L9*'Inputs '!G45*M$2 -> 375 | N9: 3 | O9: =N9*'Inputs '!H45*$O$2 -> 390 | P9: 3 | Q9: =P9*'Inputs '!I45*$Q$2 -> 390 | R9: 3 | S9: =R9*'Inputs '!J45*$S$2 -> 375 | T9: 3 | U9: =T9*'Inputs '!K45*$U$2 -> 390 | V9: 3 | W9: =V9*'Inputs '!L45*$W$2 -> 375 | X9: 3 | Y9: =X9*'Inputs '!M45*$Y$2 -> 780 | Z9: =SUM(C9,E9,G9,I9,K9,M9,O9,Q9,S9,U9,W9,Y9) -> 4980
A10: ='Inputs '!A46 -> Casual | C10: =B10*'Inputs '!B46*$C$2 -> 0 | D10: 0 | E10: =D10*'Inputs '!C46*$E$2 -> 0 | F10: 0 | G10: =F10*'Inputs '!D46*$C$2 -> 0 | H10: 0 | I10: =H10*'Inputs '!E46*$I$2 -> 0 | J10: 0 | K10: =J10*'Inputs '!F46*$K$2 -> 0 | L10: 0 | M10: =L10*'Inputs '!G46*M$2 -> 0 | N10: 0 | O10: =N10*'Inputs '!H46*$O$2 -> 0 | Q10: =P10*'Inputs '!I46*$Q$2 -> 0 | S10: =R10*'Inputs '!J46*$S$2 -> 0 | U10: =T10*'Inputs '!K46*$U$2 -> 0 | W10: =V10*'Inputs '!L46*$W$2 -> 0 | Y10: =X10*'Inputs '!M46*$Y$2 -> 0 | Z10: =SUM(C10,E10,G10,I10,K10,M10,O10,Q10,S10,U10,W10,Y10) -> 0
A11: ='Inputs '!A47 -> - | C11: =B11*'Inputs '!B47*$C$2 -> 0 | E11: =D11*'Inputs '!C47*$E$2 -> 0 | G11: =F11*'Inputs '!D47*$C$2 -> 0 | I11: =H11*'Inputs '!E47*$I$2 -> 0 | K11: =J11*'Inputs '!F47*$K$2 -> 0 | M11: =L11*'Inputs '!G47*M$2 -> 0 | O11: =N11*'Inputs '!H47*$O$2 -> 0 | Q11: =P11*'Inputs '!I47*$Q$2 -> 0 | S11: =R11*'Inputs '!J47*$S$2 -> 0 | U11: =T11*'Inputs '!K47*$U$2 -> 0 | W11: =V11*'Inputs '!L47*$W$2 -> 0 | Y11: =X11*'Inputs '!M47*$Y$2 -> 0 | Z11: =SUM(C11,E11,G11,I11,K11,M11,O11,Q11,S11,U11,W11,Y11) -> 0
A12: ='Inputs '!A48 -> - | C12: =B12*'Inputs '!B48*$C$2 -> 0 | E12: =D12*'Inputs '!C48*$E$2 -> 0 | G12: =F12*'Inputs '!D48*$C$2 -> 0 | I12: =H12*'Inputs '!E48*$I$2 -> 0 | K12: =J12*'Inputs '!F48*$K$2 -> 0 | M12: =L12*'Inputs '!G48*M$2 -> 0 | O12: =N12*'Inputs '!H48*$O$2 -> 0 | Q12: =P12*'Inputs '!I48*$Q$2 -> 0 | S12: =R12*'Inputs '!J48*$S$2 -> 0 | U12: =T12*'Inputs '!K48*$U$2 -> 0 | W12: =V12*'Inputs '!L48*$W$2 -> 0 | Y12: =X12*'Inputs '!M48*$Y$2 -> 0 | Z12: =SUM(C12,E12,G12,I12,K12,M12,O12,Q12,S12,U12,W12,Y12) -> 0
A13: ='Inputs '!A49 -> - | C13: =B13*'Inputs '!B49*$C$2 -> 0 | E13: =D13*'Inputs '!C49*$E$2 -> 0 | G13: =F13*'Inputs '!D49*$C$2 -> 0 | I13: =H13*'Inputs '!E49*$I$2 -> 0 | K13: =J13*'Inputs '!F49*$K$2 -> 0 | M13: =L13*'Inputs '!G49*M$2 -> 0 | O13: =N13*'Inputs '!H49*$O$2 -> 0 | Q13: =P13*'Inputs '!I49*$Q$2 -> 0 | S13: =R13*'Inputs '!J49*$S$2 -> 0 | U13: =T13*'Inputs '!K49*$U$2 -> 0 | W13: =V13*'Inputs '!L49*$W$2 -> 0 | Y13: =X13*'Inputs '!M49*$Y$2 -> 0 | Z13: =SUM(C13,E13,G13,I13,K13,M13,O13,Q13,S13,U13,W13,Y13) -> 0
A14: ='Inputs '!A50 -> - | C14: =B14*'Inputs '!B50*$C$2 -> 0 | E14: =D14*'Inputs '!C50*$E$2 -> 0 | G14: =F14*'Inputs '!D50*$C$2 -> 0 | I14: =H14*'Inputs '!E50*$I$2 -> 0 | K14: =J14*'Inputs '!F50*$K$2 -> 0 | M14: =L14*'Inputs '!G50*M$2 -> 0 | O14: =N14*'Inputs '!H50*$O$2 -> 0 | Q14: =P14*'Inputs '!I50*$Q$2 -> 0 | S14: =R14*'Inputs '!J50*$S$2 -> 0 | U14: =T14*'Inputs '!K50*$U$2 -> 0 | W14: =V14*'Inputs '!L50*$W$2 -> 0 | Y14: =X14*'Inputs '!M50*$Y$2 -> 0 | Z14: =SUM(C14,E14,G14,I14,K14,M14,O14,Q14,S14,U14,W14,Y14) -> 0
A15: ='Inputs '!A51 -> - | C15: =B15*'Inputs '!B51*$C$2 -> 0 | E15: =D15*'Inputs '!C51*$E$2 -> 0 | G15: =F15*'Inputs '!D51*$C$2 -> 0 | I15: =H15*'Inputs '!E51*$I$2 -> 0 | K15: =J15*'Inputs '!F51*$K$2 -> 0 | M15: =L15*'Inputs '!G51*M$2 -> 0 | O15: =N15*'Inputs '!H51*$O$2 -> 0 | Q15: =P15*'Inputs '!I51*$Q$2 -> 0 | S15: =R15*'Inputs '!J51*$S$2 -> 0 | U15: =T15*'Inputs '!K51*$U$2 -> 0 | W15: =V15*'Inputs '!L51*$W$2 -> 0 | Y15: =X15*'Inputs '!M51*$Y$2 -> 0 | Z15: =SUM(C15,E15,G15,I15,K15,M15,O15,Q15,S15,U15,W15,Y15) -> 0
A16: ='Inputs '!A52 -> - | C16: =B16*'Inputs '!B52*$C$2 -> 0 | E16: =D16*'Inputs '!C52*$E$2 -> 0 | G16: =F16*'Inputs '!D52*$C$2 -> 0 | I16: =H16*'Inputs '!E52*$I$2 -> 0 | K16: =J16*'Inputs '!F52*$K$2 -> 0 | M16: =L16*'Inputs '!G52*M$2 -> 0 | O16: =N16*'Inputs '!H52*$O$2 -> 0 | Q16: =P16*'Inputs '!I52*$Q$2 -> 0 | S16: =R16*'Inputs '!J52*$S$2 -> 0 | U16: =T16*'Inputs '!K52*$U$2 -> 0 | W16: =V16*'Inputs '!L52*$W$2 -> 0 | Y16: =X16*'Inputs '!M52*$Y$2 -> 0 | Z16: =SUM(C16,E16,G16,I16,K16,M16,O16,Q16,S16,U16,W16,Y16) -> 0
A17: ='Inputs '!A53 -> - | C17: =B17*'Inputs '!B53*$C$2 -> 0 | E17: =D17*'Inputs '!C53*$E$2 -> 0 | G17: =F17*'Inputs '!D53*$C$2 -> 0 | I17: =H17*'Inputs '!E53*$I$2 -> 0 | K17: =J17*'Inputs '!F53*$K$2 -> 0 | M17: =L17*'Inputs '!G53*M$2 -> 0 | O17: =N17*'Inputs '!H53*$O$2 -> 0 | Q17: =P17*'Inputs '!I53*$Q$2 -> 0 | S17: =R17*'Inputs '!J53*$S$2 -> 0 | U17: =T17*'Inputs '!K53*$U$2 -> 0 | W17: =V17*'Inputs '!L53*$W$2 -> 0 | Y17: =X17*'Inputs '!M53*$Y$2 -> 0 | Z17: =SUM(C17,E17,G17,I17,K17,M17,O17,Q17,S17,U17,W17,Y17) -> 0
A18: ='Inputs '!A54 -> - | C18: =B18*'Inputs '!B54*$C$2 -> 0 | E18: =D18*'Inputs '!C54*$E$2 -> 0 | G18: =F18*'Inputs '!D54*$C$2 -> 0 | I18: =H18*'Inputs '!E54*$I$2 -> 0 | K18: =J18*'Inputs '!F54*$K$2 -> 0 | M18: =L18*'Inputs '!G54*M$2 -> 0 | O18: =N18*'Inputs '!H54*$O$2 -> 0 | Q18: =P18*'Inputs '!I54*$Q$2 -> 0 | S18: =R18*'Inputs '!J54*$S$2 -> 0 | U18: =T18*'Inputs '!K54*$U$2 -> 0 | W18: =V18*'Inputs '!L54*$W$2 -> 0 | Y18: =X18*'Inputs '!M54*$Y$2 -> 0 | Z18: =SUM(C18,E18,G18,I18,K18,M18,O18,Q18,S18,U18,W18,Y18) -> 0
A19: ='Inputs '!A55 -> - | C19: =B19*'Inputs '!B55*$C$2 -> 0 | E19: =D19*'Inputs '!C55*$E$2 -> 0 | G19: =F19*'Inputs '!D55*$C$2 -> 0 | I19: =H19*'Inputs '!E55*$I$2 -> 0 | K19: =J19*'Inputs '!F55*$K$2 -> 0 | M19: =L19*'Inputs '!G55*M$2 -> 0 | O19: =N19*'Inputs '!H55*$O$2 -> 0 | Q19: =P19*'Inputs '!I55*$Q$2 -> 0 | S19: =R19*'Inputs '!J55*$S$2 -> 0 | U19: =T19*'Inputs '!K55*$U$2 -> 0 | W19: =V19*'Inputs '!L55*$W$2 -> 0 | Y19: =X19*'Inputs '!M55*$Y$2 -> 0 | Z19: =SUM(C19,E19,G19,I19,K19,M19,O19,Q19,S19,U19,W19,Y19) -> 0
A20: ='Inputs '!A56 -> - | C20: =B20*'Inputs '!B56*$C$2 -> 0 | E20: =D20*'Inputs '!C56*$E$2 -> 0 | G20: =F20*'Inputs '!D56*$C$2 -> 0 | I20: =H20*'Inputs '!E56*$I$2 -> 0 | K20: =J20*'Inputs '!F56*$K$2 -> 0 | M20: =L20*'Inputs '!G56*M$2 -> 0 | O20: =N20*'Inputs '!H56*$O$2 -> 0 | Q20: =P20*'Inputs '!I56*$Q$2 -> 0 | S20: =R20*'Inputs '!J56*$S$2 -> 0 | U20: =T20*'Inputs '!K56*$U$2 -> 0 | W20: =V20*'Inputs '!L56*$W$2 -> 0 | Y20: =X20*'Inputs '!M56*$Y$2 -> 0 | Z20: =SUM(C20,E20,G20,I20,K20,M20,O20,Q20,S20,U20,W20,Y20) -> 0
B21: =SUM(B4:B20) -> 5 | C21: =SUM(C4:C20) -> 806 | D21: =SUM(D4:D20) -> 5 | E21: =SUM(E4:E20) -> 744 | F21: =SUM(F4:F20) -> 5 | G21: =SUM(G4:G20) -> 806 | H21: =SUM(H4:H20) -> 5 | I21: =SUM(I4:I20) -> 775 | ... Y21: =SUM(Y4:Y20) -> 1301 | Z21: =SUM(C21,E21,G21,I21,K21,M21,O21,Q21,S21,U21,W21,Y21) -> 9981
L35: 46174 | M35: 283 | N35: =L35+M35 -> 46457

Sheet Inputs 
A2: Feed
B3: Jan | C3: Feb | D3: Mar | E3: Apr | F3: May | G3: Jun | H3: Jul | I3: Aug | J3: Sep | K3: Oct | L3: Nov | M3: Dec
A4: P6 Summer Lick | B4: 0.7 | C4: 0.7 | D4: 0.7 | E4: 0.7 | F4: 0.7 | G4: 0.7 | H4: 0.7 | I4: 0.7 | J4: 0.7 | K4: 0.7 | L4: 0.7 | M4: 0.7
A5: Winter Lick | B5: 0.47 | C5: 0.47 | D5: 0.47 | E5: 0.47 | F5: 0.47 | G5: 0.47 | H5: 0.47 | I5: 0.47 | J5: 0.47 | K5: 0.47 | L5: 0.47 | M5: 0.47
A6: Production Lick | B6: 0.39 | C6: 0.39 | D6: 0.39 | E6: 0.39 | F6: 0.39 | G6: 0.39 | H6: 0.39 | I6: 0.39 | J6: 0.39 | K6: 0.39 | L6: 0.39 | M6: 0.39
A7: Pen Feeding Meal | B7: 0.36 | C7: 0.36 | D7: 0.36 | E7: 0.36 | F7: 0.36 | G7: 0.36 | H7: 0.36 | I7: 0.36 | J7: 0.36 | K7: 0.36 | L7: 0.36 | M7: 0.36
A8: Protein Cubes | B8: 0.76 | C8: 0.76 | D8: 0.76 | E8: 0.76 | F8: 0.76 | G8: 0.58 | H8: 0.58 | I8: 0.58 | J8: 0.58 | K8: 0.58 | L8: 0.58 | M8: 0.58
A9: Hay | B9: 0.2 | C9: 0.2 | D9: 0.2 | E9: 0.2 | F9: 0.2 | G9: 0.2 | H9: 0.2 | I9: 0.2 | J9: 0.2 | K9: 0.2 | L9: 0.2 | M9: 0.2
A10: Chicken Litter | B10: 0.05 | C10: 0.05 | D10: 0.05 | E10: 0.05 | F10: 0.05 | G10: 0.05 | H10: 0.05 | I10: 0.05 | J10: 0.05 | K10: 0.05 | L10: 0.05 | M10: 0.05 | R10: 3
A11: Cotton Hulls | H11: 0.2 | I11: 0.2 | J11: 0.2 | K11: 0.2 | L11: 0.2 | M11: 0.2
A12: Feed Grade Urea
A13: Molasses
A14: Salt
A15: -
A16: -
A17: -
A19: Vets and Meds
B20: Jan | C20: Feb | D20: Mar | E20: Apr | F20: May | G20: Jun | H20: Jul | I20: Aug | J20: Sep | K20: Oct | L20: Nov | M20: Dec
A21: Supa-Dip | B21: 0.12 | C21: 0.12 | D21: 0.12 | E21: 0.12 | F21: 0.12 | G21: 0.12 | H21: 0.12 | I21: 0.12 | J21: 0.12 | K21: 0.12 | L21: 0.12 | M21: 0.12
A22: General Treatments | B22: 0.1 | C22: 0.1 | D22: 0.1 | E22: 0.1 | F22: 0.1 | G22: 0.1 | H22: 0.1 | I22: 0.1 | J22: 0.1 | K22: 0.1 | L22: 0.1 | M22: 0.1
A23: Supavax | B23: 0.83 | C23: 0.83 | D23: 0.83 | E23: 0.83 | F23: 0.83 | G23: 0.83 | H23: 0.83 | I23: 0.83 | J23: 0.83 | K23: 0.83 | L23: 0.83 | M23: 0.83
A24: S19 Brucelosis | B24: 1.49 | C24: 1.49 | D24: 1.49 | E24: 1.49 | F24: 1.49 | G24: 1.49 | H24: 1.49 | I24: 1.49 | J24: 1.49 | K24: 1.49 | L24: 1.49 | M24: 1.49
A25: Vibrin | B25: 1.3 | C25: 1.3 | D25: 1.3 | E25: 1.3 | F25: 1.3 | G25: 1.3 | H25: 1.3 | I25: 1.3 | J25: 1.3 | K25: 1.3 | L25: 1.3 | M25: 1.3
A26: Lumpyvax | B26: 0.7 | C26: 0.7 | D26: 0.7 | E26: 0.7 | F26: 0.7 | G26: 0.7 | H26: 0.7 | I26: 0.7 | J26: 0.7 | K26: 0.7 | L26: 0.7 | M26: 0.7 | U26: =400/300 -> 1.3333333
A27: Bimectin | B27: 0.66 | C27: 0.66 | D27: 0.66 | E27: 0.66 | F27: 0.66 | G27: 0.66 | H27: 0.66 | I27: 0.66 | J27: 0.66 | K27: 0.66 | L27: 0.66 | M27: 0.66
A28: Multimin | B28: 0.2 | C28: 0.2 | D28: 0.2 | E28: 0.2 | F28: 0.2 | G28: 0.2 | H28: 0.2 | I28: 0.2 | J28: 0.2 | K28: 0.2 | L28: 0.2 | M28: 0.2
A29: Bull Testing | B29: 50 | C29: 50 | D29: 50 | E29: 50 | F29: 50 | G29: 50 | H29: 50 | I29: 50 | J29: 50 | K29: 50 | L29: 50 | M29: 50
A30: Ear Tags | B30: 6 | C30: 6 | D30: 6 | E30: 6 | F30: 6 | G30: 6 | H30: 6 | I30: 6 | J30: 6 | K30: 6 | L30: 6 | M30: 6
A31: Flucazole | B31: 0.93 | C31: 0.93 | D31: 0.93 | E31: 0.93 | F31: 0.93 | G31: 0.93 | H31: 0.93 | I31: 0.93 | J31: 0.93 | K31: 0.93 | L31: 0.93 | M31: 0.93
A32: -
A33: -
A34: -
A35: -
A36: -
A38: Labour
B39: Jan | C39: Feb | D39: Mar | E39: Apr | F39: May | G39: Jun | H39: Jul | I39: Aug | J39: Sep | K39: Oct | L39: Nov | M39: Dec
A40: Foreman | B40: 10 | C40: 10 | D40: 10 | E40: 10 | F40: 10 | G40: 10 | H40: 10 | I40: 10 | J40: 10 | K40: 10 | L40: 10 | M40: 20
A41: Admin | B41: 10 | C41: 10 | D41: 10 | E41: 10 | F41: 10 | G41: 10 | H41: 10 | I41: 10 | J41: 10 | K41: 10 | L41: 10 | M41: 20
A42: Security Guard | B42: 6 | C42: 6 | D42: 6 | E42: 6 | F42: 6 | G42: 6 | H42: 6 | I42: 6 | J42: 6 | K42: 6 | L42: 6 | M42: 12
A43: Driver | B43: 8 | C43: 8 | D43: 8 | E43: 8 | F43: 8 | G43: 8 | H43: 8 | I43: 8 | J43: 8 | K43: 8 | L43: 8 | M43: 16
A44: Domestic | B44: 5 | C44: 5 | D44: 5 | E44: 5 | F44: 5 | G44: 5 | H44: 5 | I44: 5 | J44: 5 | K44: 5 | L44: 5 | M44: 10
A45: Herdsman | B45: 5 | C45: 5 | D45: 5 | E45: 5 | F45: 5 | G45: 5 | H45: 5 | I45: 5 | J45: 5 | K45: 5 | L45: 5 | M45: 10
A46: Casual | B46: 5 | C46: 5 | D46: 5 | E46: 5 | F46: 5 | G46: 5 | H46: 5 | I46: 5 | J46: 5 | K46: 5 | L46: 5 | M46: 10
A47: -
A48: -
A49: -
A50: -
A51: -
A52: -
A53: -
A54: -
A55: -
A56: -
